 Dungeon Crawl Stone Soup version 0.31-a0-182-gc5ef74bbde (webtiles) character file.

Game seed: 10230030014758121071

825172 qw the Bringer of Light (level 27, -13/179 HPs)
             Began as a Gargoyle Fighter on June 20, 2023.
             Was the Champion of the Shining One.
             Mangled by a white very ugly thing (23 damage)
             ... while paralysed by a dread lich
             ... on level 6 of the Abyss.
             The game lasted 01:32:20 (84380 turns).

qw the Bringer of Light (Gargoyle Fighter)         Turns: 84380, Time: 01:32:21

Health: -13/179    AC: 55    Str: 43 (44) XL:     27
Magic:  23/32      EV:  2    Int:  9 (10) God:    the Shining One [******]
Gold:   5291       SH:  0    Dex:  8 (9)  Spells: 26/26 levels left

rFire   + + +        I - +8 broad axe (holy)
rCold   + . .        P - +2 tower shield
rNeg    + + +        B - +3 gold dragon scales "Hepraeh" {+Inv rPois rF+ rC+}
rPois   inf          (helmet restricted)
rElec   +            S - +0 cloak of Mumblety Peg {rPois rF+ Slay+2 SInv}
rCorr   .            e - +2 pair of gloves {Str+3}
SInv    +            u - +2 pair of boots
Will    ++...        r - amulet of faith Stlth
                     R - ring of Hyungoaw {EV+5 Str+10}
HPRegen 0.49/turn    o - +5 ring of evasion
MPRegen 0.23/turn

%: random rage (3%), faith
@: paralysed, about to teleport, flying, glowing, unable to read, unable to
drink
A: sickness immunity, AC +20, big wings, negative energy resistance 1,
electricity resistance, torment resistance 1, petrification resistance, antennae
1, berserk 1, deformed body, deterioration 1, dopey 1, fire resistance 1, frail
1, (teleportitis 2), subdued magic 1, inability to drink after injury 2,
inability to read after injury 1, low MP 1[+1]
}: 5/15 runes: decaying, serpentine, slimy, silver, golden
a: Renounce Religion, Evoke Invisibility, Divine Shield, Cleansing Flame, Summon
Divine Warrior


You were on level 6 of the Abyss.
You worshipped the Shining One.
The Shining One was exalted by your worship.
You visited 12 branches of the dungeon, and saw 55 of its levels.
You visited the Abyss 4 times.
You also visited: Sewer, Gauntlet and Desolation.

You collected 11590 gold pieces.
You spent 6299 gold pieces at shops.


Innate Abilities, Weirdness & Mutations

You are immune to sickness and miasma.
Your stone body is resilient. (AC +20)
You are immune to poison.
Your large and strong wings let you fly.
You resist negative energy. (rN+)
You are resistant to electric shocks. (rElec)
You are resistant to unholy torment.
You are immune to petrification.
You have a pair of small antennae on your head.
You sometimes lose your temper in combat.
Armour fits poorly on your strangely shaped body.
Your body sometimes deteriorates upon taking damage.
You are dopey. (Int -2)
Your flesh is heat resistant. (rF+)
You are frail. (-10% HP)
((You are often teleported next to monsters.))
Your spells are a little easier to cast, but a little less powerful.
You sometimes lose the ability to drink potions when taking damage.
You occasionally lose the ability to read scrolls when taking damage.
[Your magical capacity is very low. (-20% MP)]


   Skills:
 O Level 27 Fighting
 - Level 8.1 Short Blades
 + Level 22.5 Axes
 - Level 15.0 Throwing
 O Level 27 Armour
 - Level 13.0 Dodging
 - Level 25.0 Shields
 O Level 27 Invocations


You had 26 spell levels left.
You didn't know any spells.
Your spell library was empty.

Inventory:

Hand Weapons
 s - the +8 mithril axe "Arga" {speed, Will+}
   (You acquired it on level 10 of the Dungeon)

   Will:      It increases your willpower.
 I - a +8 broad axe of holy wrath (weapon)
Armour
 e - a +2 pair of gloves of strength (worn)
 u - a +2 pair of boots (worn)
 B - the +3 gold dragon scales "Hepraeh" (worn) {+Inv rPois rF+ rC+}
   (Okawaru gifted it to you on level 3 of the Snake Pit)

   rF:        It protects you from fire.
   rC:        It protects you from cold.
   rPois:     It protects you from poison.
   +Inv:      It lets you turn invisible.
 K - the +4 tower shield of Doomed Tender Moments {Harm Rampage}
   (Okawaru gifted it to you in the Desolation of Salt)

   Harm:      It increases damage dealt and taken.
   Rampage:   It bestows one free step when moving towards enemies.
 N - the +7 chain mail of Wyrhy {Str+4 Int+3}
   (You found it in the Desolation of Salt)

   Str:       It affects your strength (+4).
   Int:       It affects your intelligence (+3).
 O - the +0 pair of boots of Sin {Fly rElec rC+ Stlth-}
   (You found it on level 3 of the Depths)

   rC:        It protects you from cold.
   rElec:     It insulates you from electricity.
   Fly:       It grants you flight.
   Stlth:     It makes you less stealthy.
 P - a +2 tower shield (worn)
 S - the +0 cloak of Mumblety Peg (worn) {rPois rF+ Slay+2 SInv}
   (You bought it in a shop on level 4 of the Depths)

   Slay:      It affects your accuracy & damage with ranged weapons and melee
   (+2).
   rF:        It protects you from fire.
   rPois:     It protects you from poison.
   SInv:      It lets you see invisible.
Jewellery
 o - a +5 ring of evasion (right hand)
 r - an amulet of faith (around neck)
 t - a ring of protection from fire
 L - the ring "Les Awn" {rPois rC++ MP+9}
   (You found it in the Desolation of Salt)

   [ring of magical power]

   rC:        It greatly protects you from cold.
   rPois:     It protects you from poison.
   MP:        It affects your magic capacity (+9).
 Q - an amulet of reflection
 R - the ring of Hyungoaw (left hand) {EV+5 Str+10}
   (You bought it in a shop on level 3 of the Depths)

   [ring of evasion]

   EV:        It affects your evasion (+5).
   Str:       It affects your strength (+10).
Wands
 A - a wand of digging (32)
Scrolls
 a - 23 scrolls of identify
 b - a scroll of enchant armour
 h - 8 scrolls of teleportation
 n - 3 scrolls of brand weapon
Potions
 c - a potion of haste
 d - 14 potions of might
 i - a potion of cancellation
 k - 3 potions of resistance
 q - 6 potions of enlightenment
 z - 16 potions of curing

Dungeon Overview and Level Annotations

Branches:
Dungeon (15/15)            Temple (1/1) D:5            Lair (5/5) D:10
  Swamp (4/4) Lair:3        Snake (4/4) Lair:2        Slime (5/5) Lair:5
    Orc (2/2) D:11            Elf (0/3) Orc:2        Vaults (5/5) D:13
  Crypt (3/3) Vaults:2       Tomb (3/3) Crypt:3      Depths (4/4) D:15
    Zot (4/5) Depths:4      Sewer (visited)         Desolation (visited)
Gauntlet (visited)

Altars:
Ashenzari
Cheibriados
Dithmenos
Elyvilon
Fedhas
Gozag
Hepliaklqana
Kikubaaqudgha
Makhleb
Nemelex Xobeh
Okawaru
Qazlal
Ru
Sif Muna
Trog
Uskayaw
Vehumet
Wu Jian
Xom
Yredelemnul
Zin
The Shining One

Shops:
D:12 (   D:15 :   Orc:2 [([!   Snake:1 =[*(   Vaults:2 ([?([   Vaults:4 :
Vaults:5 :   Depths:3 :==   Depths:4 [

Portals:
Hell: Lair:5 Depths:1 Depths:2 Depths:3 Depths:4
Abyss: Depths:1 Depths:2 Depths:3 Depths:4
Pandemonium: Depths:1 Depths:2
Ziggurat: Depths:4

Annotations:
D:3 exclusion: 5 endoplasms
D:13 1 runed translucent door, Deukiw's ghost, journeyman SpEn
Orc:1 4 transporters
Crypt:3 exclusions: 2 dread liches and 2 liches
Depths:3 1 runed translucent door
Zot:1 1 runed translucent door, qw's ghost, veteran GrFi


Message History

You slice the wretched star!! You slash the raiju!
Your angel hits the wretched star with a +2 whip of holy wrath!
Your angel hits the wretched star but does no damage.
You block the raiju's attack.
The dread lich points at you and mumbles some strange words.
You suddenly lose the ability to move!
The smoke demon gestures at you. The ball of steam hits you. You resist.
The white very ugly thing trunk-slaps you but does no damage.
A large abomination comes into view.
You feel the corruption within you wane somewhat.
You feel a little healthier.
You feel more energetic.
Your angel hits the wretched star with a +2 whip of holy wrath. x2
The dread lich casts a spell.
The dread lich flickers and vanishes for a moment.
The white very ugly thing trunk-slaps you!
The white very ugly thing freezes you!! You resist.
You feel threatened and lose the ability to read scrolls!
Your body deteriorates!
You feel weakened.
Your angel hits the wretched star but does no damage.
Your angel hits the wretched star with a +2 whip of holy wrath.
The large abomination hits you but does no damage.
The wretched star glows turbulently.
The lance of force hits your angel!!
Your angel is knocked back by the lance of force.
Your angel slams into the stone wall!
Your angel is moderately wounded.
A spatial vortex comes into view.
You hear a bark!
The white very ugly thing trunk-slaps you but does no damage.
The wretched star glows turbulently.
The lance of force misses your angel.
The large abomination hits you but does no damage.
The starcursed mass is engulfed in a cloud of scalding steam.
The starcursed mass shrieks in your mind.
The large abomination hits you but does no damage.
The white very ugly thing is engulfed in a cloud of scalding steam.
The white very ugly thing trunk-slaps you.
The white very ugly thing freezes you!! You resist.
You die...

##~## #.#.~. #.
.... ~.~ ~.
#.###1## ~~#~.~~
#......#..###v
#....L#....~~.
.#....¤.¤.A.....
..#...¤¤X.......
......u@*..#....
.....3X#X¤...#..
..#...¤\h..#...
.#.#. ...... ..
#X#.##. .......¤
.¤#. ....#......
. ...........
...#...#..... #.
. . .. . ..


You could see a starcursed mass, a Hell Sentinel (summoned), a dread lich
(invisible), a white very ugly thing, a wretched star (distracted, ally target),
a spatial vortex, 2 large abominations, a smoke demon, a raiju and a friendly
angel (summoned).

Vanquished Creatures
  the Royal Jelly (Slime:5)
  A dread lich (Abyss:1)
  2 ancient liches
  Mennas (Vaults:3)
  Mara (Swamp:4)
  2 juggernauts (Depths:3)
  25 royal mummies
  Sojobo (Depths:4)
  2 Killer Klowns (Zot:3)
  Vv (Crypt:1)
  Saint Roka (Vaults:3)
  the Lernaean hydra (Swamp:4)
  Vashnia (Snake:2)
  A curse toe (Zot:3)
  10 golden dragons
  4 profane servitors
  19 bone dragons
  4 hellephants
  Jorgrun (Snake:3)
  An electric golem (Zot:1)
  Zenata (Crypt:1)
  A walking crystal tome (Abyss:5)
  13 tentacled monstrosities
  A shard shrike skeleton (Abyss:3)
  2 walking earthen tomes (Abyss:5)
  14 liches
  2 Hell Sentinels
  5 deep elf blademasters
  8 quicksilver dragons
  5 deep elf master archers
  18 titans
  2 walking divine tomes
  21 acid blobs
  An eldritch tentacle (Zot:1)
  57 tentacled starspawn
  6 Executioners
  Gastronok (D:11)
  14 ancient champions
  10 death cobs
  11 sphinxes
  8 shadow dragons
  6 draconian monks
  Kirke (Snake:2)
  17 storm dragons
  9 rockslimes
  6 tengu reavers
  4 revenants
  A daeva (Abyss:6)
  9 azure jellies
  4 draconian knights
  7 nagarajas
  An iron dragon (shapeshifter) (Vaults:5)
  6 deep elf sorcerers
  18 fire giants
  18 vault wardens
  3 imperial myrmidons (Desolation)
  5 ghost moths
  16 frost giants
  7 draconian shifters
  Louise (Depths:4)
  6 iron dragons
  6 draconian stormcallers
  7 draconian scorchers
  2 balrugs
  3 curse skulls
  2 orc warlords (Vaults:4)
  6 ghouls
  A caustic shrike zombie (Crypt:1)
  19 ironbound preservers
  A juggernaut zombie (Abyss:5)
  13 quicksilver oozes
  2 cacodemons (Abyss:5)
  3 deep elf elementalists
  A juggernaut skeleton (Tomb:2)
  5 draconian annihilators
  5 formless jellyfish
  3 ironbound thunderhulks
  29 very ugly things
  2 reapers
  5 war gargoyles
  3 starflowers (Abyss:5)
  A quicksilver ooze (shapeshifter) (D:15)
  28 stone giants
  5 black draconians
  Nessos (D:14)
  7 vampire knights
  3 deep elf demonologists
  12 green draconians
  23 dire elephants
  A minotaur (Gauntlet)
  7 eleionomae
  2 halazid warlocks (Desolation)
  8 spark wasps
  9 bennus
  5 lorocyprocas
  8 red draconians
  9 yellow draconians
  6 bunyips
  12 white draconians
  10 purple draconians
  6 crystal guardians
  14 ettins
  8 eidola
  25 mummy priests
  6 deep elf death magi
  12 ragged hierophants (Desolation)
  6 blizzard demons
  4 fire dragons
  A quicksilver dragon zombie (Tomb:2)
  12 yaktaur captains
  4 deep elf high priests
  2 entropy weavers (Vaults:3)
  2 green deaths
  3 jiangshi
  An entropy weaver (shapeshifter) (D:14)
  A shambling mangrove (Abyss:5)
  A spriggan zombie (Crypt:1)
  11 great orbs of eyes
  Fannar (D:10)
  34 vault guards
  2 salamander tyrants
  A caustic shrike simulacrum (Abyss:5)
  19 hydras
  3 catoblepae
  5 spriggan air magi
  8 peacekeepers
  9 rakshasas
  7 anacondas
  An ogre mage (Depths:2)
  3 ice dragons
  2 servants of whispers (Desolation)
  8 ironbound frosthearts
  11 centaur warriors
  A death knight (Crypt:3)
  2 satyrs
  5 spriggan skeletons
  A dancing weapon (Abyss:2)
  Erica (D:8)
  8 deep troll shamans
  6 boulder beetles
  10 alligators
  95 death scarabs
  6 two-headed ogres
  A fenstrider witch skeleton (Crypt:3)
  14 hell hogs
  5 tengu warriors
  8 vampire magi
  16 naga warriors
  17 death yaks
  21 naga sharpshooters
  4 demonic crawlers
  13 spriggan berserkers
  Sonja (Lair:1)
  4 orc high priests (Orc:2)
  67 thrashing horrors
  10 deep troll earth magi
  5 sun demons
  A titan skeleton (Abyss:1)
  19 spriggans
  2 hell knights
  3 shock serpents (Snake:4)
  11 deep elf knights (Tomb:1)
  30 skeletal warriors
  18 sixfirhies
  A skyshark (Lair:4)
  44 wretched stars
  A spark wasp zombie (Depths:1)
  123 large abominations
  6 spatial maelstroms
  5 goliath frogs
  A shadow wraith (Crypt:1)
  A soul eater (Crypt:3)
  2 death drakes
  2 anaconda zombies
  3 flayed ghosts
  11 glowing orange brains
  7 iron trolls
  3 salamander mystics
  A spriggan druid (Swamp:2)
  2 orb spiders
  A deep troll (shapeshifter) (Abyss:5)
  62 deep trolls
  2 sea snakes (Snake:3)
  5 shadow demons (Abyss:5)
  A death drake (shapeshifter) (Vaults:5)
  10 swamp dragons
  3 spriggan simulacra
  A lindwurm (shapeshifter) (Vaults:5)
  12 phantasmal warriors
  10 naga ritualists
  18 ironbound convokers
  13 bog bodies
  2 shadow dragon zombies
  A harpy (Vaults:2)
  18 orc knights
  5 deep elf zephyrmancers (Tomb:1)
  3 deep elf archers
  A deep elf pyromancer (Tomb:1)
  10 necromancers
  2 anaconda skeletons
  5 wizards
  13 lindwurms
  7 cyclopes
  A mana viper (shapeshifter) (Abyss:1)
  4 orc sorcerers
  A salamander (shapeshifter) (D:15)
  14 mana vipers
  9 will-o-the-wisps
  4 oklob plants (Abyss:5)
  13 salamanders
  5 manticores
  7 shining eyes
  43 ugly things
  A moth of wrath (shapeshifter) (Depths:3)
  A wolf spider (Vaults:5)
  25 moths of wrath
  22 worldbinders
  A stone giant skeleton (Depths:1)
  An elephant (shapeshifter) (D:14)
  2 eyes of devastation
  A rust devil (Depths:1)
  42 smoke demons
  12 elephants
  55 black mambas
  An iron dragon skeleton (Depths:1)
  2 water nymphs (Abyss:5)
  A torpor snail (shapeshifter) (Abyss:2)
  11 apocalypse crabs
  9 orange demons
  17 naga magi
  20 vault sentinels
  7 guardian serpents
  2 unseen horrors (D:11)
  5 hellions
  A cane toad (shapeshifter) (D:15)
  2 gargoyles
  Psyche (D:11)
  3 torpor snails
  Maggie (D:10)
  2 dire elephant skeletons
  A yaktaur zombie (Vaults:1)
  8 kobold demonologists
  20 cane toads
  3 tormentors
  12 rime drakes
  11 komodo dragons
  27 yaktaurs
  5 efreet
  2 tengu conjurers
  6 ice devils
  An alligator snapping turtle skeleton (Abyss:1)
  27 ancient zymes
  14 freezing wraiths
  32 guardian mummies
  A queen bee (shapeshifter) (Depths:4)
  A golden dragon simulacrum (Tomb:2)
  An iron giant simulacrum (Abyss:4)
  2 red devils (Lair:5)
  6 trolls
  A catoblepas skeleton (Crypt:3)
  21 hellwings
  18 tyrant leeches
  4 harpy zombies
  2 human zombies (Vaults:1)
  2 hydra zombies (Swamp:1)
  A silent spectre (Abyss:5)
  A green draconian skeleton (Crypt:3)
  6 polar bears
  2 bloated husks
  A wind drake (shapeshifter) (Abyss:5)
  Grinder (D:3)
  95 raiju
  20 hornets
  3 harpy skeletons
  34 blink frogs
  2 ettin zombies
  3 dream sheep
  46 saltlings
  A guardian serpent zombie (Crypt:3)
  An iron dragon simulacrum (Tomb:2)
  A boulder beetle zombie (Crypt:2)
  An ice dragon zombie (Abyss:1)
  85 slime creatures
  65 small abominations
  20 flying skulls
  7 water elementals
  17 ynoxinuls
  2 vampires
  8 wraiths
  3 hogs (Snake:2)
  5 fire bats
  103 yaks
  A spriggan (shapeshifter) (D:14)
  6 wyverns
  3 fire elementals
  22 humans
  3 shadows
  3 ushabtiu
  18 chaos spawn
  2 redbacks (shapeshifter)
  17 golden eyes
  4 vampire mosquitoes (Swamp:1)
  6 redbacks
  8 basilisks
  4 steam dragons
  A naga zombie (Abyss:1)
  34 neqoxecs
  2 harpy simulacra
  16 swamp worms
  47 nagas
  A skyshark zombie (Crypt:1)
  An acid dragon (shapeshifter) (Abyss:1)
  A swamp worm (shapeshifter) (Depths:3)
  8 wargs
  13 spatial vortices
  An acid dragon (D:11)
  A floating eye (Depths:1)
  15 hell hounds
  27 orc warriors
  A deep troll skeleton (Crypt:1)
  27 water moccasins
  A demonspawn skeleton (Abyss:1)
  A cane toad skeleton (Crypt:1)
  2 glowing shapeshifter skeletons (Vaults:1)
  5 sky beasts
  5 black bears
  10 swamp drakes
  19 wolves
  13 ogres
  9 boggarts
  7 centaurs
  4 kobold brigands
  19 bullfrogs
  A rime drake skeleton (Crypt:1)
  2 necrophages
  A two-headed ogre simulacrum (Abyss:1)
  A scorpion (D:5)
  A demonspawn simulacrum (Crypt:1)
  2 earth elementals (Abyss:5)
  A gnoll sergeant (D:5)
  A warg zombie (Crypt:2)
  21 wights
  15 killer bees
  A troll zombie (Crypt:1)
  A yak skeleton (Crypt:2)
  10 electric eels
  7 howler monkeys
  2 vampire bats (D:11)
  A crimson imp (Abyss:4)
  2 centaur zombies
  9 quasits
  A wolf skeleton (Crypt:1)
  3 iron imps
  A hound (D:6)
  20 orc priests
  3 gnoll boudas
  11 jellies
  174 starcursed masses
  A basilisk skeleton (Crypt:2)
  2 sleepcaps
  Ijyb (D:4)
  5 iguanas
  17 orc wizards
  A hell rat (Lair:3)
  An acid dragon zombie (Crypt:2)
  An ogre zombie (Crypt:2)
  A hound zombie (Crypt:2)
  A boggart simulacrum (D:15)
  45 mummies
  21 gnolls
  8 adders
  A howler monkey skeleton (Crypt:1)
  7 white imps
  10 ufetubi
  8 worms
  5 dart slugs
  68 orcs
  13 bats
  13 endoplasms
  4 giant cockroaches
  6 goblins
  5 hobgoblins
  11 jackals
  7 quokkas
  11 ball pythons
  4 frilled lizards
  A jackal zombie (Crypt:2)
  19 kobolds
  A kobold zombie (Crypt:1)
  An orc zombie (Crypt:3)
  6 rats
  5 lurking horrors
  63 starspawn tentacles
3922 creatures vanquished.

Vanquished Creatures (collateral kills)
  A dread lich (Crypt:3)
  8 royal mummies
  2 bone dragons (Abyss:5)
  A profane servitor (Abyss:5)
  A hellephant (Abyss:5)
  A lich (Abyss:1)
  A deep elf master archer (Tomb:2)
  4 ancient champions
  10 tentacled starspawn
  A fire giant (Tomb:1)
  A frost giant (Tomb:2)
  A curse skull (Crypt:3)
  A cacodemon (Abyss:5)
  A draconian shifter (Abyss:5)
  A balrug (Abyss:5)
  A stone giant (Tomb:2)
  A ghoul (Crypt:3)
  3 very ugly things (Abyss:5)
  A black draconian (Tomb:1)
  A lorocyproca (Abyss:5)
  A yellow draconian (Tomb:1)
  A bennu (Tomb:3)
  A red draconian (Tomb:1)
  3 eidola
  3 blizzard demons (Abyss:5)
  A crystal guardian (Abyss:5)
  A great orb of eyes (Abyss:5)
  2 mummy priests
  A rakshasa (Abyss:5)
  A quicksilver dragon skeleton (Abyss:1)
  2 death scarabs (Tomb:2)
  A hell hog (Abyss:5)
  8 thrashing horrors
  8 skeletal warriors
  A deep elf knight (Tomb:1)
  4 sixfirhies (Abyss:5)
  4 sun demons (Abyss:5)
  10 wretched stars
  A shadow wraith (Abyss:5)
  A spatial maelstrom (Abyss:4)
  A glowing orange brain (Abyss:4)
  3 flayed ghosts
  4 deep elf archers (Tomb:1)
  A phantasmal warrior (Abyss:5)
  2 wizards (Abyss:5)
  4 ugly things (Abyss:5)
  A salamander (Abyss:5)
  An oklob plant (Abyss:5)
  An elephant (Abyss:5)
  3 worldbinders (Abyss:5)
  A rust devil (Abyss:4)
  3 apocalypse crabs (Abyss:5)
  A centaur zombie (Tomb:2)
  3 smoke demons
  A death yak zombie (Crypt:3)
  2 efreet (Abyss:5)
  7 ancient zymes (Abyss:5)
  A harpy zombie (Tomb:3)
  9 guardian mummies
  A meliai (shapeshifter) (Abyss:4)
  A harpy skeleton (Crypt:3)
  A hellwing (Abyss:5)
  16 raiju
  8 blink frogs (Abyss:5)
  2 ynoxinuls (Abyss:5)
  6 flying skulls
  An ettin skeleton (Crypt:3)
  An ushabti (Tomb:1)
  2 golden eyes (Abyss:5)
  4 neqoxecs (Abyss:5)
  18 large abominations
  4 chaos spawn
  A spatial vortex (Abyss:5)
  4 hell hounds
  2 kobold brigands (Abyss:1)
  An earth elemental (Abyss:5)
  10 small abominations
  A quasit (Abyss:2)
  7 starcursed masses
  9 mummies
  A lurking horror (Abyss:5)
  10 starspawn tentacles
257 creatures vanquished.

Vanquished Creatures (others)
  A dread lich (Vaults:5)
  A draconian knight (Zot:1)
  A black draconian (Depths:4)
  A red draconian (Zot:1)
  A naga sharpshooter (Snake:4)
  A thrashing horror (Abyss:5)
  A salamander mystic (Snake:4)
  A wretched star (Abyss:5)
  A naga ritualist (Snake:4)
  A salamander (Snake:4)
  A moth of wrath (Zot:4)
  A naga mage (Snake:4)
  2 raiju (Abyss:5)
  2 saltlings (Desolation)
  A ynoxinul (Abyss:1)
  2 golden eyes (Abyss:5)
  3 large abominations (Abyss:5)
  2 nagas (Snake:4)
  2 small abominations (Abyss:5)
  A boggart (D:15)
  2 starcursed masses (Abyss:5)
  A wolf (shapeshifter) (Abyss:5)
  A jelly (Abyss:5)
  39 foxfires
  9 lurking horrors
  103 starspawn tentacles
182 creatures vanquished.

Grand Total: 4361 creatures vanquished

Notes
Turn   | Place    | Note
-------+----------+-------------------------------------------
     0 | D:1      | qw the Gargoyle Fighter began the quest for the Orb.
     0 | D:1      | Reached XP level 1. HP: 14/14 MP: 1/1
     0 | D:1      | 0 ||| qw: Version: 0.3-a-9-g12657ce
     0 | D:1      | 0 ||| qw: Game counter: 1344
     0 | D:1      | 0 ||| qw: Always use a shield: true
     0 | D:1      | 0 ||| qw: God list: Okawaru
     0 | D:1      | 0 ||| qw: Allow faded altars: false
     0 | D:1      | 0 ||| qw: Do Orc after D:15 true
     0 | D:1      | 0 ||| qw: Do second Lair branch before Depths: true
     0 | D:1      | 0 ||| qw: Lair rune preference: random
     0 | D:1      | 0 ||| qw: Plans: Normal, Zot:1-4, Slime:5, God:TSO, Crypt,
                  | Tomb, Abyss, Pan, Hells, Win
     0 | D:1      | 0 ||| PLANNING D:1-11
    43 | D:1      | Reached XP level 2. HP: 16/19 MP: 2/2
   230 | D:1      | Reached skill level 3 in Axes
   232 | D:1      | Reached XP level 3. HP: 19/23 MP: 3/3
   246 | D:1      | 246 ||| Stepping ~*~*~tactically~*~*~ (stealth).
   255 | D:1      | 255 ||| FLEEEEING.
   256 | D:1      | 256 ||| FLEEEEING.
   266 | D:1      | 266 ||| Stepping ~*~*~tactically~*~*~ (stealth).
   400 | D:1      | 400 ||| UPGRADING to +1 pair of gloves.
   405 | D:1      | 405 ||| UPGRADING to ring of positive energy.
   607 | D:2      | 607 ||| Stepping ~*~*~tactically~*~*~ (stealth).
   611 | D:2      | 611 ||| Stepping ~*~*~tactically~*~*~ (stealth).
   754 | D:2      | 754 ||| Stepping ~*~*~tactically~*~*~ (stealth).
   755 | D:2      | 755 ||| Stepping ~*~*~tactically~*~*~ (stealth).
   834 | D:2      | 834 ||| Stepping ~*~*~tactically~*~*~ (stealth).
   835 | D:2      | 835 ||| Stepping ~*~*~tactically~*~*~ (stealth).
   842 | D:2      | Reached XP level 4. HP: 28/28 MP: 4/4
  1105 | D:2      | 1105 ||| DROPPING +1 pair of gloves.
  1106 | D:2      | 1106 ||| UPGRADING to amulet of regeneration.
  1111 | D:2      | 1111 ||| UPGRADING to +6 ring of strength.
  1112 | D:2      | 1112 ||| READING 2 scrolls labelled HULIMI DABAYWAPESM.
  1113 | D:2      | 1113 ||| READING scroll labelled UTIFUMAWKA.
  1114 | D:2      | 1114 ||| READING scroll labelled VOX ISTRURAHUI.
  1119 | D:2      | 1119 ||| READING scroll labelled TOOFUPT QIYNI.
  1220 | D:2      | 1220 ||| DRINKING 2 fuming green potions.
  1221 | D:2      | 1221 ||| DRINKING 3 fuming inky potions.
  1222 | D:2      | 1222 ||| DROPPING 2 potions of brilliance.
  1326 | D:3      | Noticed Grinder
  1327 | D:3      | 1327 ||| Stepping ~*~*~tactically~*~*~ (hiding).
  1329 | D:3      | 1329 ||| Stepping ~*~*~tactically~*~*~ (hiding).
  1340 | D:3      | Killed Grinder
  1341 | D:3      | Reached XP level 5. HP: 16/32 MP: 5/5
  1341 | D:3      | Reached XP level 6. HP: 19/37 MP: 6/6
  1359 | D:3      | Found an opulent altar of Gozag.
  1386 | D:3      | 1386 ||| DROPPING +0 club.
  1454 | D:3      | 1454 ||| Stepping ~*~*~tactically~*~*~ (hiding).
  1456 | D:3      | 1456 ||| Stepping ~*~*~tactically~*~*~ (hiding).
  1457 | D:3      | 1457 ||| Stepping ~*~*~tactically~*~*~ (hiding).
  1480 | D:3      | Found a broken altar of Ashenzari.
  1750 | D:3      | 1750 ||| Stepping ~*~*~tactically~*~*~ (stealth).
  1837 | D:3      | Found a faded altar of an unknown god.
  1875 | D:3      | Reached skill level 1 in Dodging
  1920 | D:3      | 1920 ||| READING scroll labelled VIKKOROUXKY.
  1921 | D:3      | 1921 ||| DRINKING 2 murky puce potions.
  2012 | D:4      | Noticed Ijyb
  2021 | D:4      | 2021 ||| DRINKING potion of curing.
  2021 | D:4      | 2021 ||| (to cure confusion)
  2029 | D:4      | Killed Ijyb
  2216 | D:4      | 2216 ||| Stepping ~*~*~tactically~*~*~ (hiding).
  2217 | D:4      | 2217 ||| Stepping ~*~*~tactically~*~*~ (hiding).
  2219 | D:4      | 2219 ||| Stepping ~*~*~tactically~*~*~ (hiding).
  2240 | D:4      | 2240 ||| Stepping ~*~*~tactically~*~*~ (stealth).
  2261 | D:4      | 2261 ||| Stepping ~*~*~tactically~*~*~ (hiding).
  2263 | D:4      | 2263 ||| Stepping ~*~*~tactically~*~*~ (hiding).
  2276 | D:4      | Identified the +9 dagger of Huoluoli {heavy, *Rage rPois
                  | rF+ Dex+3}
  2615 | D:4      | 2615 ||| DROPPING +0 whip.
  2666 | D:4      | 2666 ||| READING scroll labelled ZAC PAUGGIC.
  2666 | D:4      | Identified a scroll of acquirement
  2666 | D:4      | 2666 ||| ACQUIRING ring "Viykes" {Ice Drain rN+++ rCorr
                  | Str-3}
  2666 | D:4      | Acquired the ring "Viykes" {Ice Drain rN+++ rCorr Str-3}
  2668 | D:4      | 2668 ||| READING 5 scrolls of identify.
  2668 | D:4      | 2668 ||| IDENTIFYING sapphire potion
  2669 | D:4      | 2669 ||| READING 4 scrolls of identify.
  2669 | D:4      | 2669 ||| IDENTIFYING amethyst potion
  2670 | D:4      | 2670 ||| DROPPING potion of ambrosia.
  2691 | D:5      | Entered Level 5 of the Dungeon
  2739 | D:5      | Found a hide-covered altar of Uskayaw.
  2749 | D:5      | 2749 ||| Stepping ~*~*~tactically~*~*~ (stealth).
  2753 | D:5      | 2753 ||| Stepping ~*~*~tactically~*~*~ (stealth).
  2765 | D:5      | Noticed a black bear
  2781 | D:5      | Killed a black bear
  2782 | D:5      | Reached skill level 6 in Axes
  2782 | D:5      | Reached XP level 7. HP: 33/43 MP: 7/7
  2810 | D:5      | Found a staircase to the Ecumenical Temple.
  2811 | D:5      | 2811 ||| PLANNING TEMPLE
  2811 | D:5      | 2811 ||| UPGRADING to +0 plate armour.
  2821 | D:5      | 2821 ||| DROPPING +0 scale mail.
  2823 | D:5      | 2823 ||| Stepping ~*~*~tactically~*~*~ (hiding).
  2824 | D:5      | 2824 ||| Stepping ~*~*~tactically~*~*~ (stealth).
  2825 | D:5      | 2825 ||| Stepping ~*~*~tactically~*~*~ (hiding).
  2837 | D:5      | 2837 ||| Stepping ~*~*~tactically~*~*~ (stealth).
  2868 | Temple   | Entered the Ecumenical Temple
  3032 | Temple   | 3032 ||| PLANNING OKAWARU WORSHIP
  3121 | Temple   | Became a worshipper of Warmaster Okawaru
  3122 | Temple   | 3122 ||| PLANNING D:1-11
  3155 | D:5      | 3155 ||| Stepping ~*~*~tactically~*~*~ (hiding).
  3158 | D:5      | 3158 ||| Stepping ~*~*~tactically~*~*~ (hiding).
  3165 | D:5      | 3165 ||| Stepping ~*~*~tactically~*~*~ (hiding).
  3167 | D:5      | 3167 ||| Stepping ~*~*~tactically~*~*~ (hiding).
  3176 | D:5      | 3176 ||| Stepping ~*~*~tactically~*~*~ (hiding).
  3309 | D:5      | 3309 ||| Stepping ~*~*~tactically~*~*~ (hiding).
  3601 | D:5      | Found a basalt altar of Yredelemnul.
  3923 | D:5      | Found an ancient bone altar of Kikubaaqudgha.
  3934 | D:5      | Reached XP level 8. HP: 48/49 MP: 8/8
  3936 | D:5      | Found a sacrificial altar of Ru.
  3938 | D:5      | Found a white marble altar of Elyvilon.
  4230 | D:5      | 4230 ||| READING scroll labelled KOGIYP TUDEIMP.
  4231 | D:5      | 4231 ||| READING scroll labelled TANTIO POKH.
  4232 | D:5      | 4232 ||| READING 4 scrolls of identify.
  4232 | D:5      | 4232 ||| IDENTIFYING inky potion
  4233 | D:5      | 4233 ||| READING 3 scrolls of identify.
  4233 | D:5      | 4233 ||| IDENTIFYING fizzy green potion
  4268 | D:6      | 4268 ||| PLANNING SEWER
  4348 | D:6      | Reached * piety under Okawaru
  4372 | D:6      | Reached skill level 1 in Invocations
  4377 | D:6      | 4377 ||| INVOKING Heroism.
  4493 | D:6      | 4493 ||| INVOKING Heroism.
  4496 | D:6      | Reached skill level 6 in Fighting
  4595 | D:6      | 4595 ||| INVOKING Heroism.
  4735 | D:6      | Found a glowing drain.
  4744 | D:6      | 4744 ||| READING 2 scrolls labelled ACADONL USOLO.
  4753 | D:6      | 4753 ||| READING scroll labelled FAXAL VIKUH.
  4754 | D:6      | 4754 ||| READING 4 scrolls of identify.
  4754 | D:6      | 4754 ||| IDENTIFYING dark potion
  4755 | D:6      | 4755 ||| DROPPING scroll of noise.
  4760 | Sewer    | Entered a sewer
  4765 | Sewer    | 4765 ||| Stepping ~*~*~tactically~*~*~ (stealth).
  4889 | D:6      | 4889 ||| PLANNING D:1-11
  4940 | D:6      | 4940 ||| INVOKING Heroism.
  4943 | D:6      | Reached XP level 9. HP: 55/55 MP: 7/10
  5104 | D:7      | 5104 ||| INVOKING Heroism.
  5114 | D:7      | Reached skill level 3 in Invocations
  5148 | D:7      | 5148 ||| INVOKING Heroism.
  5151 | D:7      | 5151 ||| Stepping ~*~*~tactically~*~*~ (stealth).
  5179 | D:7      | 5179 ||| INVOKING Heroism.
  5183 | D:7      | Reached skill level 9 in Axes
  5236 | D:7      | 5236 ||| Stepping ~*~*~tactically~*~*~ (stealth).
  5304 | D:7      | 5304 ||| Stepping ~*~*~tactically~*~*~ (hiding).
  5312 | D:7      | 5312 ||| Stepping ~*~*~tactically~*~*~ (stealth).
  5330 | D:7      | 5330 ||| FLEEEEING.
  5363 | D:7      | 5363 ||| DROPPING +0 flail.
  5386 | D:7      | 5386 ||| Stepping ~*~*~tactically~*~*~ (hiding).
  5388 | D:7      | 5388 ||| Stepping ~*~*~tactically~*~*~ (hiding).
  5392 | D:7      | 5392 ||| INVOKING Heroism.
  5440 | D:7      | 5440 ||| Stepping ~*~*~tactically~*~*~ (hiding).
  5906 | D:7      | 5906 ||| UPGRADING to +2 buckler.
  5916 | D:7      | 5916 ||| DROPPING +0 buckler.
  5917 | D:7      | 5917 ||| UPGRADING to amulet of faith.
  5927 | D:7      | 5927 ||| READING 5 scrolls of identify.
  5927 | D:7      | 5927 ||| IDENTIFYING smoky puce potion
  5928 | D:7      | 5928 ||| DROPPING potion of invisibility.
  5977 | D:8      | Reached skill level 6 in Armour
  5977 | D:8      | Reached XP level 10. HP: 63/63 MP: 13/13
  6004 | D:8      | 6004 ||| Stepping ~*~*~tactically~*~*~ (stealth).
  6005 | D:8      | 6005 ||| Stepping ~*~*~tactically~*~*~ (stealth).
  6007 | D:8      | Noticed a gargoyle
  6008 | D:8      | 6008 ||| Stepping ~*~*~tactically~*~*~ (stealth).
  6015 | D:8      | 6015 ||| INVOKING Heroism.
  6026 | D:8      | Killed a gargoyle
  6026 | D:8      | Reached ** piety under Okawaru
  6039 | D:8      | 6039 ||| Stepping ~*~*~tactically~*~*~ (stealth).
  6040 | D:8      | 6040 ||| FLEEEEING.
  6041 | D:8      | 6041 ||| FLEEEEING.
  6042 | D:8      | 6042 ||| FLEEEEING.
  6043 | D:8      | 6043 ||| FLEEEEING.
  6044 | D:8      | 6044 ||| FLEEEEING.
  6045 | D:8      | 6045 ||| FLEEEEING.
  6046 | D:8      | 6046 ||| FLEEEEING.
  6047 | D:8      | 6047 ||| FLEEEEING.
  6048 | D:8      | 6048 ||| FLEEEEING.
  6052 | D:8      | 6052 ||| FLEEEEING.
  6156 | D:8      | Noticed a centaur warrior
  6157 | D:8      | 6157 ||| Stepping ~*~*~tactically~*~*~ (hiding).
  6167 | D:8      | Killed a centaur warrior
  6168 | D:8      | Reached skill level 6 in Shields
  6168 | D:8      | Noticed a tengu warrior
  6169 | D:8      | 6169 ||| INVOKING Heroism.
  6173 | D:8      | Noticed a centaur warrior
  6187 | D:8      | HP: 11/64 [tengu warrior/+0 battleaxe (10)]
  6188 | D:8      | 6188 ||| DRINKING 3 potions of heal wounds.
  6194 | D:8      | HP: 14/64 [tengu warrior/+0 battleaxe (9)]
  6195 | D:8      | 6195 ||| DRINKING 2 potions of heal wounds.
  6198 | D:8      | 6198 ||| INVOKING Heroism.
  6200 | D:8      | HP: 15/64 [tengu warrior/+0 battleaxe (4)]
  6201 | D:8      | 6201 ||| DRINKING potion of heal wounds.
  6202 | D:8      | Killed a tengu warrior
  6202 | D:8      | Reached *** piety under Okawaru
  6210 | D:8      | HP: 14/64 [centaur warrior (11)]
  6211 | D:8      | Killed a centaur warrior
  6417 | D:8      | 6417 ||| INVOKING Heroism.
  6424 | D:8      | Reached XP level 11. HP: 39/69 MP: 11/14
  6428 | D:8      | Reached **** piety under Okawaru
  6496 | D:8      | 6496 ||| FLEEEEING.
  6526 | D:8      | 6526 ||| Stepping ~*~*~tactically~*~*~ (stealth).
  6572 | D:8      | 6572 ||| INVOKING Heroism.
  6580 | D:8      | Reached skill level 9 in Fighting
  6720 | D:8      | Noticed Erica
  6721 | D:8      | 6721 ||| INVOKING Heroism.
  6732 | D:8      | 6732 ||| INVOKING Heroism.
  6739 | D:8      | Killed Erica
  6872 | D:8      | 6872 ||| Stepping ~*~*~tactically~*~*~ (stealth).
  6873 | D:8      | 6873 ||| Stepping ~*~*~tactically~*~*~ (stealth).
  6874 | D:8      | 6874 ||| INVOKING Heroism.
  7053 | D:8      | 7053 ||| UPGRADING to +5 ring of evasion.
  7055 | D:8      | 7055 ||| DROPPING ring of positive energy.
  7056 | D:8      | 7056 ||| READING scroll labelled GOOPOV SEZIGOG.
  7057 | D:8      | 7057 ||| READING 5 scrolls of identify.
  7057 | D:8      | 7057 ||| IDENTIFYING black potion
  7445 | D:9      | 7445 ||| Stepping ~*~*~tactically~*~*~ (stealth).
  7446 | D:9      | 7446 ||| INVOKING Heroism.
  7628 | D:9      | 7628 ||| Stepping ~*~*~tactically~*~*~ (stealth).
  7629 | D:9      | 7629 ||| Stepping ~*~*~tactically~*~*~ (stealth).
  7630 | D:9      | 7630 ||| Stepping ~*~*~tactically~*~*~ (stealth).
  7642 | D:9      | Reached ***** piety under Okawaru
  7816 | D:9      | 7816 ||| READING scroll of enchant weapon.
  7816 | D:9      | 7816 ||| ENCHANTING +1 war axe.
  8108 | D:9      | 8108 ||| READING scroll labelled VOHUBL WUPSYLI.
  8130 | D:10     | Entered Level 10 of the Dungeon
  8136 | D:10     | Reached skill level 1 in Throwing
  8136 | D:10     | Reached skill level 6 in Invocations
  8138 | D:10     | 8138 ||| STAIRDANCE
  8236 | D:10     | 8236 ||| INVOKING Heroism.
  8357 | D:10     | 8357 ||| Stepping ~*~*~tactically~*~*~ (stealth).
  8390 | D:10     | 8390 ||| INVOKING Heroism.
  8392 | D:10     | Reached skill level 3 in Throwing
  8395 | D:10     | Identified the +8 ring mail of Baldness {Harm Dex+2}
                  | (Okawaru gifted it to you on level 10 of the Dungeon)
  8395 | D:10     | Received a gift from Okawaru
  8569 | D:10     | Noticed Maggie
  8579 | D:10     | Killed Maggie
  8686 | D:10     | Found a staircase to the Lair.
  8751 | D:10     | 8751 ||| READING scroll of acquirement.
  8751 | D:10     | 8751 ||| ACQUIRING +8 mithril axe "Arga" {speed, Will+}
  8751 | D:10     | Acquired the +8 mithril axe "Arga" {speed, Will+}
  8751 | D:10     | Found the +8 mithril axe "Arga" {speed, Will+}
  8753 | D:10     | 8753 ||| SWAPPING to +8 mithril axe "Arga" {speed, Will+}.
  8904 | D:10     | Noticed Fannar
  8905 | D:10     | 8905 ||| Stepping ~*~*~tactically~*~*~ (hiding).
  8919 | D:10     | 8919 ||| INVOKING Heroism.
  8923 | D:10     | Killed Fannar
  8924 | D:10     | Reached skill level 12 in Axes
  8924 | D:10     | Reached XP level 12. HP: 46/76 MP: 14/17
  9171 | D:10     | 9171 ||| Stepping ~*~*~tactically~*~*~ (hiding).
  9175 | D:10     | 9175 ||| INVOKING Heroism.
  9273 | D:10     | 9273 ||| PLANNING LAIR
  9273 | D:10     | 9273 ||| DROPPING ring of see invisible.
  9274 | D:10     | 9274 ||| READING scroll labelled GOIKYXKYTUX.
  9317 | Lair:1   | Entered Level 1 of the Lair of Beasts
  9324 | Lair:1   | 9324 ||| INVOKING Heroism.
  9418 | Lair:1   | 9418 ||| Stepping ~*~*~tactically~*~*~ (stealth).
  9520 | Lair:1   | 9520 ||| INVOKING Heroism.
  9542 | Lair:1   | Reached skill level 9 in Invocations
  9617 | Lair:1   | Noticed Sonja
  9618 | Lair:1   | 9618 ||| Stepping ~*~*~tactically~*~*~ (hiding).
  9619 | Lair:1   | 9619 ||| Stepping ~*~*~tactically~*~*~ (hiding).
  9621 | Lair:1   | 9621 ||| INVOKING Finesse.
  9626 | Lair:1   | Killed Sonja
  9779 | Lair:1   | 9779 ||| INVOKING Heroism.
  9868 | Lair:1   | 9868 ||| Stepping ~*~*~tactically~*~*~ (stealth).
  9872 | Lair:1   | 9872 ||| Stepping ~*~*~tactically~*~*~ (stealth).
  9875 | Lair:1   | 9875 ||| Stepping ~*~*~tactically~*~*~ (stealth).
  9877 | Lair:1   | 9877 ||| Stepping ~*~*~tactically~*~*~ (hiding).
  9879 | Lair:1   | 9879 ||| Stepping ~*~*~tactically~*~*~ (hiding).
  9975 | Lair:1   | 9975 ||| Stepping ~*~*~tactically~*~*~ (hiding).
  9982 | Lair:1   | Received a gift from Okawaru
  9996 | Lair:1   | 9996 ||| FLEEEEING.
  9997 | Lair:1   | 9997 ||| FLEEEEING.
  9998 | Lair:1   | 9998 ||| FLEEEEING.
  9999 | Lair:1   | 9999 ||| FLEEEEING.
 10000 | Lair:1   | 10000 ||| FLEEEEING.
 10001 | Lair:1   | 10001 ||| FLEEEEING.
 10002 | Lair:1   | 10002 ||| FLEEEEING.
 10332 | Lair:1   | 10332 ||| UPGRADING to +2 pair of gloves.
 10342 | Lair:1   | 10342 ||| DROPPING +1 pair of gloves.
 10343 | Lair:1   | 10343 ||| DROPPING ring of ice.
 10344 | Lair:1   | 10344 ||| READING 6 scrolls of identify.
 10344 | Lair:1   | 10344 ||| IDENTIFYING brown potion
 10371 | Lair:2   | 10371 ||| INVOKING Heroism.
 10397 | Lair:2   | 10397 ||| Stepping ~*~*~tactically~*~*~ (water).
 10400 | Lair:2   | Received a gift from Okawaru
 10407 | Lair:2   | Noticed a death yak
 10408 | Lair:2   | 10408 ||| INVOKING Finesse.
 10414 | Lair:2   | Noticed a death yak
 10416 | Lair:2   | Killed a death yak
 10417 | Lair:2   | Reached XP level 13. HP: 44/82 MP: 15/20
 10431 | Lair:2   | Reached skill level 9 in Armour
 10725 | Lair:2   | Received a gift from Okawaru
 10727 | Lair:2   | 10727 ||| DROPPING +2 war axe.
 10731 | Lair:2   | 10731 ||| INVOKING Heroism.
 10838 | Lair:2   | Found a staircase to the Snake Pit.
 11106 | Lair:2   | 11106 ||| Stepping ~*~*~tactically~*~*~ (stealth).
 11107 | Lair:2   | 11107 ||| INVOKING Heroism.
 11113 | Lair:2   | 11113 ||| Stepping ~*~*~tactically~*~*~ (cloud).
 11114 | Lair:2   | 11114 ||| Stepping ~*~*~tactically~*~*~ (cloud).
 11123 | Lair:2   | 11123 ||| Stepping ~*~*~tactically~*~*~ (stealth).
 11124 | Lair:2   | 11124 ||| Stepping ~*~*~tactically~*~*~ (stealth).
 11333 | Lair:2   | 11333 ||| READING 6 scrolls of identify.
 11333 | Lair:2   | 11333 ||| IDENTIFYING viscous amethyst potion
 11334 | Lair:2   | 11334 ||| DROPPING potion of degeneration.
 11406 | Lair:3   | 11406 ||| INVOKING Heroism.
 11465 | Lair:3   | Found a glowing golden altar of the Shining One.
 11477 | Lair:3   | Found a staircase to the Swamp.
 11502 | Lair:3   | Found a frozen archway.
 11503 | Lair:3   | 11503 ||| Stepping ~*~*~tactically~*~*~ (hiding).
 11507 | Lair:3   | 11507 ||| INVOKING Heroism.
 11677 | Lair:3   | 11677 ||| Stepping ~*~*~tactically~*~*~ (stealth).
 11679 | Lair:3   | 11679 ||| INVOKING Heroism.
 11721 | Lair:3   | Received a gift from Okawaru
 11878 | Lair:3   | 11878 ||| Stepping ~*~*~tactically~*~*~ (stealth).
 11880 | Lair:3   | 11880 ||| INVOKING Heroism.
 11881 | Lair:3   | 11881 ||| INVOKING Finesse.
 11883 | Lair:3   | 11883 ||| SWAPPING to +0 morningstar.
 11891 | Lair:3   | 11891 ||| SWAPPING to +8 mithril axe "Arga" {speed, Will+}.
 12181 | Lair:3   | 12181 ||| Stepping ~*~*~tactically~*~*~ (water).
 12200 | Lair:3   | 12200 ||| INVOKING Heroism.
 12256 | Lair:3   | 12256 ||| Stepping ~*~*~tactically~*~*~ (stealth).
 12310 | Lair:3   | 12310 ||| Stepping ~*~*~tactically~*~*~ (stealth).
 12312 | Lair:3   | 12312 ||| INVOKING Heroism.
 12316 | Lair:3   | Identified the +0 helmet "Vammu" {rF+ rC++ Will+} (Okawaru
                  | gifted it to you on level 3 of the Lair of Beasts)
 12316 | Lair:3   | Received a gift from Okawaru
 12329 | Lair:3   | 12329 ||| INVOKING Finesse.
 12369 | Lair:3   | 12369 ||| Stepping ~*~*~tactically~*~*~ (stealth).
 12370 | Lair:3   | 12370 ||| Stepping ~*~*~tactically~*~*~ (stealth).
 12442 | Lair:3   | 12442 ||| Stepping ~*~*~tactically~*~*~ (hiding).
 12564 | Lair:3   | 12564 ||| Stepping ~*~*~tactically~*~*~ (stealth).
 12566 | Lair:3   | 12566 ||| Stepping ~*~*~tactically~*~*~ (stealth).
 12609 | Lair:3   | Reached skill level 15 in Axes
 12637 | Lair:3   | 12637 ||| INVOKING Heroism.
 12654 | Lair:3   | 12654 ||| Stepping ~*~*~tactically~*~*~ (stealth).
 12779 | Lair:3   | 12779 ||| Stepping ~*~*~tactically~*~*~ (stealth).
 12781 | Lair:3   | 12781 ||| INVOKING Heroism.
 12782 | Lair:3   | 12782 ||| INVOKING Finesse.
 12788 | Lair:3   | Gained mutation: Your large and strong wings let you fly.
                  | [Gargoyle growth]
 12788 | Lair:3   | Reached XP level 14. HP: 65/90 MP: 13/21
 12830 | Lair:3   | 12830 ||| SWAPPING to +0 morningstar.
 12843 | Lair:3   | 12843 ||| SWAPPING to +8 mithril axe "Arga" {speed, Will+}.
 12853 | Lair:3   | Received a gift from Okawaru
 12877 | Lair:3   | 12877 ||| INVOKING Heroism.
 12976 | Lair:3   | Identified the +1 spear "Azxymus" {antimagic, rElec rC++
                  | Will- Int-4}
 13022 | Lair:3   | 13022 ||| Stepping ~*~*~tactically~*~*~ (hiding).
 13023 | Lair:3   | 13023 ||| Stepping ~*~*~tactically~*~*~ (stealth).
 13024 | Lair:3   | 13024 ||| Stepping ~*~*~tactically~*~*~ (stealth).
 13025 | Lair:3   | 13025 ||| INVOKING Heroism.
 13026 | Lair:3   | 13026 ||| SWAPPING to +0 morningstar.
 13030 | Lair:3   | HP: 21/91 [eight-headed hydra (11)]
 13031 | Lair:3   | 13031 ||| READING 2 scrolls of teleportation.
 13031 | Lair:3   | HP: 5/91 [eight-headed hydra (7)]
 13031 | Lair:3   | HP: 2/91 [eight-headed hydra (3)]
 13032 | Lair:3   | 13032 ||| DRINKING 3 potions of heal wounds.
 13033 | Lair:3   | 13033 ||| SWAPPING to +8 mithril axe "Arga" {speed, Will+}.
 13481 | Lair:3   | 13481 ||| INVOKING Heroism.
 13486 | Lair:3   | Received a gift from Okawaru
 13487 | Lair:3   | Reached skill level 12 in Fighting
 13501 | Lair:3   | 13501 ||| SWAPPING to +0 morningstar.
 13505 | Lair:3   | 13505 ||| INVOKING Heroism.
 13510 | Lair:3   | Reached skill level 3 in Dodging
 13510 | Lair:3   | 13510 ||| SWAPPING to +8 mithril axe "Arga" {speed, Will+}.
 13511 | Lair:3   | 13511 ||| SWAPPING to +0 morningstar.
 13523 | Lair:3   | 13523 ||| SWAPPING to +8 mithril axe "Arga" {speed, Will+}.
 13709 | Lair:3   | 13709 ||| Stepping ~*~*~tactically~*~*~ (stealth).
 13711 | Lair:3   | 13711 ||| Stepping ~*~*~tactically~*~*~ (stealth).
 13713 | Lair:3   | 13713 ||| Stepping ~*~*~tactically~*~*~ (stealth).
 13715 | Lair:3   | 13715 ||| Stepping ~*~*~tactically~*~*~ (stealth).
 13717 | Lair:3   | 13717 ||| Stepping ~*~*~tactically~*~*~ (stealth).
 13719 | Lair:3   | 13719 ||| Stepping ~*~*~tactically~*~*~ (stealth).
 13721 | Lair:3   | 13721 ||| Stepping ~*~*~tactically~*~*~ (stealth).
 13725 | Lair:3   | 13725 ||| Stepping ~*~*~tactically~*~*~ (hiding).
 14023 | Lair:3   | 14023 ||| UPGRADING to +0 helmet "Vammu" {rF+ rC++ Will+}.
 14028 | Lair:3   | 14028 ||| UPGRADING to +0 kite shield.
 14038 | Lair:3   | 14038 ||| DROPPING +2 buckler.
 14039 | Lair:3   | 14039 ||| DROPPING amulet of the acrobat.
 14040 | Lair:3   | 14040 ||| DROPPING +6 ring of dexterity.
 14041 | Lair:3   | 14041 ||| READING scroll labelled WIARUS JULEIKK.
 14116 | Lair:4   | 14116 ||| Stepping ~*~*~tactically~*~*~ (stealth).
 14129 | Lair:4   | 14129 ||| Stepping ~*~*~tactically~*~*~ (stealth).
 14143 | Lair:4   | 14143 ||| Stepping ~*~*~tactically~*~*~ (stealth).
 14144 | Lair:4   | 14144 ||| Stepping ~*~*~tactically~*~*~ (stealth).
 14310 | Lair:4   | 14310 ||| INVOKING Heroism.
 14481 | Lair:4   | Reached skill level 9 in Shields
 14523 | Lair:4   | 14523 ||| INVOKING Heroism.
 14524 | Lair:4   | 14524 ||| INVOKING Finesse.
 14528 | Lair:4   | 14528 ||| SWAPPING to +1 antimagic demon whip.
 14532 | Lair:4   | 14532 ||| SWAPPING to +8 mithril axe "Arga" {speed, Will+}.
 15016 | Lair:4   | 15016 ||| READING scroll labelled ANEEDOECK.
 15017 | Lair:4   | 15017 ||| READING scroll labelled YSUCKILIRE.
 15023 | Lair:5   | Entered Level 5 of the Lair of Beasts
 15026 | Lair:5   | 15026 ||| INVOKING Heroism.
 15031 | Lair:5   | Received a gift from Okawaru
 15052 | Lair:5   | 15052 ||| INVOKING Finesse.
 15075 | Lair:5   | 15075 ||| Stepping ~*~*~tactically~*~*~ (stealth).
 15085 | Lair:5   | 15085 ||| INVOKING Heroism.
 15122 | Lair:5   | 15122 ||| Stepping ~*~*~tactically~*~*~ (stealth).
 15123 | Lair:5   | 15123 ||| Stepping ~*~*~tactically~*~*~ (stealth).
 15124 | Lair:5   | 15124 ||| Stepping ~*~*~tactically~*~*~ (stealth).
 15127 | Lair:5   | 15127 ||| Stepping ~*~*~tactically~*~*~ (stealth).
 15129 | Lair:5   | 15129 ||| Stepping ~*~*~tactically~*~*~ (stealth).
 15464 | Lair:5   | 15464 ||| Stepping ~*~*~tactically~*~*~ (stealth).
 15515 | Lair:5   | 15515 ||| INVOKING Heroism.
 15516 | Lair:5   | 15516 ||| INVOKING Finesse.
 15521 | Lair:5   | 15521 ||| Stepping ~*~*~tactically~*~*~ (stealth).
 15527 | Lair:5   | 15527 ||| Stepping ~*~*~tactically~*~*~ (stealth).
 15529 | Lair:5   | 15529 ||| Stepping ~*~*~tactically~*~*~ (stealth).
 15538 | Lair:5   | 15538 ||| Stepping ~*~*~tactically~*~*~ (stealth).
 15548 | Lair:5   | Reached XP level 15. HP: 96/96 MP: 16/22
 15562 | Lair:5   | Reached skill level 12 in Shields
 15573 | Lair:5   | Received a gift from Okawaru
 15593 | Lair:5   | Received a gift from Okawaru
 15629 | Lair:5   | 15629 ||| FLEEEEING.
 15630 | Lair:5   | 15630 ||| FLEEEEING.
 15631 | Lair:5   | 15631 ||| FLEEEEING.
 15632 | Lair:5   | 15632 ||| FLEEEEING.
 15633 | Lair:5   | 15633 ||| FLEEEEING.
 15634 | Lair:5   | 15634 ||| FLEEEEING.
 15635 | Lair:5   | 15635 ||| FLEEEEING.
 15636 | Lair:5   | 15636 ||| FLEEEEING.
 15637 | Lair:5   | 15637 ||| FLEEEEING.
 15638 | Lair:5   | 15638 ||| FLEEEEING.
 15639 | Lair:5   | 15639 ||| FLEEEEING.
 15640 | Lair:5   | 15640 ||| FLEEEEING.
 15641 | Lair:5   | 15641 ||| FLEEEEING.
 15644 | Lair:5   | 15644 ||| FLEEEEING.
 15645 | Lair:5   | 15645 ||| FLEEEEING.
 15646 | Lair:5   | 15646 ||| FLEEEEING.
 15647 | Lair:5   | 15647 ||| FLEEEEING.
 15652 | Lair:5   | 15652 ||| FLEEEEING.
 15661 | Lair:5   | 15661 ||| INVOKING Heroism.
 15662 | Lair:5   | 15662 ||| INVOKING Finesse.
 15674 | Lair:5   | 15674 ||| SWAPPING to +1 antimagic demon whip.
 15685 | Lair:5   | 15685 ||| SWAPPING to +8 mithril axe "Arga" {speed, Will+}.
 15717 | Lair:5   | Identified the +4 scale mail of Dramatic Exits {rElec rN+}
                  | (Okawaru gifted it to you on level 5 of the Lair of Beasts)
 15717 | Lair:5   | Received a gift from Okawaru
 15789 | Lair:5   | Found a runed translucent door.
 16209 | Lair:5   | 16209 ||| Stepping ~*~*~tactically~*~*~ (stealth).
 16246 | Lair:5   | Found a burning altar of Makhleb.
 16247 | Lair:5   | 16247 ||| Stepping ~*~*~tactically~*~*~ (hiding).
 16250 | Lair:5   | 16250 ||| Stepping ~*~*~tactically~*~*~ (hiding).
 16257 | Lair:5   | 16257 ||| INVOKING Heroism.
 16404 | Lair:5   | Found a gateway to Hell.
 16413 | Lair:5   | 16413 ||| DROPPING +0 broad axe of freezing.
 16617 | Lair:5   | Found a staircase to the Slime Pits.
 16618 | Lair:5   | 16618 ||| DROPPING amulet of magic regeneration.
 16619 | Lair:5   | 16619 ||| PLANNING D:1-11
 16749 | D:11     | 16749 ||| FLEEEEING.
 16750 | D:11     | 16750 ||| FLEEEEING.
 16753 | D:11     | 16753 ||| STAIRDANCE
 16814 | D:11     | 16814 ||| FLEEEEING.
 16824 | D:11     | 16824 ||| STAIRDANCE
 16872 | D:11     | 16872 ||| Stepping ~*~*~tactically~*~*~ (stealth).
 16986 | D:11     | Noticed Psyche
 16988 | D:11     | 16988 ||| Stepping ~*~*~tactically~*~*~ (stealth).
 16996 | D:11     | Killed Psyche
 17011 | D:11     | 17011 ||| FLEEEEING.
 17174 | D:11     | 17174 ||| Stepping ~*~*~tactically~*~*~ (stealth).
 17176 | D:11     | 17176 ||| Stepping ~*~*~tactically~*~*~ (stealth).
 17290 | D:11     | 17290 ||| Stepping ~*~*~tactically~*~*~ (stealth).
 17296 | D:11     | 17296 ||| Stepping ~*~*~tactically~*~*~ (stealth).
 17297 | D:11     | 17297 ||| Stepping ~*~*~tactically~*~*~ (stealth).
 17304 | D:11     | 17304 ||| Stepping ~*~*~tactically~*~*~ (stealth).
 17347 | D:11     | Identified the amulet "Qaocvic" {Regen+ Int+4}
 17437 | D:11     | Noticed Gastronok
 17453 | D:11     | Killed Gastronok
 17624 | D:11     | 17624 ||| Stepping ~*~*~tactically~*~*~ (stealth).
 17629 | D:11     | 17629 ||| Stepping ~*~*~tactically~*~*~ (hiding).
 17638 | D:11     | 17638 ||| FLEEEEING.
 17650 | D:11     | 17650 ||| FLEEEEING.
 17651 | D:11     | 17651 ||| FLEEEEING.
 17652 | D:11     | 17652 ||| FLEEEEING.
 17653 | D:11     | 17653 ||| FLEEEEING.
 17655 | D:11     | 17655 ||| FLEEEEING.
 17656 | D:11     | 17656 ||| FLEEEEING.
 17657 | D:11     | 17657 ||| FLEEEEING.
 17658 | D:11     | 17658 ||| FLEEEEING.
 17659 | D:11     | 17659 ||| FLEEEEING.
 17660 | D:11     | 17660 ||| FLEEEEING.
 17661 | D:11     | 17661 ||| FLEEEEING.
 17676 | D:11     | 17676 ||| FLEEEEING.
 17677 | D:11     | 17677 ||| FLEEEEING.
 17683 | D:11     | 17683 ||| STAIRDANCE
 17721 | D:10     | 17721 ||| DROPPING +2 hat.
 17722 | D:10     | 17722 ||| DROPPING amulet of regeneration.
 17723 | D:10     | 17723 ||| DROPPING amulet of guardian spirit.
 17833 | D:11     | 17833 ||| Stepping ~*~*~tactically~*~*~ (stealth).
 17844 | D:11     | 17844 ||| INVOKING Heroism.
 17957 | D:11     | Identified the +1 leather armour "Rifrur" {rF- Int+4
                  | Slay+3}
 17982 | D:11     | 17982 ||| Stepping ~*~*~tactically~*~*~ (stealth).
 17984 | D:11     | 17984 ||| Stepping ~*~*~tactically~*~*~ (stealth).
 18007 | D:11     | 18007 ||| Stepping ~*~*~tactically~*~*~ (stealth).
 18019 | D:11     | 18019 ||| READING scroll of acquirement.
 18019 | D:11     | 18019 ||| ACQUIRING 838 gold pieces
 18019 | D:11     | Acquired 838 gold pieces
 18111 | D:11     | Found a staircase to the Orcish Mines.
 18275 | D:11     | 18275 ||| PLANNING D
 18275 | D:11     | 18275 ||| UPGRADING to +0 pair of boots.
 18305 | D:12     | 18305 ||| PLANNING GAUNTLET
 18325 | D:12     | 18325 ||| Stepping ~*~*~tactically~*~*~ (hiding).
 18428 | D:12     | 18428 ||| Stepping ~*~*~tactically~*~*~ (stealth).
 18460 | D:12     | 18460 ||| Stepping ~*~*~tactically~*~*~ (stealth).
 18466 | D:12     | 18466 ||| Stepping ~*~*~tactically~*~*~ (stealth).
 18576 | D:12     | Received a gift from Okawaru
 18576 | D:12     | Found the +8 longbow "Zephyr" {speed, Dex+3 SInv}
 18683 | D:12     | Found Qoadyenn's Weapon Shoppe.
 18723 | D:12     | Found a gate leading to a gauntlet.
 18732 | Gauntlet | Entered a Gauntlet
 18732 | Gauntlet | Found a transporter.
 18732 | Gauntlet | Found a transporter.
 18732 | Gauntlet | Found a runed translucent door.
 18743 | Gauntlet | Found a transporter.
 18747 | Gauntlet | Found a transporter.
 18753 | Gauntlet | Found a runed translucent gate.
 18755 | Gauntlet | Found a transporter.
 18756 | Gauntlet | Found a runed translucent gate.
 18756 | Gauntlet | Found a runed translucent gate.
 18759 | Gauntlet | Found a transporter.
 18769 | Gauntlet | Found a transporter.
 18786 | Gauntlet | Found a transporter.
 18804 | Gauntlet | Found a transporter.
 18808 | Gauntlet | Found a transporter.
 18816 | Gauntlet | Found a transporter.
 18820 | Gauntlet | Found a transporter.
 18824 | Gauntlet | Found a runed translucent door.
 19079 | Gauntlet | 19079 ||| Stepping ~*~*~tactically~*~*~ (hiding).
 19081 | Gauntlet | 19081 ||| INVOKING Heroism.
 19171 | Gauntlet | 19171 ||| READING scroll of enchant armour.
 19171 | Gauntlet | 19171 ||| ENCHANTING +0 pair of boots.
 19271 | D:12     | 19271 ||| PLANNING D
 19279 | D:12     | Reached XP level 16. HP: 101/101 MP: 23/23
 19548 | D:13     | Identified the staff "Wurubb" {rPois Will- Dex-4 SInv
                  | Earth}
 19554 | D:13     | 19554 ||| Stepping ~*~*~tactically~*~*~ (hiding).
 19580 | D:13     | Found a gate to the Vaults.
 19587 | D:13     | Reached ****** piety under Okawaru
 19685 | D:13     | 19685 ||| Stepping ~*~*~tactically~*~*~ (hiding).
 19686 | D:13     | 19686 ||| Stepping ~*~*~tactically~*~*~ (hiding).
 19704 | D:13     | Received a gift from Okawaru
 19776 | D:13     | 19776 ||| DROPPING +2 broad axe of venom.
 19796 | D:13     | 19796 ||| Stepping ~*~*~tactically~*~*~ (stealth).
 19798 | D:13     | 19798 ||| Stepping ~*~*~tactically~*~*~ (hiding).
 19802 | D:13     | 19802 ||| INVOKING Heroism.
 19816 | D:13     | 19816 ||| Stepping ~*~*~tactically~*~*~ (hiding).
 19994 | D:13     | Found a runed translucent door.
 19999 | D:13     | Noticed Deukiw's ghost (journeyman SpEn)
 20183 | D:13     | 20183 ||| Stepping ~*~*~tactically~*~*~ (hiding).
 20205 | D:13     | 20205 ||| Stepping ~*~*~tactically~*~*~ (stealth).
 21455 | D:13     | 21455 ||| Stepping randomly (stuck).
 21498 | D:14     | Reached skill level 12 in Armour
 21582 | D:14     | 21582 ||| READING scroll of enchant armour.
 21582 | D:14     | 21582 ||| ENCHANTING +1 pair of boots.
 21587 | D:14     | Found an iron altar of Okawaru.
 21676 | D:14     | Reached skill level 6 in Throwing
 21717 | D:14     | 21717 ||| Stepping ~*~*~tactically~*~*~ (stealth).
 21719 | D:14     | 21719 ||| Stepping ~*~*~tactically~*~*~ (hiding).
 21747 | D:14     | Received a gift from Okawaru
 22018 | D:14     | Noticed Nessos
 22019 | D:14     | 22019 ||| Stepping ~*~*~tactically~*~*~ (stealth).
 22022 | D:14     | 22022 ||| Stepping ~*~*~tactically~*~*~ (stealth).
 22024 | D:14     | 22024 ||| Stepping ~*~*~tactically~*~*~ (hiding).
 22026 | D:14     | 22026 ||| INVOKING Finesse.
 22060 | D:14     | 22060 ||| INVOKING Heroism.
 22071 | D:14     | Killed Nessos
 22072 | D:14     | 22072 ||| FLEEEEING.
 22084 | D:14     | 22084 ||| FLEEEEING.
 22085 | D:14     | 22085 ||| FLEEEEING.
 22100 | D:14     | 22100 ||| FLEEEEING.
 22101 | D:14     | 22101 ||| FLEEEEING.
 22102 | D:14     | 22102 ||| STAIRDANCE
 22539 | D:14     | 22539 ||| Stepping ~*~*~tactically~*~*~ (hiding).
 22542 | D:14     | 22542 ||| Stepping ~*~*~tactically~*~*~ (hiding).
 22567 | D:14     | Found a sparkling altar of Nemelex Xobeh.
 22643 | D:14     | 22643 ||| READING scroll labelled BEF ELEEDAP.
 22645 | D:14     | 22645 ||| INVOKING Finesse.
 22906 | D:15     | Entered Level 15 of the Dungeon
 22933 | D:15     | 22933 ||| Stepping ~*~*~tactically~*~*~ (stealth).
 22935 | D:15     | 22935 ||| Stepping ~*~*~tactically~*~*~ (stealth).
 22944 | D:15     | 22944 ||| Stepping ~*~*~tactically~*~*~ (hiding).
 22977 | D:15     | Received a gift from Okawaru
 22978 | D:15     | Reached skill level 18 in Axes
 23304 | D:15     | 23304 ||| Stepping ~*~*~tactically~*~*~ (hiding).
 23306 | D:15     | 23306 ||| Stepping ~*~*~tactically~*~*~ (hiding).
 23367 | D:15     | 23367 ||| Stepping ~*~*~tactically~*~*~ (stealth).
 23368 | D:15     | 23368 ||| Stepping ~*~*~tactically~*~*~ (stealth).
 23374 | D:15     | 23374 ||| INVOKING Heroism.
 23377 | D:15     | 23377 ||| READING 6 scrolls of teleportation.
 23391 | D:15     | 23391 ||| INVOKING Finesse.
 23398 | D:15     | 23398 ||| INVOKING Heroism.
 23520 | D:15     | 23520 ||| INVOKING Heroism.
 23595 | D:15     | 23595 ||| FLEEEEING.
 23596 | D:15     | 23596 ||| FLEEEEING.
 23597 | D:15     | 23597 ||| FLEEEEING.
 23634 | D:15     | Found Iwna's Book Shoppe.
 23816 | D:15     | 23816 ||| Stepping ~*~*~tactically~*~*~ (stealth).
 23819 | D:15     | 23819 ||| Stepping ~*~*~tactically~*~*~ (stealth).
 23821 | D:15     | 23821 ||| Stepping ~*~*~tactically~*~*~ (stealth).
 23829 | D:15     | 23829 ||| INVOKING Heroism.
 23879 | D:15     | Found a staircase to the Depths.
 23885 | D:15     | 23885 ||| PLANNING ORC
 23885 | D:15     | 23885 ||| UPGRADING to scarf of repulsion.
 24016 | Orc:1    | Entered Level 1 of the Orcish Mines
 24035 | Orc:1    | 24035 ||| Stepping ~*~*~tactically~*~*~ (stealth).
 24036 | Orc:1    | 24036 ||| INVOKING Heroism.
 24074 | Orc:1    | 24074 ||| Stepping ~*~*~tactically~*~*~ (hiding).
 24076 | Orc:1    | 24076 ||| Stepping ~*~*~tactically~*~*~ (hiding).
 24307 | Orc:2    | Entered Level 2 of the Orcish Mines
 24327 | Orc:2    | 24327 ||| INVOKING Heroism.
 24353 | Orc:2    | 24353 ||| INVOKING Heroism.
 24365 | Orc:2    | Reached XP level 17. HP: 71/110 MP: 22/24
 24599 | Orc:1    | Found an ornate altar of the Wu Jian Council.
 24599 | Orc:1    | Found a transporter.
 24618 | Orc:1    | Found a transporter.
 24625 | Orc:1    | Found a transporter.
 24645 | Orc:1    | Found a transporter.
 24658 | Orc:1    | 24658 ||| Stepping ~*~*~tactically~*~*~ (hiding).
 24662 | Orc:1    | 24662 ||| Stepping ~*~*~tactically~*~*~ (hiding).
 24663 | Orc:1    | 24663 ||| Stepping ~*~*~tactically~*~*~ (hiding).
 24664 | Orc:1    | 24664 ||| Stepping ~*~*~tactically~*~*~ (hiding).
 24751 | Orc:1    | Found a bloodstained altar of Trog.
 24953 | Orc:2    | Found a staircase to the Elven Halls.
 24978 | Orc:2    | 24978 ||| Stepping ~*~*~tactically~*~*~ (hiding).
 24979 | Orc:2    | 24979 ||| Stepping ~*~*~tactically~*~*~ (hiding).
 25154 | Orc:2    | 25154 ||| Stepping ~*~*~tactically~*~*~ (stealth).
 25161 | Orc:2    | 25161 ||| Stepping ~*~*~tactically~*~*~ (stealth).
 25169 | Orc:2    | 25169 ||| Stepping ~*~*~tactically~*~*~ (hiding).
 25174 | Orc:2    | 25174 ||| Stepping ~*~*~tactically~*~*~ (hiding).
 25175 | Orc:2    | 25175 ||| Stepping ~*~*~tactically~*~*~ (hiding).
 25239 | Orc:2    | 25239 ||| Stepping ~*~*~tactically~*~*~ (stealth).
 25253 | Orc:2    | 25253 ||| Stepping ~*~*~tactically~*~*~ (stealth).
 25255 | Orc:2    | 25255 ||| Stepping ~*~*~tactically~*~*~ (hiding).
 25257 | Orc:2    | 25257 ||| Stepping ~*~*~tactically~*~*~ (hiding).
 25269 | Orc:2    | 25269 ||| Stepping ~*~*~tactically~*~*~ (hiding).
 25294 | Orc:2    | Received a gift from Okawaru
 25337 | Orc:2    | Found Tolozop's Distillery.
 25337 | Orc:2    | Found Sule's Armour Shoppe.
 25339 | Orc:2    | Found Zezof's Antique Armour Boutique.
 25339 | Orc:2    | Found Gautoc's Weapon Shoppe.
 25345 | Orc:2    | 25345 ||| BUYING potion of attraction (39 gold).
 25345 | Orc:2    | Bought a potion of attraction for 39 gold pieces
 25345 | Orc:2    | 25345 ||| BUYING potion of curing (39 gold).
 25345 | Orc:2    | Bought a potion of curing for 39 gold pieces
 25345 | Orc:2    | 25345 ||| BUYING potion of curing (39 gold).
 25345 | Orc:2    | Bought a potion of curing for 39 gold pieces
 25345 | Orc:2    | 25345 ||| BUYING potion of curing (39 gold).
 25345 | Orc:2    | Bought a potion of curing for 39 gold pieces
 25345 | Orc:2    | 25345 ||| BUYING potion of heal wounds (65 gold).
 25345 | Orc:2    | Bought a potion of heal wounds for 65 gold pieces
 25345 | Orc:2    | 25345 ||| BUYING potion of heal wounds (65 gold).
 25345 | Orc:2    | Bought a potion of heal wounds for 65 gold pieces
 25345 | Orc:2    | 25345 ||| BUYING potion of magic (104 gold).
 25345 | Orc:2    | Bought a potion of magic for 104 gold pieces
 25347 | Orc:2    | 25347 ||| BUYING glowing chain mail (262 gold).
 25347 | Orc:2    | Bought a glowing chain mail for 262 gold pieces
 25347 | Orc:2    | 25347 ||| BUYING shiny chain mail (262 gold).
 25347 | Orc:2    | Bought a shiny chain mail for 262 gold pieces
 25348 | Orc:2    | 25348 ||| BUYING +10 flail "Leviticus" {antimagic, rF-
                  | rCorr Str+8 Dex-2} (1180 gold).
 25348 | Orc:2    | Bought the +10 flail "Leviticus" {antimagic, rF- rCorr
                  | Str+8 Dex-2} for 1180 gold pieces
 25348 | Orc:2    | 25348 ||| BUYING +2 broad axe of flaming (288 gold).
 25348 | Orc:2    | Bought a +2 broad axe of flaming for 288 gold pieces
 25348 | Orc:2    | 25348 ||| DROPPING +0 morningstar.
 25349 | Orc:2    | 25349 ||| DROPPING +1 flail of holy wrath.
 25350 | Orc:2    | 25350 ||| DROPPING +1 antimagic demon whip.
 25351 | Orc:2    | 25351 ||| DROPPING +10 flail "Leviticus" {antimagic, rF-
                  | rCorr Str+8 Dex-2}.
 25354 | Orc:2    | 25354 ||| BUYING +4 scale mail of cold resistance (372
                  | gold).
 25354 | Orc:2    | Bought a +4 scale mail of cold resistance for 372 gold
                  | pieces
 25354 | Orc:2    | 25354 ||| SHOPLISTING -2 hat of the Alchemist {rElec rPois
                  | rF+ rC+ rN+ Will+ rMut rCorr} (566 gold, have 459).
 25599 | Orc:2    | 25599 ||| PLANNING SWAMP:1-3
 25716 | Swamp:1  | Entered Level 1 of the Swamp
 25718 | Swamp:1  | 25718 ||| INVOKING Heroism.
 25722 | Swamp:1  | 25722 ||| SWAPPING to +2 broad axe of flaming.
 25729 | Swamp:1  | 25729 ||| SWAPPING to +8 mithril axe "Arga" {speed, Will+}.
 25752 | Swamp:1  | 25752 ||| Stepping ~*~*~tactically~*~*~ (stealth).
 25942 | Swamp:1  | 25942 ||| Stepping ~*~*~tactically~*~*~ (hiding).
 26079 | Swamp:1  | 26079 ||| Stepping ~*~*~tactically~*~*~ (stealth).
 26259 | Swamp:1  | 26259 ||| FLEEEEING.
 26355 | Swamp:1  | 26355 ||| Stepping ~*~*~tactically~*~*~ (stealth).
 26371 | Swamp:1  | 26371 ||| INVOKING Heroism.
 26409 | Swamp:1  | 26409 ||| Stepping ~*~*~tactically~*~*~ (stealth).
 26519 | Swamp:1  | 26519 ||| INVOKING Heroism.
 26690 | Swamp:1  | 26690 ||| SWAPPING to +2 broad axe of flaming.
 26695 | Swamp:1  | 26695 ||| SWAPPING to +8 mithril axe "Arga" {speed, Will+}.
 26696 | Swamp:1  | 26696 ||| SWAPPING to +2 broad axe of flaming.
 26698 | Swamp:1  | 26698 ||| INVOKING Heroism.
 26703 | Swamp:1  | 26703 ||| SWAPPING to +8 mithril axe "Arga" {speed, Will+}.
 26853 | Swamp:1  | 26853 ||| DROPPING +0 pair of boots of flying.
 26854 | Swamp:1  | 26854 ||| DROPPING ring of willpower.
 26855 | Swamp:1  | 26855 ||| READING scroll labelled INOGIHOTOP.
 26908 | Swamp:2  | 26908 ||| Stepping ~*~*~tactically~*~*~ (hiding).
 27015 | Swamp:2  | 27015 ||| Stepping ~*~*~tactically~*~*~ (hiding).
 27126 | Swamp:2  | 27126 ||| INVOKING Heroism.
 27147 | Swamp:2  | Reached skill level 15 in Fighting
 27369 | Swamp:2  | 27369 ||| INVOKING Heroism.
 27379 | Swamp:2  | Received a gift from Okawaru
 27479 | Swamp:2  | 27479 ||| INVOKING Heroism.
 27576 | Swamp:2  | 27576 ||| INVOKING Heroism.
 27647 | Swamp:2  | 27647 ||| INVOKING Heroism.
 27657 | Swamp:2  | 27657 ||| SWAPPING to +2 broad axe of flaming.
 27665 | Swamp:2  | 27665 ||| SWAPPING to +8 mithril axe "Arga" {speed, Will+}.
 27699 | Swamp:2  | 27699 ||| READING scroll of enchant armour.
 27699 | Swamp:2  | 27699 ||| ENCHANTING +0 plate armour.
 27805 | Swamp:2  | 27805 ||| FLEEEEING.
 27806 | Swamp:2  | 27806 ||| FLEEEEING.
 27807 | Swamp:2  | 27807 ||| FLEEEEING.
 27808 | Swamp:2  | 27808 ||| FLEEEEING.
 27809 | Swamp:2  | 27809 ||| FLEEEEING.
 27810 | Swamp:2  | 27810 ||| FLEEEEING.
 27811 | Swamp:2  | 27811 ||| FLEEEEING.
 27812 | Swamp:2  | 27812 ||| FLEEEEING.
 27817 | Swamp:2  | 27817 ||| FLEEEEING.
 27818 | Swamp:2  | 27818 ||| FLEEEEING.
 27819 | Swamp:2  | 27819 ||| FLEEEEING.
 27820 | Swamp:2  | 27820 ||| STAIRDANCE
 27925 | Swamp:2  | 27925 ||| INVOKING Heroism.
 27973 | Swamp:2  | Found the +3 giant club "Skullcrusher" {speed, Str+7}
 27988 | Swamp:2  | 27988 ||| FLEEEEING.
 27990 | Swamp:2  | 27990 ||| FLEEEEING.
 27991 | Swamp:2  | 27991 ||| FLEEEEING.
 27992 | Swamp:2  | 27992 ||| FLEEEEING.
 27994 | Swamp:2  | 27994 ||| FLEEEEING.
 28327 | Swamp:3  | 28327 ||| INVOKING Heroism.
 28569 | Swamp:3  | 28569 ||| Stepping ~*~*~tactically~*~*~ (hiding).
 28571 | Swamp:3  | 28571 ||| Stepping ~*~*~tactically~*~*~ (hiding).
 28661 | Swamp:3  | 28661 ||| FLEEEEING.
 28707 | Swamp:3  | 28707 ||| READING scroll of enchant armour.
 28707 | Swamp:3  | 28707 ||| ENCHANTING +1 plate armour.
 28828 | Swamp:3  | 28828 ||| INVOKING Heroism.
 29048 | Swamp:3  | 29048 ||| PLANNING SNAKE:1-3
 29048 | Swamp:3  | 29048 ||| DROPPING +6 ring of intelligence.
 29107 | Snake:1  | Entered Level 1 of the Snake Pit
 29108 | Snake:1  | 29108 ||| INVOKING Heroism.
 29113 | Snake:1  | Received a gift from Okawaru
 29163 | Snake:1  | 29163 ||| INVOKING Heroism.
 29259 | Snake:1  | Found Ykkoin's Antique Weapon Shoppe.
 29319 | Snake:1  | 29319 ||| Stepping ~*~*~tactically~*~*~ (stealth).
 29459 | Snake:1  | Found Foekid's General Store.
 29461 | Snake:1  | Found Sietuw's Antique Armour Shop.
 29465 | Snake:1  | Found Qaibleu's Jewellery Boutique.
 29473 | Snake:1  | 29473 ||| BUYING potion of enlightenment (65 gold).
 29473 | Snake:1  | Bought a potion of enlightenment for 65 gold pieces
 29478 | Snake:1  | 29478 ||| BUYING glowing plate armour (624 gold).
 29478 | Snake:1  | Bought a glowing plate armour for 624 gold pieces
 29478 | Snake:1  | 29478 ||| SHOPLISTING runed plate armour (624 gold, have
                  | 246).
 29480 | Snake:1  | 29480 ||| SHOPLISTING +5 ring of evasion (684 gold, have
                  | 246).
 29480 | Snake:1  | 29480 ||| SHOPLISTING ring of fire (475 gold, have 246).
 29480 | Snake:1  | 29480 ||| SHOPLISTING ring of protection from cold (475
                  | gold, have 246).
 29516 | Snake:1  | 29516 ||| Stepping ~*~*~tactically~*~*~ (hiding).
 29559 | Snake:1  | Reached skill level 15 in Shields
 29559 | Snake:1  | Reached XP level 18. HP: 115/119 MP: 22/25
 29569 | Snake:1  | 29569 ||| DROPPING +2 broad axe of flaming.
 29945 | Snake:1  | 29945 ||| Stepping ~*~*~tactically~*~*~ (hiding).
 30192 | Snake:1  | 30192 ||| DROPPING +4 scale mail of cold resistance.
 30205 | Snake:2  | 30205 ||| Stepping ~*~*~tactically~*~*~ (hiding).
 30206 | Snake:2  | 30206 ||| Stepping ~*~*~tactically~*~*~ (hiding).
 30309 | Snake:2  | 30309 ||| Stepping ~*~*~tactically~*~*~ (hiding).
 30325 | Snake:2  | Received a gift from Okawaru
 30387 | Snake:2  | 30387 ||| Stepping ~*~*~tactically~*~*~ (stealth).
 30488 | Snake:2  | 30488 ||| INVOKING Heroism.
 30564 | Snake:2  | 30564 ||| Stepping ~*~*~tactically~*~*~ (hiding).
 30676 | Snake:2  | Noticed Kirke
 30680 | Snake:2  | Identified the +0 buckler of Daisies {Contam Str+5 Stlth+}
                  | (Okawaru gifted it to you on level 2 of the Snake Pit)
 30680 | Snake:2  | Received a gift from Okawaru
 30686 | Snake:2  | Killed Kirke
 30797 | Snake:2  | 30797 ||| Stepping ~*~*~tactically~*~*~ (hiding).
 30808 | Snake:2  | 30808 ||| INVOKING Heroism.
 30907 | Snake:2  | 30907 ||| Stepping ~*~*~tactically~*~*~ (hiding).
 31000 | Snake:2  | 31000 ||| Stepping ~*~*~tactically~*~*~ (stealth).
 31004 | Snake:2  | 31004 ||| Stepping ~*~*~tactically~*~*~ (stealth).
 31043 | Snake:2  | 31043 ||| Stepping ~*~*~tactically~*~*~ (hiding).
 31081 | Snake:2  | Found a glowing silver altar of Zin.
 31227 | Snake:2  | Noticed Vashnia
 31228 | Snake:2  | 31228 ||| INVOKING Heroism.
 31260 | Snake:2  | 31260 ||| INVOKING Heroism.
 31273 | Snake:2  | 31273 ||| FLEEEEING.
 31274 | Snake:2  | 31274 ||| FLEEEEING.
 31275 | Snake:2  | 31275 ||| FLEEEEING.
 31285 | Snake:2  | 31285 ||| STAIRDANCE
 31455 | Snake:1  | 31455 ||| DROPPING ring of magical power.
 31462 | Snake:2  | 31462 ||| Stepping ~*~*~tactically~*~*~ (hiding).
 31483 | Snake:2  | Killed Vashnia
 31484 | Snake:2  | Reached skill level 15 in Armour
 31587 | Snake:3  | Noticed Jorgrun
 31601 | Snake:3  | Killed Jorgrun
 31641 | Snake:3  | 31641 ||| INVOKING Heroism.
 31661 | Snake:3  | 31661 ||| INVOKING Heroism.
 31867 | Snake:3  | 31867 ||| Stepping ~*~*~tactically~*~*~ (hiding).
 31993 | Snake:3  | 31993 ||| Stepping ~*~*~tactically~*~*~ (hiding).
 31994 | Snake:3  | 31994 ||| Stepping ~*~*~tactically~*~*~ (hiding).
 32033 | Snake:3  | 32033 ||| Stepping ~*~*~tactically~*~*~ (hiding).
 32034 | Snake:3  | 32034 ||| Stepping ~*~*~tactically~*~*~ (hiding).
 32037 | Snake:3  | 32037 ||| INVOKING Heroism.
 32110 | Snake:3  | 32110 ||| INVOKING Heroism.
 32143 | Snake:3  | 32143 ||| INVOKING Heroism.
 32458 | Snake:3  | Identified the +3 gold dragon scales "Hepraeh" {+Inv rPois
                  | rF+ rC+} (Okawaru gifted it to you on level 3 of the Snake
                  | Pit)
 32458 | Snake:3  | Received a gift from Okawaru
 32547 | Snake:3  | 32547 ||| PLANNING SWAMP:4
 32547 | Snake:3  | 32547 ||| UPGRADING to +0 tower shield.
 32557 | Snake:3  | 32557 ||| DROPPING +1 plate armour of cold resistance.
 32558 | Snake:3  | 32558 ||| UPGRADING to +3 gold dragon scales "Hepraeh"
                  | {+Inv rPois rF+ rC+}.
 32568 | Snake:3  | 32568 ||| DROPPING +2 plate armour.
 32569 | Snake:3  | 32569 ||| DROPPING +0 kite shield.
 32570 | Snake:3  | 32570 ||| DROPPING +8 chain mail of ponderousness.
 32571 | Snake:3  | 32571 ||| DROPPING +1 chain mail of fire resistance.
 32701 | Swamp:4  | Entered Level 4 of the Swamp
 32712 | Swamp:4  | 32712 ||| INVOKING Heroism.
 32754 | Swamp:4  | 32754 ||| Stepping ~*~*~tactically~*~*~ (stealth).
 32756 | Swamp:4  | 32756 ||| Stepping ~*~*~tactically~*~*~ (stealth).
 32766 | Swamp:4  | 32766 ||| Stepping ~*~*~tactically~*~*~ (hiding).
 32798 | Swamp:4  | Noticed Mara
 32799 | Swamp:4  | 32799 ||| INVOKING Heroism.
 32800 | Swamp:4  | 32800 ||| INVOKING Finesse.
 32820 | Swamp:4  | Noticed qw's illusion
 32824 | Swamp:4  | Noticed a tentacled monstrosity
 32834 | Swamp:4  | Reached XP level 19. HP: 96/128 MP: 20/26
 32860 | Swamp:4  | Killed Mara
 32861 | Swamp:4  | Killed a tentacled monstrosity
 32979 | Swamp:4  | 32979 ||| INVOKING Heroism.
 32989 | Swamp:4  | Noticed the 27-headed Lernaean hydra
 33001 | Swamp:4  | Killed the 27-headed Lernaean hydra
 33284 | Swamp:4  | 33284 ||| Stepping ~*~*~tactically~*~*~ (stealth).
 33294 | Swamp:4  | Got a decaying rune of Zot
 33306 | Swamp:4  | 33306 ||| Stepping ~*~*~tactically~*~*~ (hiding).
 33310 | Swamp:4  | 33310 ||| INVOKING Heroism.
 33356 | Swamp:4  | Reached skill level 18 in Shields
 33392 | Swamp:4  | Received a gift from Okawaru
 33550 | Swamp:4  | 33550 ||| PLANNING VAULTS:1-4
 33550 | Swamp:4  | 33550 ||| READING 25 scrolls of identify.
 33550 | Swamp:4  | 33550 ||| IDENTIFYING green potion
 33551 | Swamp:4  | 33551 ||| DROPPING potion of berserk rage.
 33736 | Vaults:1 | Entered Level 1 of the Vaults
 33737 | Vaults:1 | 33737 ||| PLANNING DESOLATION
 33874 | Vaults:1 | Found a crumbling gateway.
 33919 | Desolati | Entered the Desolation of Salt
 33952 | Desolati | 33952 ||| INVOKING Heroism.
 34147 | Desolati | Identified the +4 tower shield of Doomed Tender Moments
                  | {Harm Rampage} (Okawaru gifted it to you in the Desolation
                  | of Salt)
 34147 | Desolati | Received a gift from Okawaru
 34162 | Desolati | 34162 ||| INVOKING Heroism.
 34266 | Desolati | 34266 ||| INVOKING Heroism.
 34267 | Desolati | 34267 ||| INVOKING Finesse.
 34325 | Desolati | Identified the ring of Wishful Thinking {rPois rF- rN+
                  | Int+3}
 34465 | Desolati | 34465 ||| INVOKING Heroism.
 34508 | Desolati | 34508 ||| INVOKING Heroism.
 34648 | Desolati | 34648 ||| Stepping ~*~*~tactically~*~*~ (stealth).
 34649 | Desolati | 34649 ||| Stepping ~*~*~tactically~*~*~ (stealth).
 34650 | Desolati | 34650 ||| Stepping ~*~*~tactically~*~*~ (stealth).
 34722 | Desolati | Identified the ring "Les Awn" {rPois rC++ MP+9}
 34848 | Desolati | 34848 ||| INVOKING Heroism.
 35079 | Desolati | Identified the +7 chain mail of Wyrhy {Str+4 Int+3}
 35098 | Desolati | 35098 ||| Stepping ~*~*~tactically~*~*~ (stealth).
 35109 | Desolati | 35109 ||| Stepping ~*~*~tactically~*~*~ (stealth).
 35110 | Desolati | 35110 ||| Stepping ~*~*~tactically~*~*~ (stealth).
 35278 | Desolati | 35278 ||| DROPPING +2 plate armour of fire resistance.
 35279 | Desolati | 35279 ||| DROPPING +2 plate armour of cold resistance.
 35280 | Desolati | 35280 ||| DROPPING ring of Wishful Thinking {rPois rF- rN+
                  | Int+3}.
 35281 | Desolati | 35281 ||| DROPPING ring of ice.
 35309 | Vaults:1 | 35309 ||| PLANNING VAULTS:1-4
 35314 | Vaults:1 | 35314 ||| Stepping ~*~*~tactically~*~*~ (hiding).
 35346 | Vaults:1 | Received a gift from Okawaru
 35607 | Vaults:1 | 35607 ||| Stepping ~*~*~tactically~*~*~ (hiding).
 35608 | Vaults:1 | 35608 ||| Stepping ~*~*~tactically~*~*~ (hiding).
 35758 | Vaults:1 | 35758 ||| INVOKING Heroism.
 35953 | Vaults:1 | Reached XP level 20. HP: 119/134 MP: 27/27
 35959 | Vaults:1 | Received a gift from Okawaru
 36400 | Vaults:2 | 36400 ||| INVOKING Heroism.
 36401 | Vaults:2 | 36401 ||| Stepping ~*~*~tactically~*~*~ (stealth).
 36410 | Vaults:2 | 36410 ||| INVOKING Finesse.
 36454 | Vaults:2 | 36454 ||| Stepping ~*~*~tactically~*~*~ (stealth).
 36458 | Vaults:2 | 36458 ||| Stepping ~*~*~tactically~*~*~ (hiding).
 36460 | Vaults:2 | 36460 ||| Stepping ~*~*~tactically~*~*~ (hiding).
 36574 | Vaults:2 | Received a gift from Okawaru
 36653 | Vaults:2 | 36653 ||| Stepping ~*~*~tactically~*~*~ (stealth).
 36741 | Vaults:2 | 36741 ||| Stepping ~*~*~tactically~*~*~ (hiding).
 36864 | Vaults:2 | 36864 ||| Stepping ~*~*~tactically~*~*~ (hiding).
 36904 | Vaults:2 | Received a gift from Okawaru
 36984 | Vaults:2 | Found Voshaneoss's Weapon Shoppe.
 37194 | Vaults:2 | 37194 ||| Stepping ~*~*~tactically~*~*~ (stealth).
 37196 | Vaults:2 | 37196 ||| Stepping ~*~*~tactically~*~*~ (stealth).
 37222 | Vaults:2 | 37222 ||| Stepping ~*~*~tactically~*~*~ (stealth).
 37359 | Vaults:2 | Found Geschocra's Magic Scroll Shoppe.
 37361 | Vaults:2 | 37361 ||| INVOKING Heroism.
 37362 | Vaults:2 | 37362 ||| INVOKING Finesse.
 37428 | Vaults:2 | 37428 ||| BUYING scroll of teleportation (42 gold).
 37428 | Vaults:2 | Bought a scroll of teleportation for 42 gold pieces
 37446 | Vaults:2 | Found Garociub's Armour Shoppe.
 37539 | Vaults:2 | 37539 ||| INVOKING Heroism.
 37669 | Vaults:2 | 37669 ||| Stepping ~*~*~tactically~*~*~ (stealth).
 37670 | Vaults:2 | 37670 ||| Stepping ~*~*~tactically~*~*~ (stealth).
 37672 | Vaults:2 | 37672 ||| Stepping ~*~*~tactically~*~*~ (hiding).
 37823 | Vaults:2 | 37823 ||| Stepping ~*~*~tactically~*~*~ (hiding).
 37824 | Vaults:2 | 37824 ||| Stepping ~*~*~tactically~*~*~ (hiding).
 37826 | Vaults:2 | 37826 ||| Stepping ~*~*~tactically~*~*~ (hiding).
 37843 | Vaults:2 | Reached skill level 9 in Throwing
 37851 | Vaults:2 | Reached skill level 18 in Armour
 37927 | Vaults:2 | 37927 ||| Stepping ~*~*~tactically~*~*~ (hiding).
 37929 | Vaults:2 | 37929 ||| Stepping ~*~*~tactically~*~*~ (hiding).
 37931 | Vaults:2 | 37931 ||| Stepping ~*~*~tactically~*~*~ (hiding).
 37942 | Vaults:2 | Identified the +1 robe of Defence {rPois rF+ Int+2}
                  | (Okawaru gifted it to you on level 2 of the Vaults)
 37942 | Vaults:2 | Received a gift from Okawaru
 37945 | Vaults:2 | 37945 ||| INVOKING Heroism.
 37961 | Vaults:2 | 37961 ||| Stepping ~*~*~tactically~*~*~ (stealth).
 37975 | Vaults:2 | 37975 ||| Stepping ~*~*~tactically~*~*~ (stealth).
 37978 | Vaults:2 | 37978 ||| Stepping ~*~*~tactically~*~*~ (hiding).
 37979 | Vaults:2 | 37979 ||| Stepping ~*~*~tactically~*~*~ (hiding).
 38130 | Vaults:2 | Found a staircase to the Crypt.
 38132 | Vaults:2 | Found Otat's Antique Weapon Shop.
 38134 | Vaults:2 | Found Becy's Armour Emporium.
 38156 | Vaults:2 | 38156 ||| SHOPLISTING +8 plate armour "Etikin" {Regen+}
                  | (1540 gold, have 887).
 38332 | Vaults:2 | 38332 ||| READING 24 scrolls of identify.
 38332 | Vaults:2 | 38332 ||| IDENTIFYING bubbling puce potion
 38366 | Vaults:3 | 38366 ||| INVOKING Heroism.
 38367 | Vaults:3 | 38367 ||| INVOKING Finesse.
 38432 | Vaults:3 | 38432 ||| FLEEEEING.
 38433 | Vaults:3 | 38433 ||| FLEEEEING.
 38434 | Vaults:3 | 38434 ||| FLEEEEING.
 38435 | Vaults:3 | 38435 ||| FLEEEEING.
 38436 | Vaults:3 | 38436 ||| FLEEEEING.
 38437 | Vaults:3 | 38437 ||| FLEEEEING.
 38439 | Vaults:3 | 38439 ||| FLEEEEING.
 38441 | Vaults:3 | 38441 ||| STAIRDANCE
 38556 | Vaults:3 | 38556 ||| INVOKING Finesse.
 38652 | Vaults:3 | 38652 ||| INVOKING Finesse.
 38813 | Vaults:3 | 38813 ||| INVOKING Heroism.
 39041 | Vaults:3 | You are sucked into a shaft and drop 1 floor!
 39059 | Vaults:4 | 39059 ||| INVOKING Heroism.
 39292 | Vaults:3 | 39292 ||| Stepping ~*~*~tactically~*~*~ (hiding).
 39293 | Vaults:3 | 39293 ||| Stepping ~*~*~tactically~*~*~ (hiding).
 39294 | Vaults:3 | Noticed Mennas
 39295 | Vaults:3 | 39295 ||| INVOKING Heroism.
 39343 | Vaults:3 | Killed Mennas
 39555 | Vaults:3 | Identified the ring of Wonder {Fire rElec rN++ Stlth-}
 39568 | Vaults:3 | 39568 ||| Stepping ~*~*~tactically~*~*~ (hiding).
 39698 | Vaults:3 | 39698 ||| Stepping ~*~*~tactically~*~*~ (stealth).
 39699 | Vaults:3 | 39699 ||| Stepping ~*~*~tactically~*~*~ (stealth).
 39703 | Vaults:3 | 39703 ||| Stepping ~*~*~tactically~*~*~ (hiding).
 39814 | Vaults:3 | 39814 ||| Stepping ~*~*~tactically~*~*~ (stealth).
 39844 | Vaults:3 | Noticed Saint Roka
 39845 | Vaults:3 | 39845 ||| Stepping ~*~*~tactically~*~*~ (hiding).
 39857 | Vaults:3 | 39857 ||| INVOKING Heroism.
 39870 | Vaults:3 | Killed Saint Roka
 39871 | Vaults:3 | Reached skill level 18 in Fighting
 39903 | Vaults:3 | 39903 ||| Stepping ~*~*~tactically~*~*~ (stealth).
 40259 | Vaults:3 | Received a gift from Okawaru
 40260 | Vaults:3 | Reached XP level 21. HP: 141/141 MP: 28/28
 40267 | Vaults:3 | 40267 ||| Stepping ~*~*~tactically~*~*~ (hiding).
 40274 | Vaults:3 | 40274 ||| Stepping ~*~*~tactically~*~*~ (hiding).
 40297 | Vaults:3 | Received a gift from Okawaru
 40669 | Vaults:3 | 40669 ||| UPGRADING to +2 tower shield.
 40679 | Vaults:3 | 40679 ||| DROPPING +0 tower shield.
 40928 | Vaults:4 | 40928 ||| Stepping ~*~*~tactically~*~*~ (hiding).
 40929 | Vaults:4 | 40929 ||| Stepping ~*~*~tactically~*~*~ (hiding).
 40931 | Vaults:4 | 40931 ||| Stepping ~*~*~tactically~*~*~ (hiding).
 40932 | Vaults:4 | 40932 ||| Stepping ~*~*~tactically~*~*~ (hiding).
 41028 | Vaults:4 | 41028 ||| Stepping ~*~*~tactically~*~*~ (hiding).
 41137 | Vaults:4 | 41137 ||| INVOKING Heroism.
 41161 | Vaults:4 | 41161 ||| FLEEEEING.
 41162 | Vaults:4 | 41162 ||| FLEEEEING.
 41163 | Vaults:4 | 41163 ||| FLEEEEING.
 41164 | Vaults:4 | 41164 ||| FLEEEEING.
 41165 | Vaults:4 | 41165 ||| FLEEEEING.
 41166 | Vaults:4 | 41166 ||| FLEEEEING.
 41167 | Vaults:4 | 41167 ||| FLEEEEING.
 41168 | Vaults:4 | 41168 ||| FLEEEEING.
 41169 | Vaults:4 | 41169 ||| FLEEEEING.
 41170 | Vaults:4 | 41170 ||| FLEEEEING.
 41171 | Vaults:4 | 41171 ||| FLEEEEING.
 41172 | Vaults:4 | 41172 ||| FLEEEEING.
 41173 | Vaults:4 | 41173 ||| FLEEEEING.
 41174 | Vaults:4 | 41174 ||| FLEEEEING.
 41175 | Vaults:4 | 41175 ||| FLEEEEING.
 41176 | Vaults:4 | 41176 ||| FLEEEEING.
 41177 | Vaults:4 | 41177 ||| FLEEEEING.
 41178 | Vaults:4 | 41178 ||| FLEEEEING.
 41179 | Vaults:4 | 41179 ||| FLEEEEING.
 41180 | Vaults:4 | 41180 ||| FLEEEEING.
 41181 | Vaults:4 | 41181 ||| FLEEEEING.
 41182 | Vaults:4 | 41182 ||| FLEEEEING.
 41183 | Vaults:4 | 41183 ||| FLEEEEING.
 41184 | Vaults:4 | 41184 ||| FLEEEEING.
 41185 | Vaults:4 | 41185 ||| FLEEEEING.
 41186 | Vaults:4 | 41186 ||| FLEEEEING.
 41187 | Vaults:4 | 41187 ||| FLEEEEING.
 41189 | Vaults:4 | 41189 ||| FLEEEEING.
 41190 | Vaults:4 | 41190 ||| FLEEEEING.
 41191 | Vaults:4 | 41191 ||| FLEEEEING.
 41192 | Vaults:4 | 41192 ||| FLEEEEING.
 41193 | Vaults:4 | 41193 ||| FLEEEEING.
 41194 | Vaults:4 | 41194 ||| FLEEEEING.
 41195 | Vaults:4 | 41195 ||| FLEEEEING.
 41196 | Vaults:4 | 41196 ||| FLEEEEING.
 41197 | Vaults:4 | 41197 ||| FLEEEEING.
 41198 | Vaults:4 | 41198 ||| FLEEEEING.
 41199 | Vaults:4 | 41199 ||| FLEEEEING.
 41200 | Vaults:4 | 41200 ||| FLEEEEING.
 41201 | Vaults:4 | 41201 ||| FLEEEEING.
 41202 | Vaults:4 | 41202 ||| FLEEEEING.
 41203 | Vaults:4 | 41203 ||| FLEEEEING.
 41207 | Vaults:4 | 41207 ||| FLEEEEING.
 41208 | Vaults:4 | 41208 ||| FLEEEEING.
 41209 | Vaults:4 | 41209 ||| FLEEEEING.
 41210 | Vaults:4 | 41210 ||| FLEEEEING.
 41211 | Vaults:4 | 41211 ||| FLEEEEING.
 41212 | Vaults:4 | 41212 ||| FLEEEEING.
 41213 | Vaults:4 | 41213 ||| FLEEEEING.
 41214 | Vaults:4 | 41214 ||| FLEEEEING.
 41215 | Vaults:4 | 41215 ||| FLEEEEING.
 41216 | Vaults:4 | 41216 ||| FLEEEEING.
 41217 | Vaults:4 | 41217 ||| FLEEEEING.
 41218 | Vaults:4 | 41218 ||| FLEEEEING.
 41219 | Vaults:4 | 41219 ||| FLEEEEING.
 41220 | Vaults:4 | 41220 ||| FLEEEEING.
 41221 | Vaults:4 | 41221 ||| FLEEEEING.
 41222 | Vaults:4 | 41222 ||| FLEEEEING.
 41223 | Vaults:4 | 41223 ||| FLEEEEING.
 41224 | Vaults:4 | 41224 ||| FLEEEEING.
 41228 | Vaults:4 | 41228 ||| FLEEEEING.
 41229 | Vaults:4 | 41229 ||| FLEEEEING.
 41230 | Vaults:4 | 41230 ||| FLEEEEING.
 41231 | Vaults:4 | 41231 ||| FLEEEEING.
 41232 | Vaults:4 | 41232 ||| FLEEEEING.
 41233 | Vaults:4 | 41233 ||| FLEEEEING.
 41234 | Vaults:4 | 41234 ||| FLEEEEING.
 41235 | Vaults:4 | 41235 ||| FLEEEEING.
 41242 | Vaults:4 | 41242 ||| FLEEEEING.
 41243 | Vaults:4 | 41243 ||| FLEEEEING.
 41244 | Vaults:4 | 41244 ||| FLEEEEING.
 41245 | Vaults:4 | 41245 ||| FLEEEEING.
 41246 | Vaults:4 | 41246 ||| FLEEEEING.
 41247 | Vaults:4 | 41247 ||| FLEEEEING.
 41248 | Vaults:4 | 41248 ||| FLEEEEING.
 41249 | Vaults:4 | 41249 ||| FLEEEEING.
 41250 | Vaults:4 | 41250 ||| FLEEEEING.
 41251 | Vaults:4 | 41251 ||| FLEEEEING.
 41252 | Vaults:4 | 41252 ||| FLEEEEING.
 41255 | Vaults:4 | 41255 ||| FLEEEEING.
 41256 | Vaults:4 | 41256 ||| FLEEEEING.
 41257 | Vaults:4 | 41257 ||| FLEEEEING.
 41262 | Vaults:4 | 41262 ||| FLEEEEING.
 41263 | Vaults:4 | 41263 ||| FLEEEEING.
 41264 | Vaults:4 | 41264 ||| FLEEEEING.
 41265 | Vaults:4 | 41265 ||| FLEEEEING.
 41266 | Vaults:4 | 41266 ||| FLEEEEING.
 41267 | Vaults:4 | 41267 ||| FLEEEEING.
 41268 | Vaults:4 | 41268 ||| FLEEEEING.
 41269 | Vaults:4 | 41269 ||| FLEEEEING.
 41304 | Vaults:4 | 41304 ||| Stepping ~*~*~tactically~*~*~ (stealth).
 41508 | Vaults:4 | 41508 ||| Stepping ~*~*~tactically~*~*~ (hiding).
 41510 | Vaults:4 | 41510 ||| Stepping ~*~*~tactically~*~*~ (hiding).
 41511 | Vaults:4 | 41511 ||| Stepping ~*~*~tactically~*~*~ (hiding).
 41512 | Vaults:4 | 41512 ||| Stepping ~*~*~tactically~*~*~ (hiding).
 41513 | Vaults:4 | 41513 ||| Stepping ~*~*~tactically~*~*~ (hiding).
 41589 | Vaults:4 | Identified the scarf of Bacoerr {harm, Dex+2} (Okawaru
                  | gifted it to you on level 4 of the Vaults)
 41589 | Vaults:4 | Received a gift from Okawaru
 41745 | Vaults:4 | 41745 ||| Stepping ~*~*~tactically~*~*~ (hiding).
 41749 | Vaults:4 | 41749 ||| Stepping ~*~*~tactically~*~*~ (hiding).
 41805 | Vaults:4 | 41805 ||| Stepping ~*~*~tactically~*~*~ (stealth).
 41838 | Vaults:4 | Found Ewumma's Book Shoppe.
 41929 | Vaults:4 | 41929 ||| Stepping ~*~*~tactically~*~*~ (hiding).
 42023 | Vaults:4 | 42023 ||| Stepping ~*~*~tactically~*~*~ (stealth).
 42040 | Vaults:4 | 42040 ||| Stepping ~*~*~tactically~*~*~ (hiding).
 42059 | Vaults:4 | 42059 ||| Stepping ~*~*~tactically~*~*~ (hiding).
 42128 | Vaults:4 | 42128 ||| Stepping ~*~*~tactically~*~*~ (stealth).
 42134 | Vaults:4 | 42134 ||| Stepping ~*~*~tactically~*~*~ (stealth).
 42267 | Vaults:4 | 42267 ||| PLANNING SNAKE:4
 42267 | Vaults:4 | 42267 ||| DROPPING scarf of Bacoerr {harm, Dex+2}.
 42641 | Snake:4  | Entered Level 4 of the Snake Pit
 42688 | Snake:4  | 42688 ||| Stepping ~*~*~tactically~*~*~ (hiding).
 42741 | Snake:4  | 42741 ||| INVOKING Heroism.
 42805 | Snake:4  | HP: 35/144 [guardian serpent (6)]
 42806 | Snake:4  | 42806 ||| READING 12 scrolls of teleportation.
 42806 | Snake:4  | HP: 11/144 [naga ritualist/+0 halberd (13)]
 42807 | Snake:4  | 42807 ||| DRINKING 9 potions of heal wounds.
 42808 | Snake:4  | 42808 ||| DRINKING 8 potions of heal wounds.
 42827 | Snake:4  | 42827 ||| INVOKING Heroism.
 42871 | Snake:4  | HP: 35/144 [constriction (4)]
 42872 | Snake:4  | 42872 ||| READING 11 scrolls of teleportation.
 42873 | Snake:4  | 42873 ||| DRINKING 7 potions of heal wounds.
 42898 | Snake:4  | 42898 ||| INVOKING Heroism.
 42900 | Snake:4  | Received a gift from Okawaru
 43151 | Snake:4  | 43151 ||| DROPPING +0 antimagic broad axe.
 43162 | Snake:4  | 43162 ||| Stepping ~*~*~tactically~*~*~ (hiding).
 43163 | Snake:4  | 43163 ||| Stepping ~*~*~tactically~*~*~ (hiding).
 43164 | Snake:4  | 43164 ||| Stepping ~*~*~tactically~*~*~ (hiding).
 43277 | Snake:4  | Got a serpentine rune of Zot
 43471 | Snake:4  | 43471 ||| Stepping ~*~*~tactically~*~*~ (hiding).
 43673 | Snake:4  | 43673 ||| Stepping ~*~*~tactically~*~*~ (hiding).
 43846 | Snake:4  | 43846 ||| PLANNING DEPTHS
 44126 | Depths:1 | Entered Level 1 of the Depths
 44127 | Depths:1 | 44127 ||| INVOKING Heroism.
 44128 | Depths:1 | 44128 ||| INVOKING Finesse.
 44128 | Depths:1 | Paralysed by a floating eye for 3 turns
 44133 | Depths:1 | Reached XP level 22. HP: 95/149 MP: 21/29
 44157 | Depths:1 | 44157 ||| STAIRDANCE
 44157 | Depths:1 | HP: 27/149 [ettin/+0 dire flail (25)]
 44159 | D:15     | 44159 ||| READING 10 scrolls of teleportation.
 44160 | D:15     | 44160 ||| DRINKING 6 potions of heal wounds.
 44432 | D:15     | 44432 ||| Stepping ~*~*~tactically~*~*~ (hiding).
 44458 | D:15     | 44458 ||| INVOKING Heroism.
 44459 | D:15     | 44459 ||| INVOKING Finesse.
 44516 | Depths:1 | 44516 ||| INVOKING Heroism.
 44529 | Depths:1 | 44529 ||| STAIRDANCE
 44536 | D:15     | Received a gift from Okawaru
 44760 | Depths:1 | 44760 ||| STAIRDANCE
 44930 | Depths:1 | 44930 ||| FLEEEEING.
 44931 | Depths:1 | 44931 ||| Stepping ~*~*~tactically~*~*~ (hiding).
 44934 | Depths:1 | 44934 ||| INVOKING Heroism.
 44935 | Depths:1 | 44935 ||| INVOKING Finesse.
 44947 | Depths:1 | 44947 ||| Stepping ~*~*~tactically~*~*~ (hiding).
 44970 | Depths:1 | Received a gift from Okawaru
 45111 | Depths:1 | Found a one-way gate to the infinite horrors of the Abyss.
 45303 | Depths:1 | Received a gift from Okawaru
 45324 | Depths:1 | 45324 ||| INVOKING Finesse.
 45442 | Depths:1 | 45442 ||| Stepping ~*~*~tactically~*~*~ (stealth).
 45460 | Depths:1 | 45460 ||| INVOKING Finesse.
 45482 | Depths:1 | 45482 ||| INVOKING Heroism.
 45598 | Depths:1 | Received a gift from Okawaru
 45628 | Depths:1 | Found a one-way gate leading to the halls of Pandemonium.
 45678 | Depths:1 | 45678 ||| Stepping ~*~*~tactically~*~*~ (stealth).
 45834 | Depths:1 | 45834 ||| INVOKING Heroism.
 45903 | Depths:2 | 45903 ||| INVOKING Heroism.
 45904 | Depths:2 | 45904 ||| INVOKING Finesse.
 45925 | Depths:2 | Received a gift from Okawaru
 45929 | Depths:2 | 45929 ||| Stepping ~*~*~tactically~*~*~ (hiding).
 45930 | Depths:2 | 45930 ||| Stepping ~*~*~tactically~*~*~ (hiding).
 46066 | Depths:2 | 46066 ||| Stepping ~*~*~tactically~*~*~ (stealth).
 46068 | Depths:2 | 46068 ||| Stepping ~*~*~tactically~*~*~ (stealth).
 46168 | Depths:2 | Received a gift from Okawaru
 46169 | Depths:2 | 46169 ||| Stepping ~*~*~tactically~*~*~ (hiding).
 46219 | Depths:2 | 46219 ||| Stepping ~*~*~tactically~*~*~ (hiding).
 46223 | Depths:2 | 46223 ||| INVOKING Finesse.
 46224 | Depths:2 | 46224 ||| Stepping ~*~*~tactically~*~*~ (stealth).
 46232 | Depths:2 | Reached skill level 21 in Armour
 46319 | Depths:2 | 46319 ||| INVOKING Heroism.
 46352 | Depths:2 | Received a gift from Okawaru
 46385 | Depths:2 | 46385 ||| INVOKING Heroism.
 46396 | Depths:2 | Reached skill level 21 in Shields
 46536 | Depths:2 | 46536 ||| INVOKING Heroism.
 46572 | Depths:2 | 46572 ||| Stepping ~*~*~tactically~*~*~ (hiding).
 46735 | Depths:2 | 46735 ||| Stepping ~*~*~tactically~*~*~ (hiding).
 47006 | Depths:1 | Identified the +4 quarterstaff of the Original Sin {freeze,
                  | rElec rPois}
 47007 | Depths:1 | 47007 ||| Stepping randomly (stuck).
 47097 | Depths:2 | 47097 ||| INVOKING Heroism.
 47098 | Depths:2 | 47098 ||| INVOKING Finesse.
 47189 | Depths:2 | 47189 ||| Stepping ~*~*~tactically~*~*~ (hiding).
 47191 | Depths:2 | 47191 ||| Stepping ~*~*~tactically~*~*~ (hiding).
 47341 | Depths:2 | 47341 ||| Stepping ~*~*~tactically~*~*~ (hiding).
 47720 | Depths:3 | 47720 ||| Stepping ~*~*~tactically~*~*~ (hiding).
 47733 | Depths:3 | 47733 ||| INVOKING Heroism.
 47743 | Depths:3 | Reached XP level 23. HP: 146/156 MP: 28/30
 47874 | Depths:3 | 47874 ||| Stepping ~*~*~tactically~*~*~ (hiding).
 47877 | Depths:3 | 47877 ||| Stepping ~*~*~tactically~*~*~ (hiding).
 47878 | Depths:3 | 47878 ||| Stepping ~*~*~tactically~*~*~ (hiding).
 47912 | Depths:3 | 47912 ||| INVOKING Heroism.
 47930 | Depths:3 | 47930 ||| Stepping ~*~*~tactically~*~*~ (hiding).
 47964 | Depths:3 | 47964 ||| INVOKING Heroism.
 47987 | Depths:3 | Received a gift from Okawaru
 48011 | Depths:3 | 48011 ||| Stepping ~*~*~tactically~*~*~ (stealth).
 48096 | Depths:3 | Found a runed translucent door.
 48099 | Depths:3 | 48099 ||| Stepping ~*~*~tactically~*~*~ (hiding).
 48131 | Depths:3 | Received a gift from Okawaru
 48150 | Depths:3 | 48150 ||| INVOKING Heroism.
 48189 | Depths:3 | Noticed a juggernaut
 48190 | Depths:3 | 48190 ||| INVOKING Finesse.
 48206 | Depths:3 | Killed a juggernaut
 48206 | Depths:3 | Received a gift from Okawaru
 48208 | Depths:3 | 48208 ||| INVOKING Heroism.
 48226 | Depths:3 | Noticed a juggernaut
 48227 | Depths:3 | 48227 ||| Stepping ~*~*~tactically~*~*~ (stealth).
 48267 | Depths:3 | 48267 ||| INVOKING Heroism.
 48464 | Depths:3 | Found Fanuegui's Book Shoppe.
 48480 | Depths:3 | 48480 ||| Stepping ~*~*~tactically~*~*~ (hiding).
 48481 | Depths:3 | 48481 ||| Stepping ~*~*~tactically~*~*~ (hiding).
 48482 | Depths:3 | 48482 ||| INVOKING Heroism.
 48521 | Depths:3 | 48521 ||| Stepping ~*~*~tactically~*~*~ (stealth).
 48523 | Depths:3 | 48523 ||| Stepping ~*~*~tactically~*~*~ (hiding).
 48726 | Depths:3 | Identified the +0 pair of boots of Sin {Fly rElec rC+
                  | Stlth-}
 48844 | Depths:3 | 48844 ||| INVOKING Heroism.
 48851 | Depths:3 | Reached skill level 21 in Fighting
 48910 | Depths:3 | Found Zitolyno's Jewellery Shop.
 48910 | Depths:3 | Found Sykyceick's Book Emporium.
 48911 | Depths:3 | Found Ikhi's Jewellery Shop.
 48917 | Depths:3 | 48917 ||| BUYING amulet of reflection (600 gold).
 48917 | Depths:3 | Bought an amulet of reflection for 600 gold pieces
 48917 | Depths:3 | 48917 ||| BUYING ring of Hyungoaw {EV+5 Str+10} (1280
                  | gold).
 48917 | Depths:3 | Bought the ring of Hyungoaw {EV+5 Str+10} for 1280 gold
                  | pieces
 48921 | Depths:3 | 48921 ||| SHOPLISTING ring of resist corrosion (220 gold,
                  | have 32).
 48993 | Depths:3 | 48993 ||| INVOKING Heroism.
 49303 | Depths:3 | 49303 ||| DROPPING +0 cloak.
 49304 | Depths:3 | 49304 ||| DROPPING amulet "Qaocvic" {Regen+ Int+4}.
 49305 | Depths:3 | 49305 ||| DROPPING ring of protection from cold.
 49306 | Depths:3 | 49306 ||| UPGRADING to ring of Hyungoaw {EV+5 Str+10}.
 49308 | Depths:3 | 49308 ||| UPGRADING to +5 ring of evasion.
 49310 | Depths:3 | 49310 ||| DROPPING +6 ring of strength.
 49328 | Depths:4 | Entered Level 4 of the Depths
 49360 | Depths:4 | Found a one-way gateway to a ziggurat.
 49361 | Depths:4 | 49361 ||| INVOKING Heroism.
 49399 | Depths:4 | Noticed a golden dragon
 49401 | Depths:4 | 49401 ||| Stepping ~*~*~tactically~*~*~ (hiding).
 49404 | Depths:4 | 49404 ||| INVOKING Heroism.
 49411 | Depths:4 | Killed a golden dragon
 49411 | Depths:4 | Received a gift from Okawaru
 49454 | Depths:4 | Noticed Louise
 49455 | Depths:4 | 49455 ||| Stepping ~*~*~tactically~*~*~ (hiding).
 49456 | Depths:4 | 49456 ||| Stepping ~*~*~tactically~*~*~ (hiding).
 49456 | Depths:4 | Found Axuko's Antique Armour Boutique.
 49457 | Depths:4 | 49457 ||| Stepping ~*~*~tactically~*~*~ (hiding).
 49458 | Depths:4 | 49458 ||| Stepping ~*~*~tactically~*~*~ (stealth).
 49471 | Depths:4 | Killed Louise
 49477 | Depths:4 | 49477 ||| Stepping ~*~*~tactically~*~*~ (hiding).
 49481 | Depths:4 | 49481 ||| INVOKING Heroism.
 49493 | Depths:4 | Noticed Sojobo
 49494 | Depths:4 | 49494 ||| Stepping ~*~*~tactically~*~*~ (hiding).
 49520 | Depths:4 | Killed Sojobo
 49521 | Depths:4 | Reached skill level 6 in Dodging
 49593 | Depths:4 | 49593 ||| SHOPLISTING crude cloak (399 gold, have 80).
 49593 | Depths:4 | 49593 ||| SHOPLISTING pair of glowing boots (315 gold, have
                  | 80).
 49596 | Depths:4 | 49596 ||| INVOKING Heroism.
 49711 | Depths:4 | 49711 ||| Stepping ~*~*~tactically~*~*~ (hiding).
 49723 | Depths:4 | Received a gift from Okawaru
 49733 | Depths:4 | 49733 ||| Stepping ~*~*~tactically~*~*~ (hiding).
 49736 | Depths:4 | 49736 ||| INVOKING Heroism.
 49755 | Depths:4 | 49755 ||| Stepping ~*~*~tactically~*~*~ (hiding).
 49757 | Depths:4 | 49757 ||| Stepping ~*~*~tactically~*~*~ (hiding).
 49758 | Depths:4 | 49758 ||| Stepping ~*~*~tactically~*~*~ (hiding).
 49808 | Depths:4 | Found a gate to the Realm of Zot.
 49808 | Depths:4 | Noticed a golden dragon
 49815 | Depths:4 | 49815 ||| INVOKING Heroism.
 49821 | Depths:4 | Killed a golden dragon
 49822 | Depths:4 | Reached skill level 12 in Throwing
 49955 | Depths:4 | 49955 ||| Stepping ~*~*~tactically~*~*~ (stealth).
 49956 | Depths:4 | 49956 ||| INVOKING Heroism.
 50060 | Depths:4 | 50060 ||| INVOKING Heroism.
 50083 | Depths:4 | 50083 ||| Stepping ~*~*~tactically~*~*~ (hiding).
 50106 | Depths:4 | Identified the +0 arbalest of Okawaru's Grace {drain, Fly
                  | rPois Str+3 Dex+3}
 50113 | Depths:4 | 50113 ||| Stepping ~*~*~tactically~*~*~ (hiding).
 50200 | Depths:4 | 50200 ||| Stepping ~*~*~tactically~*~*~ (hiding).
 50245 | Depths:4 | 50245 ||| Stepping ~*~*~tactically~*~*~ (hiding).
 50252 | Depths:4 | Received a gift from Okawaru
 50643 | Depths:4 | 50643 ||| PLANNING VAULTS:5
 50643 | Depths:4 | 50643 ||| DROPPING +0 cloak of preservation.
 51016 | Vaults:5 | Entered Level 5 of the Vaults
 51021 | Vaults:5 | 51021 ||| STAIRDANCE
 51097 | Vaults:5 | Noticed a dread lich
 51098 | Vaults:5 | 51098 ||| INVOKING Heroism.
 51105 | Vaults:5 | Received a gift from Okawaru
 51114 | Vaults:5 | Received a gift from Okawaru
 51118 | Vaults:5 | Killed a dread lich
 51132 | Vaults:5 | Received a gift from Okawaru
 51150 | Vaults:5 | Reached XP level 24. HP: 61/168 MP: 30/30
 51159 | Vaults:5 | HP: 38/168 [phantasmal warrior (8)]
 51160 | Vaults:5 | 51160 ||| READING 13 scrolls of teleportation.
 51161 | Vaults:5 | 51161 ||| DRINKING 7 potions of heal wounds.
 51165 | Vaults:5 | 51165 ||| INVOKING Heroism.
 51194 | Vaults:5 | 51194 ||| INVOKING Heroism.
 51299 | Vaults:5 | 51299 ||| Stepping ~*~*~tactically~*~*~ (stealth).
 51307 | Vaults:5 | 51307 ||| INVOKING Heroism.
 51360 | Vaults:5 | 51360 ||| INVOKING Heroism.
 51376 | Vaults:5 | 51376 ||| INVOKING Heroism.
 51413 | Vaults:5 | 51413 ||| Stepping ~*~*~tactically~*~*~ (stealth).
 51415 | Vaults:5 | 51415 ||| Stepping ~*~*~tactically~*~*~ (stealth).
 51436 | Vaults:5 | Received a gift from Okawaru
 51483 | Vaults:5 | 51483 ||| Stepping ~*~*~tactically~*~*~ (stealth).
 51484 | Vaults:5 | 51484 ||| Stepping ~*~*~tactically~*~*~ (stealth).
 51515 | Vaults:5 | 51515 ||| INVOKING Heroism.
 51560 | Vaults:5 | Received a gift from Okawaru
 51628 | Vaults:5 | Identified the staff "Xemitua" {rF+ rCorr Str+4 Fire}
 51629 | Vaults:5 | 51629 ||| INVOKING Heroism.
 51684 | Vaults:5 | Identified the +5 chain mail "Raorul" {Regen+}
 51725 | Vaults:5 | 51725 ||| Stepping ~*~*~tactically~*~*~ (stealth).
 51730 | Vaults:5 | Received a gift from Okawaru
 51741 | Vaults:5 | 51741 ||| Stepping ~*~*~tactically~*~*~ (stealth).
 51748 | Vaults:5 | 51748 ||| INVOKING Heroism.
 51749 | Vaults:5 | Identified the +3 robe of the Other Side {rC+}
 51791 | Vaults:5 | Received a gift from Okawaru
 51820 | Vaults:5 | 51820 ||| FLEEEEING.
 51821 | Vaults:5 | 51821 ||| FLEEEEING.
 51822 | Vaults:5 | 51822 ||| STAIRDANCE
 51996 | Vaults:5 | 51996 ||| INVOKING Heroism.
 52190 | Vaults:5 | Received a gift from Okawaru
 52206 | Vaults:5 | 52206 ||| Stepping ~*~*~tactically~*~*~ (stealth).
 52221 | Vaults:5 | Identified the amulet "Vaeceann" {Acrobat Int+3}
 52248 | Vaults:5 | Noticed an ancient lich
 52249 | Vaults:5 | 52249 ||| INVOKING Heroism.
 52267 | Vaults:5 | Killed an ancient lich
 52267 | Vaults:5 | Received a gift from Okawaru
 52289 | Vaults:5 | 52289 ||| INVOKING Heroism.
 52329 | Vaults:5 | Identified the +6 whip of qw's Imminent Death {freeze,
                  | Will++}
 52339 | Vaults:5 | 52339 ||| INVOKING Heroism.
 52350 | Vaults:5 | 52350 ||| Stepping ~*~*~tactically~*~*~ (hiding).
 52352 | Vaults:5 | 52352 ||| Stepping ~*~*~tactically~*~*~ (hiding).
 52444 | Vaults:5 | 52444 ||| INVOKING Heroism.
 52502 | Vaults:5 | 52502 ||| Stepping ~*~*~tactically~*~*~ (stealth).
 52531 | Vaults:5 | 52531 ||| Stepping ~*~*~tactically~*~*~ (stealth).
 52532 | Vaults:5 | 52532 ||| Stepping ~*~*~tactically~*~*~ (stealth).
 52541 | Vaults:5 | 52541 ||| Stepping ~*~*~tactically~*~*~ (hiding).
 52544 | Vaults:5 | 52544 ||| Stepping ~*~*~tactically~*~*~ (hiding).
 52547 | Vaults:5 | 52547 ||| INVOKING Heroism.
 52581 | Vaults:5 | 52581 ||| Stepping ~*~*~tactically~*~*~ (stealth).
 52596 | Vaults:5 | Got a silver rune of Zot
 52747 | Vaults:5 | 52747 ||| Stepping ~*~*~tactically~*~*~ (stealth).
 52751 | Vaults:5 | 52751 ||| Stepping ~*~*~tactically~*~*~ (stealth).
 52755 | Vaults:5 | 52755 ||| Stepping ~*~*~tactically~*~*~ (stealth).
 52774 | Vaults:5 | 52774 ||| Stepping ~*~*~tactically~*~*~ (stealth).
 52775 | Vaults:5 | 52775 ||| Stepping ~*~*~tactically~*~*~ (stealth).
 52874 | Vaults:5 | 52874 ||| Stepping ~*~*~tactically~*~*~ (hiding).
 52910 | Vaults:5 | Found Geighenuku's Book Shop.
 53123 | Vaults:5 | 53123 ||| PLANNING SHOPPING SPREE
 53123 | Vaults:5 | 53123 ||| DROPPING +1 plate armour of willpower.
 53171 | Vaults:5 | 53171 ||| Stepping ~*~*~tactically~*~*~ (hiding).
 53536 | Depths:3 | 53536 ||| BUYING ring of resist corrosion (220 gold).
 53536 | Depths:3 | Bought a ring of resist corrosion for 220 gold pieces
 53578 | Depths:3 | 53578 ||| INVOKING Heroism.
 53588 | Depths:3 | Killed a juggernaut
 53634 | Depths:4 | 53634 ||| BUYING crude cloak (399 gold).
 53634 | Depths:4 | Bought a crude cloak for 399 gold pieces
 53634 | Depths:4 | Identified the +0 cloak of Mumblety Peg {rPois rF+ Slay+2
                  | SInv} (You bought it in a shop on level 4 of the Depths)
 53634 | Depths:4 | 53634 ||| BUYING pair of glowing boots (315 gold).
 53634 | Depths:4 | Bought a pair of glowing boots for 315 gold pieces
 53634 | Depths:4 | 53634 ||| DROPPING +1 cloak of poison resistance.
 53635 | Depths:4 | 53635 ||| UPGRADING to +0 cloak of Mumblety Peg {rPois rF+
                  | Slay+2 SInv}.
 53645 | Depths:4 | 53645 ||| DROPPING scarf of repulsion.
 53646 | Depths:4 | 53646 ||| DROPPING +1 pair of boots of stealth.
 53647 | Depths:4 | 53647 ||| CLEARING SHOPPING LIST
 53647 | Depths:4 | 53647 ||| PLANNING ZOT:1-4
 53662 | Depths:4 | 53662 ||| Stepping ~*~*~tactically~*~*~ (stealth).
 53665 | Depths:4 | 53665 ||| INVOKING Heroism.
 53737 | Zot:1    | Entered Level 1 of the Realm of Zot
 53745 | Zot:1    | 53745 ||| Stepping ~*~*~tactically~*~*~ (hiding).
 53778 | Zot:1    | 53778 ||| FLEEEEING.
 53779 | Zot:1    | 53779 ||| STAIRDANCE
 54050 | Zot:1    | Found a glowing golden altar of the Shining One.
 54161 | Zot:1    | 54161 ||| Stepping ~*~*~tactically~*~*~ (hiding).
 54162 | Zot:1    | 54162 ||| Stepping ~*~*~tactically~*~*~ (hiding).
 54220 | Zot:1    | 54220 ||| FLEEEEING.
 54221 | Zot:1    | 54221 ||| FLEEEEING.
 54222 | Zot:1    | 54222 ||| FLEEEEING.
 54223 | Zot:1    | 54223 ||| FLEEEEING.
 54224 | Zot:1    | 54224 ||| FLEEEEING.
 54225 | Zot:1    | 54225 ||| FLEEEEING.
 54226 | Zot:1    | 54226 ||| FLEEEEING.
 54231 | Zot:1    | 54231 ||| FLEEEEING.
 54232 | Zot:1    | 54232 ||| FLEEEEING.
 54233 | Zot:1    | 54233 ||| FLEEEEING.
 54234 | Zot:1    | 54234 ||| FLEEEEING.
 54269 | Zot:1    | Received a gift from Okawaru
 54386 | Zot:1    | Found a runed translucent door.
 54387 | Zot:1    | Noticed qw's ghost (veteran GrFi)
 54435 | Zot:1    | You are sucked into a shaft and drop 1 floor!
 54436 | Zot:2    | 54436 ||| Stepping ~*~*~tactically~*~*~ (hiding).
 54530 | Zot:2    | 54530 ||| Stepping ~*~*~tactically~*~*~ (hiding).
 54533 | Zot:2    | 54533 ||| INVOKING Heroism.
 54886 | Zot:1    | Reached skill level 24 in Fighting
 54889 | Zot:1    | Received a gift from Okawaru
 54903 | Zot:1    | 54903 ||| INVOKING Heroism.
 54918 | Zot:1    | Reached XP level 25. HP: 107/178 MP: 30/30
 56381 | Zot:2    | Received a gift from Okawaru
 56478 | Zot:2    | 56478 ||| INVOKING Heroism.
 56514 | Zot:2    | Received a gift from Okawaru
 56526 | Zot:2    | 56526 ||| INVOKING Heroism.
 56639 | Zot:2    | 56639 ||| Stepping ~*~*~tactically~*~*~ (hiding).
 56642 | Zot:2    | 56642 ||| INVOKING Heroism.
 56833 | Zot:2    | 56833 ||| INVOKING Heroism.
 57037 | Zot:2    | 57037 ||| Stepping ~*~*~tactically~*~*~ (hiding).
 57044 | Zot:2    | Received a gift from Okawaru
 57235 | Zot:2    | 57235 ||| DROPPING +2 hat of intelligence.
 57267 | Zot:3    | 57267 ||| INVOKING Heroism.
 57317 | Zot:3    | 57317 ||| Stepping ~*~*~tactically~*~*~ (hiding).
 57319 | Zot:3    | 57319 ||| Stepping ~*~*~tactically~*~*~ (stealth).
 57320 | Zot:3    | 57320 ||| Stepping ~*~*~tactically~*~*~ (hiding).
 57321 | Zot:3    | 57321 ||| Stepping ~*~*~tactically~*~*~ (hiding).
 57330 | Zot:3    | 57330 ||| INVOKING Heroism.
 57345 | Zot:3    | Received a gift from Okawaru
 57378 | Zot:3    | Received a gift from Okawaru
 57644 | Zot:3    | 57644 ||| Stepping ~*~*~tactically~*~*~ (hiding).
 57648 | Zot:3    | 57648 ||| INVOKING Heroism.
 57652 | Zot:3    | Noticed a Killer Klown
 57657 | Zot:3    | 57657 ||| Stepping ~*~*~tactically~*~*~ (hiding).
 57660 | Zot:3    | 57660 ||| Stepping ~*~*~tactically~*~*~ (hiding).
 57662 | Zot:3    | 57662 ||| Stepping ~*~*~tactically~*~*~ (hiding).
 57679 | Zot:3    | Killed a Killer Klown
 57730 | Zot:3    | 57730 ||| Stepping ~*~*~tactically~*~*~ (stealth).
 57731 | Zot:3    | 57731 ||| Stepping ~*~*~tactically~*~*~ (stealth).
 57884 | Zot:3    | 57884 ||| INVOKING Heroism.
 58021 | Zot:3    | 58021 ||| Stepping ~*~*~tactically~*~*~ (hiding).
 58028 | Zot:3    | Received a gift from Okawaru
 58184 | Zot:3    | Noticed a Killer Klown
 58185 | Zot:3    | 58185 ||| INVOKING Heroism.
 58223 | Zot:3    | Killed a Killer Klown
 58280 | Zot:3    | 58280 ||| Stepping ~*~*~tactically~*~*~ (stealth).
 58324 | Zot:3    | 58324 ||| Stepping ~*~*~tactically~*~*~ (stealth).
 58444 | Zot:3    | 58444 ||| INVOKING Heroism.
 58716 | Zot:3    | 58716 ||| INVOKING Heroism.
 58789 | Zot:4    | 58789 ||| INVOKING Heroism.
 58808 | Zot:4    | Received a gift from Okawaru
 58815 | Zot:4    | 58815 ||| STAIRDANCE
 59074 | Zot:4    | 59074 ||| INVOKING Heroism.
 59090 | Zot:4    | 59090 ||| STAIRDANCE
 59092 | Zot:3    | HP: 37/181 [white draconian/+2 war axe of electrocution[a
                  | yellow draconian annihilator] (23)]
 59093 | Zot:3    | 59093 ||| READING 13 scrolls of teleportation.
 59094 | Zot:3    | 59094 ||| DRINKING 7 potions of heal wounds.
 59096 | Zot:3    | Reached skill level 15 in Throwing
 59098 | Zot:3    | HP: 42/181 [??? (11)]
 59099 | Zot:3    | 59099 ||| DRINKING 6 potions of heal wounds.
 59366 | Zot:4    | 59366 ||| INVOKING Heroism.
 59392 | Zot:4    | Received a gift from Okawaru
 59409 | Zot:4    | Received a gift from Okawaru
 59421 | Zot:4    | HP: 39/182 [red draconian scorcher/damnation (28)]
 59422 | Zot:4    | 59422 ||| READING 12 scrolls of teleportation.
 59423 | Zot:4    | 59423 ||| DRINKING 5 potions of heal wounds.
 59431 | Zot:4    | 59431 ||| FLEEEEING.
 59432 | Zot:4    | 59432 ||| STAIRDANCE
 59665 | Zot:4    | 59665 ||| Stepping ~*~*~tactically~*~*~ (hiding).
 59667 | Zot:4    | 59667 ||| Stepping ~*~*~tactically~*~*~ (hiding).
 59746 | Zot:4    | 59746 ||| Stepping ~*~*~tactically~*~*~ (hiding).
 59747 | Zot:4    | 59747 ||| Stepping ~*~*~tactically~*~*~ (hiding).
 59748 | Zot:4    | 59748 ||| Stepping ~*~*~tactically~*~*~ (hiding).
 59749 | Zot:4    | 59749 ||| INVOKING Heroism.
 59757 | Zot:4    | Received a gift from Okawaru
 59768 | Zot:4    | 59768 ||| Stepping ~*~*~tactically~*~*~ (hiding).
 59902 | Zot:4    | Identified the +0 scale mail of Activism {rC- Dex+3 Slay+3}
 59973 | Zot:4    | Received a gift from Okawaru
 60101 | Zot:4    | 60101 ||| PLANNING SLIME:5
 60101 | Zot:4    | 60101 ||| UPGRADING to +0 acid dragon scales.
 60111 | Zot:4    | 60111 ||| READING 3 scrolls of enchant armour.
 60111 | Zot:4    | 60111 ||| ENCHANTING +0 acid dragon scales.
 60112 | Zot:4    | 60112 ||| READING 2 scrolls of enchant armour.
 60112 | Zot:4    | 60112 ||| ENCHANTING +1 acid dragon scales.
 60113 | Zot:4    | 60113 ||| READING scroll of enchant armour.
 60113 | Zot:4    | 60113 ||| ENCHANTING +2 acid dragon scales.
 60579 | Slime:1  | Entered Level 1 of the Pits of Slime
 60587 | Slime:1  | Reached XP level 26. HP: 189/189 MP: 30/30
 60661 | Slime:2  | You are sucked into a shaft and drop 2 floors!
 60675 | Slime:4  | Received a gift from Okawaru
 60692 | Slime:5  | Entered Level 5 of the Pits of Slime
 60712 | Slime:5  | Reached skill level 9 in Dodging
 60725 | Slime:5  | 60725 ||| INVOKING Heroism.
 60735 | Slime:5  | 60735 ||| FLEEEEING.
 60736 | Slime:5  | 60736 ||| FLEEEEING.
 60736 | Slime:5  | Noticed the Royal Jelly
 60737 | Slime:5  | 60737 ||| STAIRDANCE
 60848 | Slime:5  | 60848 ||| INVOKING Heroism.
 60849 | Slime:5  | 60849 ||| INVOKING Finesse.
 60857 | Slime:5  | Received a gift from Okawaru
 60863 | Slime:5  | Killed the Royal Jelly
 60868 | Slime:5  | 60868 ||| STAIRDANCE
 61176 | Slime:5  | 61176 ||| Stepping ~*~*~tactically~*~*~ (stealth).
 61185 | Slime:5  | Received a gift from Okawaru
 61186 | Slime:5  | Found the +7 captain's cutlass {speed, disarm}
 61197 | Slime:5  | Gained mutation: Your body sometimes deteriorates upon
                  | taking damage. [a shining eye]
 61246 | Slime:5  | 61246 ||| Stepping ~*~*~tactically~*~*~ (stealth).
 61247 | Slime:5  | 61247 ||| Stepping ~*~*~tactically~*~*~ (stealth).
 61295 | Slime:5  | 61295 ||| INVOKING Heroism.
 61307 | Slime:5  | 61307 ||| FLEEEEING.
 61308 | Slime:5  | 61308 ||| FLEEEEING.
 61309 | Slime:5  | 61309 ||| FLEEEEING.
 61310 | Slime:5  | 61310 ||| FLEEEEING.
 61487 | Slime:5  | Identified the +4 lajatang of Overwhelming Force {elec,
                  | Will+ MP+9 Str+3 Stlth-}
 61508 | Slime:5  | Identified the +0 spear of Icyxke Umosm {holy, Str+2}
 61511 | Slime:5  | Got a slimy rune of Zot
 61521 | Slime:5  | Identified the staff of Causality {rPois rN+ Dex+6 Stlth-
                  | Earth}
 61945 | Slime:5  | 61945 ||| PLANNING THE SHINING ONE WORSHIP
 61945 | Slime:5  | 61945 ||| UPGRADING to +3 gold dragon scales "Hepraeh"
                  | {+Inv rPois rF+ rC+}.
 61955 | Slime:5  | 61955 ||| DROPPING +3 acid dragon scales.
 61956 | Slime:5  | 61956 ||| DROPPING ring of resist corrosion.
 61988 | Slime:4  | Gained mutation: You have large cloven feet. [a shining
                  | eye]
 61989 | Slime:4  | Received a gift from Okawaru
 66605 | Slime:4  | 66605 ||| PLANNING THE SHINING ONE WORSHIP
 66638 | Slime:2  | 66638 ||| Stepping ~*~*~tactically~*~*~ (hiding).
 66751 | Slime:2  | 66751 ||| Stepping ~*~*~tactically~*~*~ (hiding).
 66919 | Slime:2  | Gained mutation: You are clumsy. (Dex -2) [a shining eye]
 66923 | Slime:2  | Gained mutation: Potions are less effective at restoring
                  | your health. [a shining eye]
 66941 | Slime:2  | 66941 ||| FLEEEEING.
 66942 | Slime:2  | 66942 ||| STAIRDANCE
 66982 | Slime:1  | 66982 ||| DRINKING 11 potions of mutation.
 66982 | Slime:1  | Lost mutation: You have large cloven feet. [potion of
                  | mutation]
 66982 | Slime:1  | Lost mutation: Your body sometimes deteriorates upon taking
                  | damage. [potion of mutation]
 66982 | Slime:1  | Lost mutation: You are clumsy. (Dex -2) [potion of
                  | mutation]
 66982 | Slime:1  | Gained mutation: You are dopey. (Int -2) [potion of
                  | mutation]
 66982 | Slime:1  | Gained mutation: You have hidden genetic potential. [potion
                  | of mutation]
 66983 | Slime:1  | 66983 ||| DRINKING 10 potions of mutation.
 66983 | Slime:1  | Lost mutation: You are dopey. (Int -2) [potion of mutation]
 66983 | Slime:1  | Lost mutation: You have hidden genetic potential. [potion
                  | of mutation]
 66983 | Slime:1  | Gained mutation: You are weak. (Str -2) [potion of
                  | mutation]
 66983 | Slime:1  | Gained mutation: You expend magic power (3 MP) to
                  | strengthen your wands. [potion of mutation]
 66984 | Slime:1  | 66984 ||| DRINKING 9 potions of mutation.
 66984 | Slime:1  | Lost mutation: You expend magic power (3 MP) to strengthen
                  | your wands. [potion of mutation]
 66984 | Slime:1  | Lost mutation: You are weak. (Str -2) [potion of mutation]
 66984 | Slime:1  | Lost mutation: Potions are less effective at restoring your
                  | health. [potion of mutation]
 66984 | Slime:1  | Gained mutation: [Your magical capacity is low. (-10% MP)]
                  | [potion of mutation]
 66984 | Slime:1  | Gained mutation: You have sharp toenails. [potion of
                  | mutation]
 66984 | Slime:1  | Gained mutation: You are agile. (Dex +4, Str/Int -1)
                  | [potion of mutation]
 67062 | Lair:3   | Fell from the grace of Okawaru
 67062 | Lair:3   | Became a worshipper of the Shining One
 67063 | Lair:3   | 67063 ||| PLANNING CRYPT
 67260 | Crypt:1  | Entered Level 1 of the Crypt
 67286 | Crypt:1  | 67286 ||| Stepping ~*~*~tactically~*~*~ (hiding).
 67316 | Crypt:1  | 67316 ||| PLANNING CRYPT
 67320 | Crypt:1  | 67320 ||| Stepping ~*~*~tactically~*~*~ (hiding).
 67348 | Crypt:1  | Noticed Zenata
 67356 | Crypt:1  | Reached * piety under the Shining One
 67363 | Crypt:1  | Killed Zenata
 67427 | Crypt:1  | Reached ** piety under the Shining One
 67464 | Crypt:1  | 67464 ||| Stepping ~*~*~tactically~*~*~ (cloud).
 67466 | Crypt:1  | 67466 ||| Stepping ~*~*~tactically~*~*~ (cloud).
 67468 | Crypt:1  | 67468 ||| Stepping ~*~*~tactically~*~*~ (cloud).
 67550 | Crypt:1  | 67550 ||| FLEEEEING.
 67551 | Crypt:1  | 67551 ||| FLEEEEING.
 67552 | Crypt:1  | 67552 ||| FLEEEEING.
 67553 | Crypt:1  | 67553 ||| FLEEEEING.
 67555 | Crypt:1  | 67555 ||| FLEEEEING.
 67556 | Crypt:1  | 67556 ||| FLEEEEING.
 67557 | Crypt:1  | 67557 ||| FLEEEEING.
 67558 | Crypt:1  | 67558 ||| FLEEEEING.
 67559 | Crypt:1  | 67559 ||| FLEEEEING.
 67560 | Crypt:1  | 67560 ||| FLEEEEING.
 67561 | Crypt:1  | 67561 ||| FLEEEEING.
 67576 | Crypt:1  | Reached skill level 12 in Invocations
 67581 | Crypt:1  | Identified the +2 leather armour of Olofedekk {Rampage rN+
                  | Int-4}
 67590 | Crypt:1  | Reached *** piety under the Shining One
 67601 | Crypt:1  | Noticed Vv
 67618 | Crypt:1  | Killed Vv
 67691 | Crypt:1  | 67691 ||| Stepping ~*~*~tactically~*~*~ (hiding).
 67849 | Crypt:1  | Identified the +5 leather armour of Day {rPois rF- rC++
                  | Int+3}
 68087 | Crypt:2  | Reached **** piety under the Shining One
 68195 | Crypt:2  | 68195 ||| Stepping ~*~*~tactically~*~*~ (stealth).
 68196 | Crypt:2  | 68196 ||| Stepping ~*~*~tactically~*~*~ (stealth).
 68198 | Crypt:2  | 68198 ||| Stepping ~*~*~tactically~*~*~ (hiding).
 68212 | Crypt:2  | Reached ***** piety under the Shining One
 68227 | Crypt:2  | Found an ancient bone altar of Kikubaaqudgha.
 68295 | Crypt:2  | 68295 ||| Stepping ~*~*~tactically~*~*~ (hiding).
 68296 | Crypt:2  | 68296 ||| Stepping ~*~*~tactically~*~*~ (hiding).
 68297 | Crypt:2  | 68297 ||| Stepping ~*~*~tactically~*~*~ (hiding).
 68300 | Crypt:2  | 68300 ||| Stepping ~*~*~tactically~*~*~ (hiding).
 68544 | Crypt:2  | 68544 ||| Stepping ~*~*~tactically~*~*~ (hiding).
 68573 | Crypt:2  | 68573 ||| Stepping ~*~*~tactically~*~*~ (stealth).
 68719 | Crypt:2  | Reached ****** piety under the Shining One
 68728 | Crypt:2  | 68728 ||| INVOKING Brand Weapon With Holy Wrath.
 68728 | Crypt:2  | Identified a +6 broad axe of holy wrath (a +4 broad axe of
                  | draining blessed by the Shining One)
 68728 | Crypt:2  | Received a gift from the Shining One
 68729 | Crypt:2  | 68729 ||| SWAPPING to +6 broad axe of holy wrath.
 68730 | Crypt:2  | 68730 ||| READING 2 scrolls of enchant weapon.
 68730 | Crypt:2  | 68730 ||| ENCHANTING +6 broad axe of holy wrath.
 68731 | Crypt:2  | 68731 ||| READING scroll of enchant weapon.
 68731 | Crypt:2  | 68731 ||| ENCHANTING +7 broad axe of holy wrath.
 68946 | Crypt:2  | 68946 ||| FLEEEEING.
 68947 | Crypt:2  | 68947 ||| FLEEEEING.
 68948 | Crypt:2  | 68948 ||| FLEEEEING.
 68949 | Crypt:2  | 68949 ||| FLEEEEING.
 68951 | Crypt:2  | 68951 ||| FLEEEEING.
 68952 | Crypt:2  | 68952 ||| FLEEEEING.
 68953 | Crypt:2  | 68953 ||| FLEEEEING.
 68955 | Crypt:2  | 68955 ||| STAIRDANCE
 69010 | Crypt:1  | 69010 ||| DROPPING ring "Viykes" {Ice Drain rN+++ rCorr
                  | Str-3}.
 69011 | Crypt:1  | 69011 ||| DROPPING ring of Wonder {Fire rElec rN++ Stlth-}.
 69021 | Crypt:2  | 69021 ||| STAIRDANCE
 69083 | Crypt:2  | 69083 ||| STAIRDANCE
 69362 | Crypt:3  | Entered Level 3 of the Crypt
 69362 | Crypt:3  | Noticed a dread lich
 69363 | Crypt:3  | 69363 ||| INVOKING Summon Divine Warrior.
 69375 | Crypt:3  | Killed a dread lich
 69385 | Crypt:3  | 69385 ||| INVOKING Cleansing Flame.
 69386 | Crypt:3  | 69386 ||| INVOKING Cleansing Flame.
 69387 | Crypt:3  | 69387 ||| INVOKING Cleansing Flame.
 69388 | Crypt:3  | Reached XP level 27. HP: 188/197 MP: 15/30
 69389 | Crypt:3  | Reached skill level 15 in Invocations
 69701 | Crypt:3  | 69701 ||| INVOKING Cleansing Flame.
 69780 | Crypt:3  | Found a staircase to the Tomb.
 69989 | Crypt:3  | Noticed a dread lich
 69989 | Crypt:3  | Noticed a dread lich
 70198 | Crypt:3  | 70198 ||| PLANNING TOMB
 70214 | Tomb:1   | Entered Level 1 of the Tomb of the Ancients
 70607 | Tomb:1   | 70607 ||| FLEEEEING.
 70608 | Tomb:1   | 70608 ||| FLEEEEING.
 70609 | Tomb:1   | 70609 ||| FLEEEEING.
 70610 | Tomb:1   | 70610 ||| FLEEEEING.
 70611 | Tomb:1   | 70611 ||| FLEEEEING.
 70612 | Tomb:1   | 70612 ||| FLEEEEING.
 70613 | Tomb:1   | 70613 ||| FLEEEEING.
 70619 | Tomb:1   | 70619 ||| FLEEEEING.
 70620 | Tomb:1   | 70620 ||| FLEEEEING.
 70621 | Tomb:1   | 70621 ||| FLEEEEING.
 70622 | Tomb:1   | 70622 ||| FLEEEEING.
 70623 | Tomb:1   | 70623 ||| FLEEEEING.
 70624 | Tomb:1   | 70624 ||| FLEEEEING.
 70625 | Tomb:1   | 70625 ||| FLEEEEING.
 70626 | Tomb:1   | 70626 ||| FLEEEEING.
 70627 | Tomb:1   | 70627 ||| FLEEEEING.
 70628 | Tomb:1   | 70628 ||| FLEEEEING.
 70629 | Tomb:1   | 70629 ||| FLEEEEING.
 70630 | Tomb:1   | 70630 ||| FLEEEEING.
 70631 | Tomb:1   | 70631 ||| FLEEEEING.
 70646 | Tomb:1   | 70646 ||| Stepping ~*~*~tactically~*~*~ (hiding).
 70649 | Tomb:1   | 70649 ||| INVOKING Cleansing Flame.
 70671 | Tomb:1   | Noticed a royal mummy
 70672 | Tomb:1   | 70672 ||| INVOKING Summon Divine Warrior.
 70673 | Tomb:1   | 70673 ||| INVOKING Cleansing Flame.
 70676 | Tomb:1   | Killed a royal mummy
 70680 | Tomb:1   | 70680 ||| INVOKING Summon Divine Warrior.
 70950 | Tomb:1   | 70950 ||| INVOKING Cleansing Flame.
 70951 | Tomb:1   | 70951 ||| INVOKING Cleansing Flame.
 70967 | Tomb:1   | 70967 ||| INVOKING Cleansing Flame.
 70968 | Tomb:1   | 70968 ||| INVOKING Cleansing Flame.
 70971 | Tomb:1   | Noticed a royal mummy
 70972 | Tomb:1   | 70972 ||| INVOKING Summon Divine Warrior.
 70972 | Tomb:1   | Identified the +1 halberd "Ruocweol" {heavy, rElec rN+
                  | Stlth+}
 70981 | Tomb:1   | Killed a royal mummy
 70982 | Tomb:1   | 70982 ||| INVOKING Cleansing Flame.
 70983 | Tomb:1   | 70983 ||| INVOKING Cleansing Flame.
 71054 | Tomb:1   | Noticed a royal mummy
 71055 | Tomb:1   | 71055 ||| INVOKING Cleansing Flame.
 71062 | Tomb:1   | Killed a royal mummy
 71189 | Tomb:1   | 71189 ||| INVOKING Cleansing Flame.
 71279 | Tomb:1   | 71279 ||| INVOKING Cleansing Flame.
 71459 | Tomb:1   | 71459 ||| UPGRADING to +2 pair of gloves of strength.
 71469 | Tomb:1   | 71469 ||| DROPPING +2 pair of gloves.
 71828 | Tomb:2   | Noticed a royal mummy
 71829 | Tomb:2   | 71829 ||| DRINKING 3 potions of haste.
 71830 | Tomb:2   | 71830 ||| DRINKING 6 potions of attraction.
 71832 | Tomb:2   | 71832 ||| INVOKING Cleansing Flame.
 71834 | Tomb:2   | Noticed a royal mummy
 71834 | Tomb:2   | 71834 ||| INVOKING Summon Divine Warrior.
 71835 | Tomb:2   | 71835 ||| INVOKING Cleansing Flame.
 71836 | Tomb:2   | Reached skill level 18 in Invocations
 71843 | Tomb:2   | Killed a royal mummy
 71847 | Tomb:2   | Killed a royal mummy
 71898 | Tomb:2   | Noticed a royal mummy
 71899 | Tomb:2   | 71899 ||| INVOKING Cleansing Flame.
 71909 | Tomb:2   | Killed a royal mummy
 71915 | Tomb:2   | Noticed a royal mummy
 71923 | Tomb:2   | 71923 ||| INVOKING Cleansing Flame.
 71924 | Tomb:2   | 71924 ||| INVOKING Cleansing Flame.
 71925 | Tomb:2   | 71925 ||| INVOKING Cleansing Flame.
 71925 | Tomb:2   | Killed a royal mummy
 72063 | Tomb:2   | 72063 ||| INVOKING Cleansing Flame.
 72793 | Tomb:1   | Noticed a royal mummy
 72793 | Tomb:1   | Noticed a royal mummy
 72793 | Tomb:1   | Noticed a royal mummy
 72793 | Tomb:1   | Noticed a royal mummy
 72794 | Tomb:1   | 72794 ||| INVOKING Cleansing Flame.
 72795 | Tomb:1   | 72795 ||| INVOKING Summon Divine Warrior.
 72799 | Tomb:1   | 72799 ||| INVOKING Cleansing Flame.
 72799 | Tomb:1   | Killed a royal mummy
 72800 | Tomb:1   | 72800 ||| INVOKING Cleansing Flame.
 72801 | Tomb:1   | 72801 ||| INVOKING Cleansing Flame.
 72801 | Tomb:1   | Killed a royal mummy
 72801 | Tomb:1   | Killed a royal mummy
 72801 | Tomb:1   | HP: 38/197 [something (31)]
 72802 | Tomb:1   | 72802 ||| READING 16 scrolls of teleportation.
 72803 | Tomb:1   | 72803 ||| DRINKING 5 potions of heal wounds.
 72916 | Tomb:1   | 72916 ||| INVOKING Summon Divine Warrior.
 73155 | Tomb:1   | Was forgiven by Okawaru
 73336 | Tomb:1   | 73336 ||| INVOKING Summon Divine Warrior.
 73344 | Tomb:1   | Killed a royal mummy
 73429 | Tomb:1   | Noticed a royal mummy
 73432 | Tomb:1   | Noticed a royal mummy
 73435 | Tomb:1   | Killed a royal mummy
 73438 | Tomb:1   | 73438 ||| INVOKING Cleansing Flame.
 73439 | Tomb:1   | 73439 ||| INVOKING Cleansing Flame.
 73439 | Tomb:1   | Killed a royal mummy
 73522 | Tomb:1   | Noticed a royal mummy
 73525 | Tomb:1   | 73525 ||| INVOKING Cleansing Flame.
 73527 | Tomb:1   | Noticed a royal mummy
 73528 | Tomb:1   | Killed a royal mummy
 73538 | Tomb:1   | Killed a royal mummy
 73540 | Tomb:1   | Noticed a royal mummy
 73541 | Tomb:1   | Noticed a royal mummy
 73544 | Tomb:1   | 73544 ||| INVOKING Summon Divine Warrior.
 73548 | Tomb:1   | Killed a royal mummy
 73552 | Tomb:1   | Killed a royal mummy
 73633 | Tomb:1   | Noticed a royal mummy
 73639 | Tomb:1   | Killed a royal mummy
 73664 | Tomb:1   | Noticed a royal mummy
 73670 | Tomb:1   | Killed a royal mummy
 73671 | Tomb:1   | Reached skill level 21 in Invocations
 73695 | Tomb:1   | Noticed a royal mummy
 73698 | Tomb:1   | Noticed a royal mummy
 73699 | Tomb:1   | 73699 ||| INVOKING Cleansing Flame.
 73700 | Tomb:1   | 73700 ||| INVOKING Cleansing Flame.
 73701 | Tomb:1   | Killed a royal mummy
 73703 | Tomb:1   | Noticed a royal mummy
 73704 | Tomb:1   | 73704 ||| INVOKING Cleansing Flame.
 73705 | Tomb:1   | 73705 ||| INVOKING Cleansing Flame.
 73705 | Tomb:1   | Killed a royal mummy
 73705 | Tomb:1   | Noticed a royal mummy
 73708 | Tomb:1   | Killed a royal mummy
 73709 | Tomb:1   | 73709 ||| INVOKING Cleansing Flame.
 73710 | Tomb:1   | 73710 ||| INVOKING Cleansing Flame.
 73711 | Tomb:1   | 73711 ||| INVOKING Cleansing Flame.
 73713 | Tomb:1   | Killed a royal mummy
 73715 | Tomb:1   | Noticed a royal mummy
 73720 | Tomb:1   | 73720 ||| INVOKING Cleansing Flame.
 73721 | Tomb:1   | 73721 ||| DRINKING 3 potions of magic.
 73722 | Tomb:1   | 73722 ||| INVOKING Cleansing Flame.
 73722 | Tomb:1   | Killed a royal mummy
 73722 | Tomb:1   | Noticed a royal mummy
 73723 | Tomb:1   | 73723 ||| INVOKING Cleansing Flame.
 73724 | Tomb:1   | 73724 ||| INVOKING Cleansing Flame.
 73724 | Tomb:1   | HP: 45/197 [royal mummy/divine providence (14)]
 73725 | Tomb:1   | 73725 ||| READING 15 scrolls of teleportation.
 73726 | Tomb:1   | 73726 ||| DRINKING 4 potions of heal wounds.
 74180 | Tomb:1   | 74180 ||| Stepping ~*~*~tactically~*~*~ (hiding).
 74185 | Tomb:1   | 74185 ||| INVOKING Summon Divine Warrior.
 74186 | Tomb:1   | 74186 ||| INVOKING Cleansing Flame.
 74187 | Tomb:1   | 74187 ||| INVOKING Cleansing Flame.
 74188 | Tomb:1   | Killed a royal mummy
 74501 | Tomb:2   | 74501 ||| INVOKING Cleansing Flame.
 74502 | Tomb:2   | 74502 ||| INVOKING Cleansing Flame.
 74516 | Tomb:2   | 74516 ||| INVOKING Cleansing Flame.
 74525 | Tomb:2   | 74525 ||| INVOKING Summon Divine Warrior.
 74532 | Tomb:2   | 74532 ||| INVOKING Cleansing Flame.
 74533 | Tomb:2   | 74533 ||| Stepping ~*~*~tactically~*~*~ (hiding).
 74538 | Tomb:2   | 74538 ||| INVOKING Cleansing Flame.
 74539 | Tomb:2   | 74539 ||| INVOKING Cleansing Flame.
 74631 | Tomb:2   | 74631 ||| Stepping ~*~*~tactically~*~*~ (stealth).
 74633 | Tomb:2   | 74633 ||| Stepping ~*~*~tactically~*~*~ (hiding).
 74638 | Tomb:2   | 74638 ||| INVOKING Cleansing Flame.
 74711 | Tomb:3   | Entered Level 3 of the Tomb of the Ancients
 74712 | Tomb:3   | 74712 ||| DRINKING 2 potions of haste.
 74713 | Tomb:3   | 74713 ||| DRINKING 5 potions of attraction.
 74728 | Tomb:3   | 74728 ||| INVOKING Cleansing Flame.
 74729 | Tomb:3   | 74729 ||| INVOKING Cleansing Flame.
 74730 | Tomb:3   | 74730 ||| INVOKING Cleansing Flame.
 74731 | Tomb:3   | 74731 ||| INVOKING Cleansing Flame.
 74731 | Tomb:3   | Noticed a royal mummy
 74732 | Tomb:3   | 74732 ||| INVOKING Cleansing Flame.
 74733 | Tomb:3   | 74733 ||| INVOKING Cleansing Flame.
 74733 | Tomb:3   | Noticed a royal mummy
 74734 | Tomb:3   | 74734 ||| INVOKING Cleansing Flame.
 74735 | Tomb:3   | 74735 ||| INVOKING Cleansing Flame.
 74736 | Tomb:3   | 74736 ||| INVOKING Cleansing Flame.
 74736 | Tomb:3   | Found the +9 sword of Zonguldrok {reap}
 74737 | Tomb:3   | 74737 ||| INVOKING Cleansing Flame.
 74739 | Tomb:3   | 74739 ||| INVOKING Summon Divine Warrior.
 74740 | Tomb:3   | 74740 ||| INVOKING Summon Divine Warrior.
 74744 | Tomb:3   | 74744 ||| INVOKING Cleansing Flame.
 74750 | Tomb:3   | Killed a royal mummy
 74751 | Tomb:3   | Reached skill level 24 in Invocations
 74758 | Tomb:3   | 74758 ||| INVOKING Cleansing Flame.
 74762 | Tomb:3   | 74762 ||| INVOKING Cleansing Flame.
 74764 | Tomb:3   | Noticed a royal mummy
 74768 | Tomb:3   | Killed a royal mummy
 74769 | Tomb:3   | Noticed a royal mummy
 74771 | Tomb:3   | Noticed a royal mummy
 74775 | Tomb:3   | 74775 ||| INVOKING Cleansing Flame.
 74776 | Tomb:3   | 74776 ||| INVOKING Cleansing Flame.
 74776 | Tomb:3   | Killed a royal mummy
 74779 | Tomb:3   | 74779 ||| INVOKING Cleansing Flame.
 74780 | Tomb:3   | 74780 ||| INVOKING Cleansing Flame.
 74780 | Tomb:3   | Noticed a royal mummy
 74781 | Tomb:3   | 74781 ||| INVOKING Cleansing Flame.
 74782 | Tomb:3   | 74782 ||| INVOKING Cleansing Flame.
 74782 | Tomb:3   | Killed a royal mummy
 74784 | Tomb:3   | Noticed a royal mummy
 74786 | Tomb:3   | HP: 43/197 [??? (8)]
 74787 | Tomb:3   | 74787 ||| READING 15 scrolls of teleportation.
 74787 | Tomb:3   | HP: 17/197 [royal mummy/divine providence (13)]
 74788 | Tomb:3   | 74788 ||| DRINKING 3 potions of heal wounds.
 74789 | Tomb:3   | 74789 ||| DRINKING 2 potions of heal wounds.
 74806 | Tomb:3   | 74806 ||| INVOKING Summon Divine Warrior.
 74838 | Tomb:3   | 74838 ||| INVOKING Cleansing Flame.
 74838 | Tomb:3   | Killed a royal mummy
 74851 | Tomb:3   | Noticed a royal mummy
 74854 | Tomb:3   | 74854 ||| INVOKING Cleansing Flame.
 74856 | Tomb:3   | Killed a royal mummy
 74857 | Tomb:3   | 74857 ||| INVOKING Cleansing Flame.
 74858 | Tomb:3   | 74858 ||| INVOKING Cleansing Flame.
 74859 | Tomb:3   | 74859 ||| INVOKING Cleansing Flame.
 74859 | Tomb:3   | Killed a royal mummy
 74957 | Tomb:3   | Killed a royal mummy
 75512 | Tomb:3   | Identified the +4 arbalest of the Onslaught {penet, Dex+3
                  | Stlth+}
 75537 | Tomb:3   | Identified the +2 war axe of Qadu {speed, Dex+3}
 75538 | Tomb:3   | Identified the ring "Mohuream" {rC+ MP+9}
 75545 | Tomb:3   | Identified the +1 orcbow "Haophuf" {elec, Int+3}
 75546 | Tomb:3   | Identified the amulet "Fuecohu" {Faith rElec}
 75552 | Tomb:3   | Identified the +5 ring mail "Qyluwiov" {rPois Str+2 Stlth-}
 75553 | Tomb:3   | Identified the +2 great sword of Lith {heavy, rPois rC+
                  | Str-4}
 75590 | Tomb:3   | 75590 ||| READING scroll of acquirement.
 75590 | Tomb:3   | 75590 ||| ACQUIRING 1037 gold pieces
 75590 | Tomb:3   | Acquired 1037 gold pieces
 75649 | Tomb:3   | Got a golden rune of Zot
 75652 | Tomb:3   | 75652 ||| PLANNING ABYSS
 75652 | Tomb:3   | 75652 ||| DROPPING +0 plate armour of fire resistance.
 75653 | Tomb:3   | 75653 ||| DROPPING amulet "Fuecohu" {Faith rElec}.
 75654 | Tomb:3   | 75654 ||| DROPPING ring "Mohuream" {rC+ MP+9}.
 75655 | Tomb:3   | 75655 ||| DROPPING 3 potions of lignification.
 75656 | Tomb:3   | 75656 ||| DROPPING 4 potions of attraction.
 76101 | Depths:1 | Voluntarily entered the Abyss.
 76112 | Abyss:1  | 76112 ||| Stepping ~*~*~tactically~*~*~ (stealth).
 76183 | Abyss:1  | Found a corrupted altar of Lugonu.
 76265 | Abyss:1  | 76265 ||| Stepping ~*~*~tactically~*~*~ (stealth).
 76597 | Abyss:1  | 76597 ||| Stepping ~*~*~tactically~*~*~ (stealth).
 76616 | Abyss:1  | 76616 ||| Stepping ~*~*~tactically~*~*~ (stealth).
 76618 | Abyss:1  | 76618 ||| Stepping ~*~*~tactically~*~*~ (stealth).
 76691 | Abyss:1  | 76691 ||| Stepping ~*~*~tactically~*~*~ (hiding).
 76694 | Abyss:1  | 76694 ||| Stepping ~*~*~tactically~*~*~ (hiding).
 76702 | Abyss:1  | 76702 ||| Stepping ~*~*~tactically~*~*~ (stealth).
 76704 | Abyss:1  | 76704 ||| Stepping ~*~*~tactically~*~*~ (stealth).
 76816 | Abyss:1  | 76816 ||| Stepping ~*~*~tactically~*~*~ (stealth).
 76835 | Abyss:1  | Paralysed by accursed screaming for 1 turns
 76886 | Abyss:1  | 76886 ||| Stepping ~*~*~tactically~*~*~ (hiding).
 76898 | Abyss:1  | 76898 ||| Stepping ~*~*~tactically~*~*~ (stealth).
 76938 | Abyss:1  | 76938 ||| Stepping ~*~*~tactically~*~*~ (stealth).
 77035 | Abyss:1  | 77035 ||| Stepping ~*~*~tactically~*~*~ (hiding).
 77084 | Abyss:1  | 77084 ||| Stepping ~*~*~tactically~*~*~ (stealth).
 77085 | Abyss:1  | 77085 ||| Stepping ~*~*~tactically~*~*~ (stealth).
 77086 | Abyss:1  | 77086 ||| Stepping ~*~*~tactically~*~*~ (stealth).
 77086 | Abyss:1  | Found an ancient bone altar of Kikubaaqudgha.
 77093 | Abyss:1  | 77093 ||| Stepping ~*~*~tactically~*~*~ (stealth).
 77113 | Abyss:1  | 77113 ||| Stepping ~*~*~tactically~*~*~ (hiding).
 77129 | Abyss:1  | 77129 ||| Stepping ~*~*~tactically~*~*~ (stealth).
 77130 | Abyss:1  | 77130 ||| Stepping ~*~*~tactically~*~*~ (stealth).
 77131 | Abyss:1  | 77131 ||| Stepping ~*~*~tactically~*~*~ (stealth).
 77166 | Abyss:1  | Gained mutation: Armour fits poorly on your strangely
                  | shaped body. [a neqoxec]
 77178 | Abyss:1  | 77178 ||| DRINKING 9 potions of mutation.
 77178 | Abyss:1  | Lost mutation: You have sharp toenails. [potion of
                  | mutation]
 77178 | Abyss:1  | Lost mutation: [Your magical capacity is low. (-10% MP)]
                  | [potion of mutation]
 77178 | Abyss:1  | Lost mutation: Armour fits poorly on your strangely shaped
                  | body. [potion of mutation]
 77178 | Abyss:1  | Gained mutation: You are partially covered in iridescent
                  | scales. (AC +2) [potion of mutation]
 77178 | Abyss:1  | Gained mutation: You passively dampen the noise of your
                  | surroundings. [potion of mutation]
 77178 | Abyss:1  | Gained mutation: Your spells are a little harder to cast,
                  | but a little more powerful. [potion of mutation]
 77178 | Abyss:1  | Gained mutation: Your mind is acute. (Int +4, Str/Dex -1)
                  | [potion of mutation]
 77208 | Abyss:1  | 77208 ||| Stepping ~*~*~tactically~*~*~ (stealth).
 77235 | Abyss:1  | 77235 ||| Stepping ~*~*~tactically~*~*~ (stealth).
 77237 | Abyss:1  | 77237 ||| Stepping ~*~*~tactically~*~*~ (stealth).
 77284 | Abyss:1  | Gained mutation: You have hidden genetic defects. [a
                  | neqoxec]
 77336 | Abyss:1  | 77336 ||| Stepping ~*~*~tactically~*~*~ (stealth).
 77368 | Abyss:1  | 77368 ||| Stepping ~*~*~tactically~*~*~ (stealth).
 77384 | Abyss:1  | 77384 ||| Stepping ~*~*~tactically~*~*~ (stealth).
 77386 | Abyss:1  | 77386 ||| Stepping ~*~*~tactically~*~*~ (stealth).
 77405 | Abyss:1  | Found a corrupted altar of Lugonu.
 77405 | Abyss:1  | Found a corrupted altar of Lugonu.
 77450 | Abyss:1  | Reached skill level 1 in Short Blades
 77492 | Abyss:1  | 77492 ||| INVOKING Summon Divine Warrior.
 77495 | Abyss:1  | 77495 ||| INVOKING Cleansing Flame.
 77549 | Abyss:1  | Noticed a dread lich
 77551 | Abyss:1  | 77551 ||| INVOKING Cleansing Flame.
 77555 | Abyss:1  | Killed a dread lich
 77634 | Abyss:1  | 77634 ||| Stepping ~*~*~tactically~*~*~ (stealth).
 77636 | Abyss:1  | 77636 ||| Stepping ~*~*~tactically~*~*~ (hiding).
 77637 | Abyss:1  | 77637 ||| Stepping ~*~*~tactically~*~*~ (hiding).
 77648 | Abyss:1  | Reached skill level 3 in Short Blades
 77656 | Abyss:1  | 77656 ||| Stepping ~*~*~tactically~*~*~ (stealth).
 77657 | Abyss:1  | 77657 ||| Stepping ~*~*~tactically~*~*~ (stealth).
 77686 | Abyss:1  | 77686 ||| Stepping ~*~*~tactically~*~*~ (stealth).
 77688 | Abyss:1  | 77688 ||| Stepping ~*~*~tactically~*~*~ (hiding).
 77697 | Abyss:1  | 77697 ||| Stepping ~*~*~tactically~*~*~ (stealth).
 77715 | Abyss:1  | Paralysed by accursed screaming for 1 turns
 77746 | Abyss:1  | 77746 ||| Stepping ~*~*~tactically~*~*~ (stealth).
 77751 | Abyss:1  | 77751 ||| Stepping ~*~*~tactically~*~*~ (stealth).
 77801 | Abyss:1  | Found a snail-covered altar of Cheibriados.
 77830 | Abyss:1  | Found a snail-covered altar of Cheibriados.
 77935 | Abyss:1  | 77935 ||| Stepping ~*~*~tactically~*~*~ (stealth).
 77949 | Abyss:1  | 77949 ||| Stepping ~*~*~tactically~*~*~ (stealth).
 77957 | Abyss:1  | 77957 ||| Stepping ~*~*~tactically~*~*~ (hiding).
 78016 | Abyss:1  | 78016 ||| Stepping ~*~*~tactically~*~*~ (stealth).
 78023 | Abyss:1  | 78023 ||| Stepping ~*~*~tactically~*~*~ (hiding).
 78037 | Abyss:1  | 78037 ||| Stepping ~*~*~tactically~*~*~ (hiding).
 78089 | Abyss:1  | 78089 ||| Stepping ~*~*~tactically~*~*~ (stealth).
 78117 | Abyss:1  | 78117 ||| Stepping ~*~*~tactically~*~*~ (stealth).
 78155 | Abyss:1  | 78155 ||| Stepping ~*~*~tactically~*~*~ (stealth).
 78156 | Abyss:1  | 78156 ||| Stepping ~*~*~tactically~*~*~ (stealth).
 78158 | Abyss:1  | 78158 ||| Stepping ~*~*~tactically~*~*~ (hiding).
 78183 | Abyss:1  | 78183 ||| Stepping ~*~*~tactically~*~*~ (stealth).
 78189 | Abyss:1  | 78189 ||| Stepping ~*~*~tactically~*~*~ (stealth).
 78215 | Abyss:1  | 78215 ||| Stepping ~*~*~tactically~*~*~ (stealth).
 78225 | Abyss:1  | Gained mutation: You are frail. (-10% HP) [hidden defects]
 78232 | Abyss:1  | 78232 ||| DRINKING 8 potions of mutation.
 78232 | Abyss:1  | Lost mutation: You are agile. (Dex +4, Str/Int -1) [potion
                  | of mutation]
 78232 | Abyss:1  | Lost mutation: You passively dampen the noise of your
                  | surroundings. [potion of mutation]
 78232 | Abyss:1  | Gained mutation: You have very sharp teeth. [potion of
                  | mutation]
 78233 | Abyss:1  | 78233 ||| DRINKING 7 potions of mutation.
 78233 | Abyss:1  | Lost mutation: You have very sharp teeth. [potion of
                  | mutation]
 78233 | Abyss:1  | Lost mutation: You are partially covered in iridescent
                  | scales. (AC +2) [potion of mutation]
 78233 | Abyss:1  | Gained mutation: You have large cloven feet. [potion of
                  | mutation]
 78233 | Abyss:1  | Gained mutation: You occasionally lose the ability to drink
                  | potions when taking damage. [potion of mutation]
 78234 | Abyss:1  | 78234 ||| Stepping ~*~*~tactically~*~*~ (stealth).
 78235 | Abyss:1  | 78235 ||| Stepping ~*~*~tactically~*~*~ (stealth).
 78236 | Abyss:1  | 78236 ||| Stepping ~*~*~tactically~*~*~ (stealth).
 78237 | Abyss:1  | 78237 ||| DRINKING 6 potions of mutation.
 78237 | Abyss:1  | Lost mutation: Your mind is acute. (Int +4, Str/Dex -1)
                  | [potion of mutation]
 78237 | Abyss:1  | Lost mutation: You occasionally lose the ability to drink
                  | potions when taking damage. [potion of mutation]
 78237 | Abyss:1  | Gained mutation: You occasionally lose the ability to read
                  | scrolls when taking damage. [potion of mutation]
 78237 | Abyss:1  | Gained mutation: You have a somewhat thin skeletal
                  | structure. (Dex +2, Stealth+) [potion of mutation]
 78238 | Abyss:1  | 78238 ||| DRINKING 5 potions of mutation.
 78238 | Abyss:1  | Lost mutation: Your spells are a little harder to cast, but
                  | a little more powerful. [potion of mutation]
 78238 | Abyss:1  | Lost mutation: You have hidden genetic defects. [potion of
                  | mutation]
 78238 | Abyss:1  | Gained mutation: You are agile. (Dex +4, Str/Int -1)
                  | [potion of mutation]
 78238 | Abyss:1  | Gained mutation: You have hidden genetic potential. [potion
                  | of mutation]
 78239 | Abyss:1  | 78239 ||| DRINKING 4 potions of mutation.
 78239 | Abyss:1  | Lost mutation: You are agile. (Dex +4, Str/Int -1) [potion
                  | of mutation]
 78239 | Abyss:1  | Lost mutation: You occasionally lose the ability to read
                  | scrolls when taking damage. [potion of mutation]
 78239 | Abyss:1  | Gained mutation: You are partially covered in iridescent
                  | scales. (AC +2) [potion of mutation]
 78239 | Abyss:1  | Lost mutation: You have hidden genetic potential. [potion
                  | of mutation]
 78239 | Abyss:1  | Gained mutation: You have a pair of small antennae on your
                  | head. [potion of mutation]
 78240 | Abyss:1  | 78240 ||| DRINKING 3 potions of mutation.
 78240 | Abyss:1  | Lost mutation: You are frail. (-10% HP) [potion of
                  | mutation]
 78240 | Abyss:1  | Lost mutation: You are partially covered in iridescent
                  | scales. (AC +2) [potion of mutation]
 78240 | Abyss:1  | Lost mutation: You have large cloven feet. [potion of
                  | mutation]
 78240 | Abyss:1  | Gained mutation: You are partially covered in iridescent
                  | scales. (AC +2) [potion of mutation]
 78240 | Abyss:1  | Gained mutation: You have large cloven feet. [potion of
                  | mutation]
 78249 | Abyss:1  | 78249 ||| Stepping ~*~*~tactically~*~*~ (stealth).
 78252 | Abyss:1  | 78252 ||| Stepping ~*~*~tactically~*~*~ (stealth).
 78256 | Abyss:1  | 78256 ||| Stepping ~*~*~tactically~*~*~ (stealth).
 78264 | Abyss:1  | 78264 ||| Stepping ~*~*~tactically~*~*~ (hiding).
 78266 | Abyss:1  | 78266 ||| Stepping ~*~*~tactically~*~*~ (hiding).
 78296 | Abyss:1  | Reached skill level 27 in Invocations
 78315 | Abyss:1  | 78315 ||| Stepping ~*~*~tactically~*~*~ (hiding).
 78320 | Abyss:1  | 78320 ||| Stepping ~*~*~tactically~*~*~ (hiding).
 78377 | Abyss:1  | 78377 ||| Stepping ~*~*~tactically~*~*~ (stealth).
 78411 | Abyss:1  | 78411 ||| Stepping ~*~*~tactically~*~*~ (stealth).
 78425 | Abyss:1  | 78425 ||| Stepping ~*~*~tactically~*~*~ (stealth).
 78433 | Abyss:1  | 78433 ||| Stepping ~*~*~tactically~*~*~ (hiding).
 78439 | Abyss:1  | 78439 ||| Stepping ~*~*~tactically~*~*~ (hiding).
 78483 | Abyss:1  | Found a corrupted altar of Lugonu.
 78484 | Abyss:1  | 78484 ||| DROPPING +0 helmet "Vammu" {rF+ rC++ Will+}.
 78496 | Abyss:1  | 78496 ||| Stepping ~*~*~tactically~*~*~ (stealth).
 78498 | Abyss:1  | 78498 ||| Stepping ~*~*~tactically~*~*~ (stealth).
 78500 | Abyss:1  | 78500 ||| Stepping ~*~*~tactically~*~*~ (stealth).
 78501 | Abyss:1  | 78501 ||| Stepping ~*~*~tactically~*~*~ (stealth).
 78516 | Abyss:2  | 78516 ||| Stepping ~*~*~tactically~*~*~ (stealth).
 78545 | Abyss:2  | 78545 ||| Stepping ~*~*~tactically~*~*~ (hiding).
 78547 | Abyss:2  | 78547 ||| Stepping ~*~*~tactically~*~*~ (hiding).
 78582 | Abyss:2  | 78582 ||| Stepping ~*~*~tactically~*~*~ (stealth).
 78583 | Abyss:2  | 78583 ||| Stepping ~*~*~tactically~*~*~ (stealth).
 78607 | Abyss:2  | 78607 ||| Stepping ~*~*~tactically~*~*~ (hiding).
 78664 | Abyss:2  | Found a corrupted altar of Lugonu.
 78664 | Abyss:2  | Found a corrupted altar of Lugonu.
 78664 | Abyss:2  | Found a corrupted altar of Lugonu.
 78669 | Abyss:2  | Found a corrupted altar of Lugonu.
 78708 | Abyss:2  | 78708 ||| Stepping ~*~*~tactically~*~*~ (stealth).
 78728 | Abyss:2  | 78728 ||| Stepping ~*~*~tactically~*~*~ (hiding).
 78734 | Abyss:2  | 78734 ||| Stepping ~*~*~tactically~*~*~ (hiding).
 78742 | Abyss:2  | 78742 ||| Stepping ~*~*~tactically~*~*~ (hiding).
 78802 | Abyss:2  | 78802 ||| Stepping ~*~*~tactically~*~*~ (stealth).
 78803 | Abyss:2  | 78803 ||| Stepping ~*~*~tactically~*~*~ (stealth).
 78844 | Abyss:2  | 78844 ||| Stepping ~*~*~tactically~*~*~ (hiding).
 78872 | Abyss:2  | 78872 ||| Stepping ~*~*~tactically~*~*~ (stealth).
 78878 | Abyss:2  | 78878 ||| Stepping ~*~*~tactically~*~*~ (stealth).
 78891 | Abyss:2  | 78891 ||| Stepping ~*~*~tactically~*~*~ (hiding).
 78906 | Abyss:2  | 78906 ||| Stepping ~*~*~tactically~*~*~ (hiding).
 78921 | Abyss:2  | 78921 ||| Stepping ~*~*~tactically~*~*~ (stealth).
 78939 | Abyss:2  | 78939 ||| Stepping ~*~*~tactically~*~*~ (hiding).
 79008 | Abyss:2  | 79008 ||| Stepping ~*~*~tactically~*~*~ (hiding).
 79043 | Abyss:2  | 79043 ||| Stepping ~*~*~tactically~*~*~ (stealth).
 79044 | Abyss:2  | 79044 ||| Stepping ~*~*~tactically~*~*~ (stealth).
 79053 | Abyss:2  | 79053 ||| Stepping ~*~*~tactically~*~*~ (stealth).
 79054 | Abyss:2  | 79054 ||| Stepping ~*~*~tactically~*~*~ (stealth).
 79061 | Abyss:2  | 79061 ||| Stepping ~*~*~tactically~*~*~ (hiding).
 79073 | Abyss:2  | 79073 ||| Stepping ~*~*~tactically~*~*~ (hiding).
 79131 | Abyss:2  | 79131 ||| Stepping ~*~*~tactically~*~*~ (stealth).
 79194 | Abyss:2  | 79194 ||| INVOKING Summon Divine Warrior.
 79197 | Abyss:2  | 79197 ||| INVOKING Cleansing Flame.
 79371 | Abyss:2  | Found a corrupted altar of Lugonu.
 79378 | Abyss:3  | Found a corrupted altar of Lugonu.
 79392 | Abyss:3  | 79392 ||| Stepping ~*~*~tactically~*~*~ (hiding).
 79393 | Abyss:3  | 79393 ||| Stepping ~*~*~tactically~*~*~ (hiding).
 79394 | Abyss:3  | 79394 ||| Stepping ~*~*~tactically~*~*~ (hiding).
 79395 | Abyss:3  | 79395 ||| Stepping ~*~*~tactically~*~*~ (hiding).
 79396 | Abyss:3  | 79396 ||| Stepping ~*~*~tactically~*~*~ (hiding).
 79397 | Abyss:3  | 79397 ||| Stepping ~*~*~tactically~*~*~ (hiding).
 79417 | Abyss:3  | 79417 ||| Stepping ~*~*~tactically~*~*~ (stealth).
 79442 | Abyss:3  | Found a corrupted altar of Lugonu.
 79454 | Abyss:3  | Found a corrupted altar of Lugonu.
 79454 | Abyss:3  | Found a corrupted altar of Lugonu.
 79503 | Abyss:3  | 79503 ||| Stepping ~*~*~tactically~*~*~ (stealth).
 79504 | Abyss:3  | 79504 ||| Stepping ~*~*~tactically~*~*~ (stealth).
 79599 | Abyss:3  | 79599 ||| Stepping ~*~*~tactically~*~*~ (hiding).
 79600 | Abyss:3  | 79600 ||| Stepping ~*~*~tactically~*~*~ (stealth).
 79633 | Abyss:3  | 79633 ||| Stepping ~*~*~tactically~*~*~ (stealth).
 79720 | Abyss:3  | 79720 ||| Stepping ~*~*~tactically~*~*~ (stealth).
 79730 | Abyss:3  | Found a corrupted altar of Lugonu.
 79770 | Abyss:3  | 79770 ||| FLEEEEING.
 79771 | Abyss:3  | 79771 ||| Stepping ~*~*~tactically~*~*~ (stealth).
 79772 | Abyss:3  | 79772 ||| FLEEEEING.
 79784 | Abyss:3  | 79784 ||| FLEEEEING.
 79787 | Abyss:3  | 79787 ||| Stepping ~*~*~tactically~*~*~ (stealth).
 79792 | Abyss:3  | 79792 ||| FLEEEEING.
 79794 | Abyss:3  | 79794 ||| FLEEEEING.
 79803 | Abyss:3  | 79803 ||| Stepping ~*~*~tactically~*~*~ (hiding).
 79819 | Abyss:3  | 79819 ||| FLEEEEING.
 79836 | Abyss:3  | 79836 ||| Stepping ~*~*~tactically~*~*~ (hiding).
 79837 | Abyss:3  | 79837 ||| Stepping ~*~*~tactically~*~*~ (hiding).
 79845 | Abyss:3  | Reached skill level 24 in Armour
 79877 | Abyss:3  | Gained mutation: You are extremely vulnerable to heat.
                  | (rF---) [a neqoxec]
 79923 | Abyss:4  | 79923 ||| Stepping ~*~*~tactically~*~*~ (stealth).
 79925 | Abyss:4  | 79925 ||| Stepping ~*~*~tactically~*~*~ (stealth).
 79945 | Abyss:4  | 79945 ||| Stepping ~*~*~tactically~*~*~ (cloud).
 79948 | Abyss:4  | 79948 ||| Stepping ~*~*~tactically~*~*~ (hiding).
 79984 | Abyss:4  | 79984 ||| Stepping ~*~*~tactically~*~*~ (stealth).
 79997 | Abyss:4  | 79997 ||| Stepping ~*~*~tactically~*~*~ (stealth).
 79998 | Abyss:4  | 79998 ||| Stepping ~*~*~tactically~*~*~ (stealth).
 80000 | Abyss:4  | 80000 ||| Stepping ~*~*~tactically~*~*~ (stealth).
 80001 | Abyss:4  | 80001 ||| Stepping ~*~*~tactically~*~*~ (stealth).
 80004 | Abyss:4  | 80004 ||| Stepping ~*~*~tactically~*~*~ (stealth).
 80008 | Abyss:4  | 80008 ||| Stepping ~*~*~tactically~*~*~ (stealth).
 80009 | Abyss:4  | 80009 ||| Stepping ~*~*~tactically~*~*~ (stealth).
 80011 | Abyss:4  | 80011 ||| Stepping ~*~*~tactically~*~*~ (hiding).
 80028 | Abyss:4  | 80028 ||| Stepping ~*~*~tactically~*~*~ (hiding).
 80051 | Abyss:4  | 80051 ||| Stepping ~*~*~tactically~*~*~ (hiding).
 80052 | Abyss:4  | 80052 ||| Stepping ~*~*~tactically~*~*~ (hiding).
 80054 | Abyss:4  | 80054 ||| Stepping ~*~*~tactically~*~*~ (hiding).
 80082 | Abyss:4  | 80082 ||| Stepping ~*~*~tactically~*~*~ (hiding).
 80082 | Abyss:4  | Gained mutation: You sometimes lose the ability to drink
                  | potions when taking damage. [a neqoxec]
 80083 | Abyss:4  | 80083 ||| Stepping ~*~*~tactically~*~*~ (hiding).
 80084 | Abyss:4  | 80084 ||| Stepping ~*~*~tactically~*~*~ (hiding).
 80085 | Abyss:4  | 80085 ||| Stepping ~*~*~tactically~*~*~ (hiding).
 80086 | Abyss:4  | 80086 ||| INVOKING Cleansing Flame.
 80087 | Abyss:4  | 80087 ||| INVOKING Cleansing Flame.
 80088 | Abyss:4  | 80088 ||| INVOKING Summon Divine Warrior.
 80092 | Abyss:4  | 80092 ||| INVOKING Cleansing Flame.
 80093 | Abyss:4  | 80093 ||| INVOKING Cleansing Flame.
 80126 | Abyss:4  | 80126 ||| DRINKING 2 potions of mutation.
 80126 | Abyss:4  | Lost mutation: You are partially covered in iridescent
                  | scales. (AC +2) [potion of mutation]
 80126 | Abyss:4  | Lost mutation: You have large cloven feet. [potion of
                  | mutation]
 80126 | Abyss:4  | Gained mutation: You are occasionally teleported next to
                  | monsters. [potion of mutation]
 80126 | Abyss:4  | Lost mutation: You are vulnerable to heat. (rF-) [potion of
                  | mutation]
 80129 | Abyss:4  | 80129 ||| DRINKING potion of mutation.
 80129 | Abyss:4  | Lost mutation: You have a somewhat thin skeletal structure.
                  | (Dex +2, Stealth+) [potion of mutation]
 80129 | Abyss:4  | Lost mutation: You have a pair of small antennae on your
                  | head. [potion of mutation]
 80129 | Abyss:4  | Gained mutation: You have a pair of small antennae on your
                  | head. [potion of mutation]
 80129 | Abyss:4  | Gained mutation: You occasionally lose the ability to read
                  | scrolls when taking damage. [potion of mutation]
 80129 | Abyss:4  | Gained mutation: Your flesh is heat resistant. (rF+)
                  | [potion of mutation]
 80184 | Abyss:4  | 80184 ||| Stepping ~*~*~tactically~*~*~ (hiding).
 80185 | Abyss:4  | 80185 ||| Stepping ~*~*~tactically~*~*~ (hiding).
 80191 | Abyss:4  | 80191 ||| Stepping ~*~*~tactically~*~*~ (hiding).
 80386 | Abyss:4  | Paralysed by accursed screaming for 1 turns
 80443 | Abyss:4  | Found a shadowy altar of Dithmenos.
 80528 | Abyss:5  | 80528 ||| Stepping ~*~*~tactically~*~*~ (hiding).
 80530 | Abyss:5  | 80530 ||| Stepping ~*~*~tactically~*~*~ (hiding).
 80558 | Abyss:5  | 80558 ||| Stepping ~*~*~tactically~*~*~ (stealth).
 80567 | Abyss:5  | 80567 ||| Stepping ~*~*~tactically~*~*~ (stealth).
 80570 | Abyss:5  | 80570 ||| Stepping ~*~*~tactically~*~*~ (stealth).
 80590 | Abyss:5  | Noticed an ancient lich
 80591 | Abyss:5  | 80591 ||| INVOKING Summon Divine Warrior.
 80595 | Abyss:5  | 80595 ||| INVOKING Cleansing Flame.
 80596 | Abyss:5  | 80596 ||| INVOKING Summon Divine Warrior.
 80598 | Abyss:5  | Killed an ancient lich
 80668 | Abyss:5  | 80668 ||| FLEEEEING.
 80669 | Abyss:5  | 80669 ||| FLEEEEING.
 80679 | Abyss:5  | 80679 ||| INVOKING Summon Divine Warrior.
 80688 | Abyss:5  | HP: 43/197 [hellion/damnation (26)]
 80689 | Abyss:5  | 80689 ||| DRINKING potion of heal wounds.
 80693 | Abyss:5  | 80693 ||| INVOKING Cleansing Flame.
 80698 | Abyss:5  | 80698 ||| INVOKING Summon Divine Warrior.
 80712 | Abyss:5  | 80712 ||| INVOKING Cleansing Flame.
 80718 | Depths:1 | Escaped the Abyss
 80930 | Depths:1 | Voluntarily entered the Abyss.
 80936 | Abyss:5  | 80936 ||| Stepping ~*~*~tactically~*~*~ (hiding).
 80942 | Abyss:5  | Found a corrupted altar of Lugonu.
 80946 | Abyss:5  | 80946 ||| Stepping ~*~*~tactically~*~*~ (hiding).
 80985 | Abyss:5  | 80985 ||| Stepping ~*~*~tactically~*~*~ (stealth).
 80988 | Abyss:5  | 80988 ||| Stepping ~*~*~tactically~*~*~ (stealth).
 81052 | Abyss:5  | 81052 ||| Stepping ~*~*~tactically~*~*~ (stealth).
 81057 | Abyss:5  | 81057 ||| Stepping ~*~*~tactically~*~*~ (stealth).
 81082 | Abyss:5  | 81082 ||| FLEEEEING.
 81083 | Abyss:5  | Gained mutation: Your body sometimes deteriorates upon
                  | taking damage. [a neqoxec]
 81087 | Abyss:5  | Gained mutation: You sometimes lose the ability to drink
                  | potions when taking damage. [a neqoxec]
 81129 | Abyss:5  | 81129 ||| INVOKING Cleansing Flame.
 81133 | Abyss:5  | 81133 ||| Stepping ~*~*~tactically~*~*~ (stealth).
 81136 | Abyss:5  | 81136 ||| Stepping ~*~*~tactically~*~*~ (stealth).
 81155 | Abyss:5  | Reached skill level 6 in Short Blades
 81174 | Abyss:5  | 81174 ||| Stepping ~*~*~tactically~*~*~ (stealth).
 81176 | Abyss:5  | 81176 ||| Stepping ~*~*~tactically~*~*~ (hiding).
 81198 | Abyss:5  | 81198 ||| Stepping ~*~*~tactically~*~*~ (hiding).
 81217 | Abyss:5  | 81217 ||| Stepping ~*~*~tactically~*~*~ (hiding).
 81227 | Abyss:5  | 81227 ||| Stepping ~*~*~tactically~*~*~ (hiding).
 81238 | Abyss:5  | 81238 ||| Stepping ~*~*~tactically~*~*~ (hiding).
 81239 | Abyss:5  | 81239 ||| Stepping ~*~*~tactically~*~*~ (hiding).
 81266 | Abyss:5  | Paralysed by accursed screaming for 2 turns
 81315 | Abyss:5  | 81315 ||| Stepping ~*~*~tactically~*~*~ (stealth).
 81326 | Abyss:5  | 81326 ||| Stepping ~*~*~tactically~*~*~ (hiding).
 81367 | Abyss:5  | Reached skill level 27 in Armour
 81375 | Abyss:5  | 81375 ||| Stepping ~*~*~tactically~*~*~ (stealth).
 81411 | Abyss:5  | 81411 ||| Stepping ~*~*~tactically~*~*~ (stealth).
 81413 | Abyss:5  | 81413 ||| Stepping ~*~*~tactically~*~*~ (stealth).
 81414 | Abyss:5  | 81414 ||| Stepping ~*~*~tactically~*~*~ (stealth).
 81426 | Abyss:5  | 81426 ||| Stepping ~*~*~tactically~*~*~ (stealth).
 81433 | Abyss:5  | 81433 ||| Stepping ~*~*~tactically~*~*~ (stealth).
 81462 | Abyss:5  | 81462 ||| Stepping ~*~*~tactically~*~*~ (stealth).
 81463 | Abyss:5  | 81463 ||| Stepping ~*~*~tactically~*~*~ (stealth).
 81488 | Abyss:5  | 81488 ||| Stepping ~*~*~tactically~*~*~ (hiding).
 81501 | Abyss:5  | 81501 ||| DRINKING 24 potions of curing.
 81501 | Abyss:5  | 81501 ||| (to cure confusion)
 81502 | Abyss:5  | 81502 ||| DRINKING 23 potions of curing.
 81502 | Abyss:5  | 81502 ||| (to cure confusion)
 81508 | Abyss:5  | 81508 ||| DRINKING 22 potions of curing.
 81508 | Abyss:5  | 81508 ||| (to cure confusion)
 81513 | Abyss:5  | 81513 ||| DRINKING 21 potions of curing.
 81513 | Abyss:5  | 81513 ||| (to cure confusion)
 81515 | Abyss:5  | 81515 ||| Stepping ~*~*~tactically~*~*~ (stealth).
 81516 | Abyss:5  | 81516 ||| Stepping ~*~*~tactically~*~*~ (stealth).
 81529 | Abyss:5  | 81529 ||| Stepping ~*~*~tactically~*~*~ (hiding).
 81552 | Abyss:5  | 81552 ||| DRINKING 20 potions of curing.
 81552 | Abyss:5  | 81552 ||| (to cure confusion)
 81556 | Abyss:5  | 81556 ||| INVOKING Summon Divine Warrior.
 81559 | Abyss:5  | 81559 ||| INVOKING Cleansing Flame.
 81563 | Abyss:5  | 81563 ||| DRINKING 19 potions of curing.
 81563 | Abyss:5  | 81563 ||| (to cure confusion)
 81704 | Abyss:5  | Gained mutation: You sometimes lose your temper in combat.
                  | [a neqoxec]
 81714 | Abyss:5  | Reached skill level 27 in Fighting
 81795 | Abyss:5  | 81795 ||| Stepping ~*~*~tactically~*~*~ (hiding).
 81812 | Abyss:5  | 81812 ||| Stepping ~*~*~tactically~*~*~ (hiding).
 81841 | Abyss:5  | 81841 ||| Stepping ~*~*~tactically~*~*~ (hiding).
 81842 | Abyss:5  | 81842 ||| Stepping ~*~*~tactically~*~*~ (hiding).
 81871 | Abyss:5  | 81871 ||| Stepping ~*~*~tactically~*~*~ (hiding).
 81884 | Abyss:5  | 81884 ||| Stepping ~*~*~tactically~*~*~ (hiding).
 81885 | Abyss:5  | 81885 ||| Stepping ~*~*~tactically~*~*~ (hiding).
 81888 | Abyss:5  | 81888 ||| Stepping ~*~*~tactically~*~*~ (hiding).
 81902 | Abyss:5  | 81902 ||| Stepping ~*~*~tactically~*~*~ (stealth).
 81909 | Abyss:5  | 81909 ||| Stepping ~*~*~tactically~*~*~ (hiding).
 81910 | Abyss:5  | 81910 ||| Stepping ~*~*~tactically~*~*~ (stealth).
 81911 | Abyss:5  | 81911 ||| FLEEEEING.
 81912 | Abyss:5  | 81912 ||| Stepping ~*~*~tactically~*~*~ (hiding).
 81913 | Abyss:5  | 81913 ||| Stepping ~*~*~tactically~*~*~ (hiding).
 81914 | Abyss:5  | 81914 ||| Stepping ~*~*~tactically~*~*~ (hiding).
 81935 | Abyss:5  | 81935 ||| Stepping ~*~*~tactically~*~*~ (hiding).
 81936 | Abyss:5  | 81936 ||| Stepping ~*~*~tactically~*~*~ (hiding).
 81949 | Abyss:5  | 81949 ||| FLEEEEING.
 81951 | Abyss:5  | 81951 ||| FLEEEEING.
 81984 | Abyss:5  | 81984 ||| FLEEEEING.
 81992 | Abyss:5  | 81992 ||| FLEEEEING.
 82025 | Abyss:5  | HP: 15/139 [white very ugly thing (79)]
 82026 | Abyss:5  | 82026 ||| INVOKING Summon Divine Warrior.
 82028 | Abyss:5  | Reached skill level 24 in Shields
 82031 | Abyss:5  | 82031 ||| INVOKING Summon Divine Warrior.
 82040 | Abyss:5  | HP: 9/179 [hell hog/fireball (6)]
 82041 | Abyss:5  | 82041 ||| INVOKING Cleansing Flame.
 82056 | Abyss:5  | 82056 ||| READING 14 scrolls of teleportation.
 82062 | Abyss:5  | 82062 ||| FLEEEEING.
 82101 | Abyss:5  | 82101 ||| Stepping ~*~*~tactically~*~*~ (stealth).
 82103 | Abyss:5  | 82103 ||| Stepping ~*~*~tactically~*~*~ (stealth).
 82116 | Abyss:5  | 82116 ||| INVOKING Summon Divine Warrior.
 82131 | Abyss:5  | 82131 ||| INVOKING Summon Divine Warrior.
 82211 | Abyss:5  | Gained mutation: You are often teleported next to monsters.
                  | [a neqoxec]
 82221 | Abyss:5  | 82221 ||| INVOKING Summon Divine Warrior.
 82222 | Abyss:5  | 82222 ||| READING 13 scrolls of teleportation.
 82228 | Abyss:5  | 82228 ||| INVOKING Cleansing Flame.
 82240 | Abyss:5  | 82240 ||| READING 12 scrolls of teleportation.
 82249 | Abyss:5  | Paralysed by a floating eye for 2 turns
 82252 | Abyss:5  | Paralysed by a floating eye for 4 turns
 82267 | Abyss:5  | 82267 ||| Stepping ~*~*~tactically~*~*~ (stealth).
 82325 | Abyss:5  | Gained mutation: [Your magical capacity is low. (-10% MP)]
                  | [a neqoxec]
 82328 | Abyss:5  | Found a corrupted altar of Lugonu.
 82424 | Abyss:5  | Paralysed by accursed screaming for 1 turns
 82432 | Abyss:5  | 82432 ||| INVOKING Summon Divine Warrior.
 82470 | Abyss:5  | 82470 ||| Stepping ~*~*~tactically~*~*~ (cloud).
 82517 | Abyss:5  | 82517 ||| INVOKING Summon Divine Warrior.
 82842 | Abyss:5  | Found a corrupted altar of Lugonu.
 82842 | Abyss:5  | Paralysed by accursed screaming for 1 turns
 82987 | Abyss:5  | 82987 ||| INVOKING Cleansing Flame.
 82991 | Abyss:5  | Found a corrupted altar of Lugonu.
 83047 | Abyss:5  | Reached skill level 12 in Dodging
 83059 | Abyss:5  | Paralysed by accursed screaming for 2 turns
 83062 | Depths:1 | Escaped the Abyss
 83063 | Depths:1 | 83063 ||| INVOKING Summon Divine Warrior.
 83064 | Depths:1 | 83064 ||| INVOKING Summon Divine Warrior.
 83065 | Depths:1 | 83065 ||| INVOKING Summon Divine Warrior.
 83071 | Depths:1 | 83071 ||| INVOKING Summon Divine Warrior.
 83199 | Depths:1 | Voluntarily entered the Abyss.
 83275 | Abyss:5  | 83275 ||| Stepping ~*~*~tactically~*~*~ (hiding).
 83286 | Abyss:5  | 83286 ||| INVOKING Summon Divine Warrior.
 83292 | Abyss:5  | 83292 ||| INVOKING Cleansing Flame.
 83371 | Abyss:5  | 83371 ||| INVOKING Summon Divine Warrior.
 83396 | Abyss:5  | 83396 ||| INVOKING Cleansing Flame.
 83431 | Abyss:5  | 83431 ||| Stepping ~*~*~tactically~*~*~ (hiding).
 83433 | Abyss:5  | Reached skill level 21 in Axes
 83444 | Abyss:5  | 83444 ||| Stepping ~*~*~tactically~*~*~ (stealth).
 83446 | Abyss:5  | Gained mutation: You are dopey. (Int -2) [a neqoxec]
 83467 | Abyss:5  | Gained mutation: Your spells are a little easier to cast,
                  | but a little less powerful. [a neqoxec]
 83497 | Abyss:5  | 83497 ||| FLEEEEING.
 83499 | Abyss:5  | 83499 ||| FLEEEEING.
 83507 | Abyss:5  | 83507 ||| Stepping ~*~*~tactically~*~*~ (hiding).
 83539 | Abyss:5  | 83539 ||| DRINKING 18 potions of curing.
 83539 | Abyss:5  | 83539 ||| (to cure confusion)
 83540 | Abyss:5  | 83540 ||| DRINKING 17 potions of curing.
 83540 | Abyss:5  | 83540 ||| (to cure confusion)
 83548 | Abyss:5  | 83548 ||| INVOKING Summon Divine Warrior.
 83551 | Abyss:5  | 83551 ||| INVOKING Cleansing Flame.
 83575 | Abyss:5  | Found a corrupted altar of Lugonu.
 83718 | Abyss:5  | Found a corrupted altar of Lugonu.
 83749 | Abyss:5  | 83749 ||| Stepping ~*~*~tactically~*~*~ (hiding).
 83752 | Abyss:5  | 83752 ||| Stepping ~*~*~tactically~*~*~ (hiding).
 83779 | Abyss:5  | 83779 ||| Stepping ~*~*~tactically~*~*~ (stealth).
 83781 | Abyss:5  | 83781 ||| Stepping ~*~*~tactically~*~*~ (stealth).
 83782 | Abyss:5  | 83782 ||| Stepping ~*~*~tactically~*~*~ (stealth).
 83783 | Abyss:5  | 83783 ||| Stepping ~*~*~tactically~*~*~ (stealth).
 83784 | Abyss:5  | 83784 ||| Stepping ~*~*~tactically~*~*~ (stealth).
 83806 | Abyss:5  | 83806 ||| INVOKING Cleansing Flame.
 83811 | Depths:1 | Escaped the Abyss
 83812 | Depths:1 | 83812 ||| INVOKING Summon Divine Warrior.
 83813 | Depths:1 | 83813 ||| INVOKING Summon Divine Warrior.
 83814 | Depths:1 | 83814 ||| INVOKING Summon Divine Warrior.
 83815 | Depths:1 | 83815 ||| INVOKING Summon Divine Warrior.
 83816 | Depths:1 | 83816 ||| DRINKING 2 potions of magic.
 83817 | Depths:1 | 83817 ||| INVOKING Summon Divine Warrior.
 83818 | Depths:1 | 83818 ||| INVOKING Summon Divine Warrior.
 83819 | Depths:1 | 83819 ||| INVOKING Summon Divine Warrior.
 83820 | Depths:1 | 83820 ||| DRINKING potion of magic.
 83821 | Depths:1 | 83821 ||| INVOKING Summon Divine Warrior.
 83822 | Depths:1 | 83822 ||| INVOKING Summon Divine Warrior.
 83825 | Depths:1 | HP: 40/179 [starcursed mass/accursed screaming (9)]
 83826 | Depths:1 | 83826 ||| READING 11 scrolls of teleportation.
 83943 | Depths:1 | 83943 ||| Stepping ~*~*~tactically~*~*~ (stealth).
 83951 | Depths:1 | 83951 ||| Stepping ~*~*~tactically~*~*~ (stealth).
 83985 | Depths:1 | 83985 ||| Stepping ~*~*~tactically~*~*~ (stealth).
 84161 | Depths:1 | Voluntarily entered the Abyss.
 84161 | Abyss:5  | Found a corrupted altar of Lugonu.
 84179 | Abyss:5  | 84179 ||| Stepping ~*~*~tactically~*~*~ (stealth).
 84180 | Abyss:5  | 84180 ||| Stepping ~*~*~tactically~*~*~ (stealth).
 84223 | Abyss:5  | 84223 ||| Stepping ~*~*~tactically~*~*~ (stealth).
 84226 | Abyss:5  | 84226 ||| Stepping ~*~*~tactically~*~*~ (stealth).
 84265 | Abyss:5  | 84265 ||| INVOKING Summon Divine Warrior.
 84276 | Abyss:5  | Gained mutation: Armour fits poorly on your strangely
                  | shaped body. [a neqoxec]
 84286 | Abyss:5  | Gained mutation: You are frail. (-10% HP) [a neqoxec]
 84300 | Abyss:5  | 84300 ||| READING 10 scrolls of teleportation.
 84320 | Abyss:6  | 84320 ||| DRINKING 2 potions of cancellation.
 84371 | Abyss:6  | Noticed a dread lich
 84372 | Abyss:6  | 84372 ||| INVOKING Summon Divine Warrior.
 84373 | Abyss:6  | HP: 34/179 [smoke demon/divine providence (12)]
 84374 | Abyss:6  | 84374 ||| READING 9 scrolls of teleportation.
 84377 | Abyss:6  | Paralysed by a dread lich for 4 turns
 84378 | Abyss:6  | HP: 41/179 [white very ugly thing (9)]
 84378 | Abyss:6  | HP: 16/179 [white very ugly thing (25)]
 84380 | Abyss:6  | Mangled by a white very ugly thing

Levels and vault maps discovered:
D:1:      dpeg_arrival_rooms_c, layout_rooms
D:2:      layout_rooms, grunt_ministairs_4, minmay_tetromino_t4
D:3:      layout_basic, mainiacjoe_overflow_concentric_impassable,
          ashenzari_conservatory_becter,
          shapermc_ecumenical_altar_mp_ritualfount, uniq_grinder
D:4:      dreamdust_elfheim, layout_gridville, grunt_ministairs_13, uniq_ijyb
D:5:      layout_loops_corners, mainiacjoe_overflow_six_doors_small, minitemple,
          lemuel_round_altar, minmay_temple_entry_steel_oval
D:6:      layout_cave_pools, gup_sewer_entry_pipe, kennysheep_decorative_pillar
D:7:      layout_gridville, skrybe_limestone_x
D:8:      layout_cave_pools, hangedman_minor_gate_pass, uniq_erica
D:9:      layout_stronghold
D:10:     layout_basic, lair_entry_dummy, minmay_misc_feat_roman,
          kennysheep_flooded_box, uniq_maggie, uniq_fannar
D:11:     layout_basic, orc_0_dummy, hangedman_decor_opposing,
          hangedman_parallel_progression, uniq_gastronok, uniq_psyche
D:12:     layout_cave_pools, serial_shops, nicolae_shop_bloodbath_and_beyond,
          gauntlet_entry_generic, minmay_misc_feat_hallway
D:13:     layout_grid_maze, grunt_vaults_entry_tiered,
          ebering_ghost_reflecting_pool, minmay_lizard_king
D:14:     layout_long_grid, nemelex_xobeh_ov_fountains_minmay,
          okawaru_ov_weapons_minmay, uniq_nessos
D:15:     gammafunk_enter_depths_forms, layout_loops_ring, minmay_crystal_water,
          serial_shops, shop
Temple:   regret_index_temple_generic_petals
Lair:1:   layout_gridlike, grunt_forest_small_clearing_treed,
          grunt_megastairs_1, uniq_sonja
Lair:2:   layout_hall_layers, dummy_snake_entry, infiniplex_staircase_pool
Lair:3:   nzn_winding_woodlands_huge [nzn_winding_woodlands_5x15_river_crossing,
          nzn_winding_woodlands_5x15_lazy_stream,
          nzn_winding_woodlands_5x15_twine, nzn_winding_woodlands_5x15_default,
          nzn_winding_woodlands_5x15_crooked,
          nzn_winding_woodlands_5x15_sidewinder,
          nzn_winding_woodlands_5x15_concentric,
          nzn_winding_woodlands_5x15_zeroes,
          nzn_winding_woodlands_5x15_split_checker,
          nzn_winding_woodlands_5x15_longhouse,
          nzn_winding_woodlands_center_pierced_h,
          nzn_winding_woodlands_center_garden,
          nzn_winding_woodlands_15x15_thick_spiral], layout_chaotic_city,
          swamp_mist, portal_ice_cave_rime, basic_altar
Lair:4:   layout_long_grid, beast_lair_carwin_9
Lair:5:   evil_forest, layout_hall_layers, slime_entry_2,
          nicolae_volcano_entry_s_turn, grunt_forest_small_clearings,
          grunt_megastairs_3
Swamp:1:  layout_falls_marsh, serial_swamp_ruin, evilmike_swamp_ruin_house_2,
          evilmike_swamp_ruin_house_3, evilmike_swamp_ruin_house_4, swamp_pool3,
          nicolae_swamp_necromancy_gone_wrong
Swamp:2:  layout_basic_swamp, evilmike_swamp_ruin_house_1,
          nicolae_swamp_tree_designs
Swamp:3:  layout_basic_swamp, evilmike_swamp_ruin_house_5
Swamp:4:  grunt_swamp_rune_castle, layout_basic_swamp, uniq_mara
Snake:1:  layout_basic, serial_shops, shop, corexii_hall_statues_t,
          nicolae_snake_double_loop, minmay_shop_star
Snake:2:  layout_cave_town, basic_altar, grunt_megastairs_2, uniq_vashnia,
          uniq_kirke
Snake:3:  layout_rooms, serial_bayou_shore_a, uniq_jorgrun
Snake:4:  snake_pit, layout_rooms, serial_bayou_shore_b
Slime:1:  layout_caves
Slime:2:  layout_caves
Slime:3:  layout_caves
Slime:4:  layout_caves
Slime:5
Orc:1:    dreamdust_wu_jian_sword_trials, layout_caves, david_defended_altar_orc
Orc:2:    grunt_orc_tribal_feast, layout_caves
Vaults:1: portal_desolation_entry_salt, nicolae_vaults_tetromino_L_1,
          vaults_room_door_hall, grunt_vaults_twisty, vaults_room_grid,
          nicolae_vaults_trapezoid_lopsided_1, hangedman_vaults_hat, v_misc_3,
          nicolae_vaults_hallways_thing, hangedman_vaults_maws,
          hangedman_vaults_snaps, nicolae_vaults_diamond_1,
          layout_vaults_omnicross
Vaults:2: v_misc_5, nicolae_vaults_little_squares_6, v_misc_28,
          nicolae_vaults_lightning_bolt, minmay_crypt_entry_simple_sparse,
          vaults_mumra_lcd, hangedman_vaults_river_flow,
          nicolae_vaults_closet_pinwheel_2, nicolae_vaults_trapezoid_4,
          nicolae_vaults_offset_grid_hallway_3, hangedman_vaults_stagger,
          nicolae_vaults_storage_room_glass, dpeg_vaults_hating_casters,
          nicolae_vaults_tetromino_Z_1, layout_vaults_ring, serial_shops, shop,
          shop, nicolae_shop_pleasant_corner_grove, shop, nicolae_shop_stone
Vaults:3: nicolae_vaults_trapezoid_2, v_misc_3, ontoclasm_vaults_tryst,
          grunt_vaults_trifunnel, hangedman_vaults_locks,
          nicolae_vaults_network_periphery, nicolae_vaults_cochlea,
          nicolae_vaults_shelves_hall, layout_vaults_maze_bifur,
          uniq_saint_roka, uniq_mennas
Vaults:4: vaults_room_door_ring, nicolae_vaults_little_squares_6,
          ontoclasm_vaults_misaligned, nicolae_vaults_tetromino_L_1,
          nicolae_vaults_sesquioval_fish, nicolae_vaults_little_squares_3,
          nicolae_vaults_heart-shaped_vault, ontoclasm_vaults_loading_screen,
          dpeg_vaults_monster_row, layout_vaults_chaotic_city, serial_shops,
          nicolae_lakefront_shop
Vaults:5: serial_shops
Crypt:1:  layout_gridlike, st_stairs_12, hex_large, uniq_zenata, uniq_vv,
          uniq_margery
Crypt:2:  layout_chaotic_city, basic_altar
Crypt:3:  david_glass_crypt, layout_rooms
Tomb:1
Tomb:2
Tomb:3
Depths:1: layout_roguey, abyss_entry, hell_entry, grunt_pan_entry_spiral,
          evilmike_ambush [evilmike_ambush_outer_corners,
          evilmike_ambush_inner_wall_1], kennysheep_random_hallway,
          serial_bayou_shore_b, firewood_loft
Depths:2: kennysheep_ogre_elephant_herders, layout_basic, pf_coc_iceberg,
          nicolae_titane, grunt_pan_entry_zigzag, abyss_entry_small_statue_room,
          minmay_staircase_windowed_large, serial_bayou_shore_b
Depths:3: minmay_the_grid_triangle_9x9_recursive_3_mashed
          [minmay_the_grid_triangle_9x9_sparse_checkered,
          minmay_the_grid_triangle_9x9_minimal,
          minmay_the_grid_triangle_9x9_thin_v,
          minmay_the_grid_triangle_9x9_prize_insulated,
          minmay_the_grid_triangle_9x9_corruption,
          minmay_the_grid_triangle_9x9_impossible_snake,
          minmay_the_grid_triangle_9x9_from_above,
          minmay_the_grid_triangle_9x9_subtriangle,
          minmay_the_grid_triangle_9x9_windchime], layout_long_grid, hell_entry,
          serial_shops, nicolae_shop_pleasant_corner_grove, abyss_entry,
          infiniplex_staircase_9_rooms, minmay_shop_grove
Depths:4: grunt_x_marks_the_spot, layout_honeycomb, enter_ziggurat_a,
          hex_medium, pf_vacation_house_of_asmodeus,
          nicolae_abyss_entry_one_way_or_another, serial_shops,
          nicolae_shop_hallway_plus, uniq_sojobo
Zot:1:    nicolae_zot_draconian_monastery, layout_basic,
          ebering_ghost_reflecting_pool
Zot:2:    layout_onion_interference, drop_trap
Zot:3:    layout_gridlike, zot_minivault_1
Zot:4:    layout_onion_interference
Abyss:6:  base: Orc:2, nicolae_abyss_rune_star_stuff

Skill      XL: |  1  2  3  4  5  6  7  8  9 10 11 12 13 14 15 16 17 18 19 20 21 22 23 24 25 26 27 |
---------------+----------------------------------------------------------------------------------+-----
Axes           | 2 3 5 6 7 8 10 11 12 13 15 17 18 22 | 22.5
Dodging        | 1 2 3 4 5 6 7 8 10 13 | 13.0
Fighting       | 4 5 6 7 8 9 10 11 12 13 15 17 18 19 20 22 24 25 26 27 | 27.0
Armour         | 4 5 6 7 8 9 10 11 12 14 15 17 18 20 21 22 27 | 27.0
Invocations    | 2 4 7 10 14 27 | 27.0
Shields        | 4 6 7 11 13 15 16 19 20 21 22 25 | 25.0
Throwing       | 3 4 5 6 7 10 11 12 13 15 | 15.0
Short Blades   | 8 |  8.1

Action                     |  1- 3 |  4- 6 |  7- 9 | 10-12 | 13-15 | 16-18 | 19-21 | 22-24 | 25-27 || total
---------------------------+-------+-------+-------+-------+-------+-------+-------+-------+-------++-------
  Melee: War axe           |   127 |   164 |   310 |   275 |       |       |       |       |       ||   876
         Broad axe         |       |       |       |   170 |   962 |  1560 |  1576 |  1671 |  3938 ||  9877
         Morningstar       |       |       |       |       |    40 |       |       |       |       ||    40
         Demon whip        |       |       |       |       |    11 |       |       |       |       ||    11
  Throw: Javelin           |       |       |       |    48 |   145 |   152 |    68 |    99 |   108 ||   620
         Boomerang         |       |       |       |       |    99 |    72 |    47 |    49 |   819 ||  1086
 Invoke: Heroism           |       |       |     8 |    17 |    23 |    34 |    23 |    46 |    18 ||   169
         Finesse           |       |       |       |     2 |     7 |     4 |     7 |     8 |     1 ||    29
         Cleansing Flame   |       |       |       |       |       |       |       |       |    92 ||    92
         Summon Divine War |       |       |       |       |       |       |       |       |    47 ||    47
         Brand Weapon With |       |       |       |       |       |       |       |       |     1 ||     1
    Use: Scroll            |       |     8 |     8 |     7 |     7 |     6 |     4 |     2 |    18 ||    60
         Potion            |       |     4 |       |     3 |     1 |       |     3 |     2 |    36 ||    49
   Stab: Petrifying        |       |       |       |       |     2 |       |       |       |       ||     2
         Petrified         |       |       |       |       |     1 |       |       |       |       ||     1
         Distracted        |       |       |       |       |       |       |     1 |       |       ||     1
 Armour: Scale mail        |    86 |    81 |       |       |       |       |       |       |       ||   167
         Plate armour      |       |       |   236 |   215 |   261 |   410 |       |       |       ||  1122
         Gold dragon scale |       |       |       |       |       |    63 |   553 |   479 |  1080 ||  2175
         Acid dragon scale |       |       |       |       |       |       |       |       |    50 ||    50
  Dodge: Dodged            |    65 |    74 |   123 |   197 |   289 |   479 |   409 |   394 |  1415 ||  3445
         Repelled          |       |       |       |       |       |    33 |    26 |    17 |       ||    76
  Block: Buckler           |    31 |    31 |    69 |   124 |    83 |       |       |       |       ||   338
         Kite shield       |       |       |       |       |   165 |   524 |       |       |       ||   689
         Tower shield      |       |       |       |       |       |    65 |  1123 |  1092 |  2997 ||  5277

Table legend:
 A = Non-vault XP
 B = Vault XP
 C = Vault XP percentage of total XP
 D = Non-vault monster count
 E = Vault monster count
 F = Vault count percentage of total count
                 A         B        C        D         E       F
            +---------+---------+-------+---------+---------+-------
      Total | 1498562 |  827300 |  35.6 |    2905 |    1095 |  27.4
            +---------+---------+-------+---------+---------+-------
        D:1 |      46 |       0 |   0.0 |      26 |       0 |   0.0
        D:2 |      46 |      10 |  17.9 |      14 |       6 |  30.0
        D:3 |      51 |     281 |  84.6 |      17 |       1 |   5.6
        D:4 |      36 |      42 |  53.8 |      15 |       3 |  16.7
        D:5 |     708 |       0 |   0.0 |      22 |       0 |   0.0
        D:6 |    1071 |       8 |   0.7 |      19 |       4 |  17.4
        D:7 |    2156 |       0 |   0.0 |      35 |       0 |   0.0
        D:8 |    2212 |    3993 |  64.4 |      24 |       9 |  27.3
        D:9 |    3634 |       0 |   0.0 |      24 |       0 |   0.0
       D:10 |    2935 |    1281 |  30.4 |      19 |       2 |   9.5
       D:11 |    8629 |    7322 |  45.9 |      38 |      49 |  56.3
       D:12 |    4982 |       0 |   0.0 |      20 |       0 |   0.0
       D:13 |    5703 |    7753 |  57.6 |      20 |      32 |  61.5
       D:14 |   17696 |    1042 |   5.6 |      35 |       1 |   2.8
       D:15 |   14300 |    8300 |  36.7 |      36 |      11 |  23.4
     Lair:1 |    8902 |    2385 |  21.1 |      32 |      10 |  23.8
     Lair:2 |    8751 |       0 |   0.0 |      29 |       0 |   0.0
     Lair:3 |    5017 |   23771 |  82.6 |      22 |      66 |  75.0
     Lair:4 |    5367 |    1141 |  17.5 |      18 |       6 |  25.0
     Lair:5 |   15203 |   15209 |  50.0 |      40 |      39 |  49.4
    Swamp:1 |   11630 |     614 |   5.0 |      28 |       2 |   6.7
    Swamp:2 |   14311 |       0 |   0.0 |      33 |       0 |   0.0
    Swamp:3 |   13892 |       0 |   0.0 |      24 |       0 |   0.0
    Swamp:4 |   12822 |   27042 |  67.8 |      20 |      34 |  63.0
    Snake:1 |   11823 |       0 |   0.0 |      26 |       0 |   0.0
    Snake:2 |   14233 |   12679 |  47.1 |      31 |      21 |  40.4
    Snake:3 |   25648 |    1941 |   7.0 |      51 |       1 |   1.9
    Snake:4 |   21172 |   26288 |  55.4 |      42 |      40 |  48.8
    Slime:1 |    7656 |       0 |   0.0 |      15 |       0 |   0.0
    Slime:2 |    6978 |       0 |   0.0 |      12 |       0 |   0.0
    Slime:3 |   10842 |       0 |   0.0 |      22 |       0 |   0.0
    Slime:4 |   15593 |       0 |   0.0 |      21 |       0 |   0.0
    Slime:5 |   16063 |   24984 |  60.9 |      38 |      18 |  32.1
      Orc:1 |    4513 |     125 |   2.7 |      43 |       3 |   6.5
      Orc:2 |    5156 |    7012 |  57.6 |      34 |      30 |  46.9
   Vaults:1 |    3233 |   20200 |  86.2 |       8 |      26 |  76.5
   Vaults:2 |   27103 |   20501 |  43.1 |      36 |      27 |  42.9
   Vaults:3 |   27566 |   22449 |  44.9 |      40 |      34 |  45.9
   Vaults:4 |   40271 |   14819 |  26.9 |      52 |      17 |  24.6
   Vaults:5 |   32286 |   93407 |  74.3 |      50 |      83 |  62.4
    Crypt:1 |   18534 |    5419 |  22.6 |      32 |       3 |   8.6
    Crypt:2 |   33059 |       0 |   0.0 |      50 |       0 |   0.0
    Crypt:3 |   33364 |    9809 |  22.7 |      38 |      10 |  20.8
     Tomb:1 |    4076 |   97783 |  96.0 |      15 |      59 |  79.7
     Tomb:2 |   17456 |   52313 |  75.0 |      37 |      66 |  64.1
     Tomb:3 |   15903 |   98324 |  86.1 |      35 |      99 |  73.9
   Depths:1 |   30496 |   25041 |  45.1 |      38 |      32 |  45.7
   Depths:2 |   47212 |    4940 |   9.5 |      60 |       8 |  11.8
   Depths:3 |   17965 |   39288 |  68.6 |      23 |      30 |  56.6
   Depths:4 |   14793 |   25005 |  62.8 |      11 |      19 |  63.3
      Zot:1 |    5522 |   22706 |  80.4 |       5 |      22 |  81.5
      Zot:2 |   37152 |       0 |   0.0 |      32 |       0 |   0.0
      Zot:3 |   42161 |   16657 |  28.3 |      34 |      13 |  27.7
      Zot:4 |   46762 |       0 |   0.0 |      40 |       0 |   0.0
    Abyss:1 |  116880 |       0 |   0.0 |     227 |       0 |   0.0
    Abyss:2 |   44764 |       0 |   0.0 |      94 |       0 |   0.0
    Abyss:3 |   27978 |       0 |   0.0 |      58 |       0 |   0.0
    Abyss:4 |   59015 |    2724 |   4.4 |     116 |       2 |   1.7
    Abyss:5 |  438262 |   40709 |   8.5 |     801 |      57 |   6.6
    Abyss:6 |   16972 |       0 |   0.0 |      28 |       0 |   0.0
      Sewer |       0 |     150 | 100.0 |       0 |       6 | 100.0
 Desolation |       0 |   37449 | 100.0 |       0 |      75 | 100.0
   Gauntlet |       0 |    4384 | 100.0 |       0 |      19 | 100.0
            +---------+---------+-------+---------+---------+-------
